Workbook
Name NvsASD: "V2018-03-31"
Name NvsAutoDrillOk: "VN"
Name NvsDateToNumber: "Y"
Name NvsDrillHyperLink: "https://jcspa.jeffco.k12.co.us/psp/PA92PRD_newwin/EMPLOYEE/PSFT_EP/c/REPORT_BOOKS.IC_RUN_DRILLDOWN.GBL?Action=A&NVS_INSTANCE=5118522_7639454"
Name NvsElapsedTime: 0.0000462962925666943
Name NvsEndTime: 43179.2764236111
Name NvsInstanceHook: CollapseNplosionMacro
Name NvsInstLang: "VENG"
Name NvsInstSpec: "%,FDEPTID,V55800"
Name NvsInstSpec1: ","
Name NvsInstSpec2: ","
Name NvsInstSpec3: ","
Name NvsInstSpec4: ","
Name NvsInstSpec5: ","
Name NvsInstSpec6: ","
Name NvsInstSpec7: ","
Name NvsInstSpec8: ","
Name NvsInstSpec9: ","
Name NvsLayoutType: "M3"
Name NvsNplSpec: "%,X,RPT.ACCOUNT.,CZF.."
Name NvsPanelEffdt: "V1900-01-01"
Name NvsPanelSetid: "VGF020"
Name NvsReqBU: "VGF020"
Name NvsReqBUOnly: "VY"
Name NvsSheetType: "M"
Name NvsTransLed: "VN"
Name NvsTreeASD: "V2018-03-31"
Name NvsValTbl.ACCOUNT: "GL_ACCOUNT_TBL"
Name NvsValTbl.BUDGET_YEAR: "BUDGET_YEAR"
Name NvsValTbl.BUSINESS_UNIT: "BUS_UNIT_TBL_GL"
Name NvsValTbl.FUND_CODE: "FUND_TBL"
Name NvsValTbl.PROGRAM_CODE: "PROGRAM_TBL"
Name PED: Sheet1!$DA$4

Sheet Sheet1
B1: %,AFF,FACCOUNT | C1: %,AFT,FDESCR | D1: %,VCA020 | E1: %,VCC020 | F1: %,VFS020 | G1: %,VGF020 | H1: %,VGS020 | I1: %,LACTUALS,SALLYEAR-1,FFUND_CODE,X,VCA020,VFS020,VGF020,VGS020,VIR020,VCC020 | K1: %,VCR020 | L1: %,VDS020 | M1: %,LACTUALS,SALLYEAR-1,FFUND_CODE,X,VCR020,VDS020 | O1: %,LACTUALS,SALLYEAR-1 | Q1: %,LREVEST_BD,UPOSTED_TOTAL_AMT,SADJBAL,FACCOUNT,TACCOUNT_ROLLUP,NREVENUE | R1: %,LORG_BD,UPOSTED_TOTAL_AMT,SADJBAL,R,FACCOUNT,TACCOUNT_ROLLUP,XDYYNYN00,NTRANSFERS | S1: %,C | U1: %,V512100 | V1: %,V513100 | W1: %,V521100 | X1: %,V521900 | Y1: %,V522200 | Z1: %,V524200 | AA1: %,V526200 | AB1: %,V529200 | AC1: %,V529400 | AD1: %,V529500 | AE1: %,V529600 | AF1: %,V529800 | AG1: %,V552100 | AH1: %,V557100 | AI1: %,V557600 | AJ1: %,V591100 | AK1: %,V599400 | AL1: %,V599810 | AM1: %,V599820 | AN1: %,V599830 | AO1: %,V699000 | AP1: %,V701000 | AQ1: %,V702000 | AR1: %,V708000 | AS1: %,V710000 | AT1: %,V713000 | AU1: %,V715000 | AV1: %,V721000 | AW1: %,V723000 | AX1: %,V731000 | AY1: %,V743000 | AZ1: %,V745000 | BA1: %,V745500 | BB1: %,V746000 | BC1: %,V752000 | BD1: %,V761000 | BE1: %,V764000 | BF1: %,V765000 | BG1: %,V766000 | BH1: %,V768000 | BI1: %,V769000 | BJ1: %,V770000 | BK1: %,V770800 | BL1: %,V775000 | BM1: %,V781000 | BN1: %,V781500 | BO1: %,V804000 | BP1: %,V805000 | BQ1: %,V806000 | BR1: %,V810000 | BS1: %,V810001 | BT1: %,V812000 | BU1: %,V814000 | BV1: %,V820000 | BW1: %,V820001 | BX1: %,V822000 | BY1: %,V823000 | BZ1: %,V824000 | CA1: %,V826000 | CB1: %,V840000 | CC1: %,V870000 | CD1: %,V885000 | CE1: %,V889000 | CF1: %,V914000 | CG1: %,V930000 | CH1: %,V950000 | CI1: %,LORG_BD,UPOSTED_TOTAL_AMT,SADJBAL,R,FACCOUNT,TACCOUNT_ROLLUP,XDYYNYN00,NEXPENDITURE | CK1: %,VCA020 | CL1: %,VCC020 | CM1: %,VGF020 | CN1: %,VGS020 | CO1: %,LACTUALS,SYTD,FFUND_CODE,X,VCA020,VFS020,VGF020,VGS020,VIR020,VCC020 | CQ1: %,VCR020 | CR1: %,VDS020 | CS1: %,LACTUALS,SYTD,FFUND_CODE,X,VCR020,VDS020 | CU1: %,LACTUALS,SYTD | CV1: %,C | CW1: %,C
B2: Jefferson County Public Schools | CO2: Lincoln Academy Charter School | DA2: 558OPC
B3: Charter Schools
B4: Lincoln Academy Charter School | CO4: Financials 07/01/17 - 03/20/18 | DA4: 43190
B5: ="Report ID: "&DA2 -> Report ID: 558OPC | CZ5: 55800
B6: For Accounting Period: | CO6: Board February 12, 2018 | CZ6: Lincoln Academy Charter School
B7: 43190
A8: %,ATF,FFUND_CODE | B8: Account | D8: CA020 | E8: CC020 | F8: FS020 | G8: GF020 | H8: GS020 | I8: Prior Year | K8: CR020 | L8: DS020 | M8: Prior Year | O8: Prior Year | CK8: CA020 | CL8: CC020 | CM8: GF020 | CN8: GS020 | CO8: Current Year | CQ8: CR020 | CR8: DS020 | CS8: Current Year | CU8: Current Year
A9: %,ATF,FDESCR | B9: Number | C9: Description | D9: Charter School Campus Activity | E9: Charter School Child Care Fund | F9: Charter School Food Service | G9: Charter School General Fund | H9: Charter School Grant Fund | I9: Operational Funds | K9: Charter School Capital Reserve | L9: Charter School Debt Service | M9: Capital Funds | O9: Total | S9: Estimated Revenue | U9: Principal | V9: Assistant Principal | W9: Teacher | X9: Substitute Teacher | Y9: Teacher Librarian | Z9: Coordinator - Classified | AA9: Instructional Coach | AB9: Occupational Therapist | AC9: Nurse | AD9: Psychologist | AE9: Social Worker | AF9: Speech Therapist | AG9: School Secretary | AH9: Paraprofessional | AI9: Clinic Aides | AJ9: Custodian | AK9: Unused Sick Leave | AL9: Additional Pay - Certificated | AM9: Additional Pay-Classified | AN9: Additional Pay-Administrative | AO9: Employee Benefits | AP9: Mileage And Travel | AQ9: Employee Training & Conf | AR9: Employee Background Verificatn | AS9: Meals/Refreshments | AT9: Student Transportation | AU9: Student Admission/Entry Fees | AV9: Legal Fees | AW9: Printing | AX9: Contracted Services | AY9: Equipment Rental | AZ9: Contract Maint/Eq Repair | BA9: Technology Services | BB9: Const Maint/Repair-Bldg | BC9: Marketing - Advertising | BD9: Natural Gas | BE9: Electricity | BF9: Voice Communication Line | BG9: Water & Sanitation | BH9: Postage | BI9: Permits/Licenses/Fees | BJ9: Risk Management Charges | BK9: Unemployment Comp Insur | BL9: Community Relations | BM9: Lease Purch-Other-Principal | BN9: Lease Purch-Other-Interest | BO9: Fund Raising | BP9: Materials/Supplies-Other | BQ9: Materials/Supplies Resale | BR9: Office Material/Supplies | BS9: Office Equipment - Under $5K | BT9: Clinic Supplies/Materials | BU9: Custodial Supplies | BV9: Instructional Material/Supply | BW9: Instructional Equip-Under $5K | BX9: Textbooks | BY9: Copier Usage | BZ9: Testing Materials | CA9: Graduation Materials | CB9: Maint Materials/Supplies | CC9: Library Materials | CD9: Miscellaneous Expense | CE9: Consumable Supplies | CF9: Vehicles - Utility Fleet | CG9: Building Improvements | CH9: Transfers | CI9: Budget | CK9: Charter School Campus Activity | CL9: Charter School Child Care Fund | CM9: Charter School General Fund | CN9: Charter School Grant Fund | CO9: Operational Funds | CQ9: Charter School Capital Reserve | CR9: Charter School Debt Service | CS9: Capital Funds | CU9: Total | CV9: Variance | CW9: Percent Spent
C11: Prior Year Carryforward | I11: 2574893.6 | O11: 2574893.6 | CK11: 66708.76 | CL11: 83539.84 | CM11: 1713338 | CN11: 0 | CO11: 1863586.6 | CQ11: 0 | CR11: 781817.1 | CS11: 781817.1 | CU11: 2645403.7
A13: %,V401000 | B13: 401000 | C13: Commissions/Profits | D13: 207.2 | E13: 0 | F13: 0 | G13: 0 | H13: 0 | I13: 207.2 | K13: 0 | L13: 0 | M13: 0 | O13: 207.2 | Q13: -18000 | R13: 0 | S13: =-1*(Q13+R13) -> 18000 | U13: 0 | V13: 0 | W13: 0 | X13: 0 | Y13: 0 | Z13: 0 | AA13: 0 | AB13: 0 | AC13: 0 | AD13: 0 | AE13: 0 | AF13: 0 | AG13: 0 | AH13: 0 | AI13: 0 | AJ13: 0 | AK13: 0 | AL13: 0 | AM13: 0 | AN13: 0 | AO13: 0 | AP13: 0 | AQ13: 0 | AR13: 0 | AS13: 0 | AT13: 0 | AU13: 0 | AV13: 0 | AW13: 0 | AX13: 0 | AY13: 0 | AZ13: 0 | BA13: 0 | BB13: 0 | BC13: 0 | BD13: 0 | BE13: 0 | BF13: 0 | BG13: 0 | BH13: 0 | BI13: 0 | BJ13: 0 | BK13: 0 | BL13: 0 | BM13: 0 | BN13: 0 | BO13: 0 | BP13: 0 | BQ13: 0 | BR13: 0 | BS13: 0 | BT13: 0 | BU13: 0 | BV13: 0 | BW13: 0 | BX13: 0 | BY13: 0 | BZ13: 0 | CA13: 0 | CB13: 0 | CC13: 0 | CD13: 0 | CE13: 0 | CF13: 0 | CG13: 0 | CH13: 0 | CI13: 0 | CK13: 2446.62 | CL13: 0 | CM13: 9421.27 | CN13: 0 | CO13: 11867.89 | CQ13: 0 | CR13: 0 | CS13: 0 | CU13: 11867.89 | CV13: =S13-CU13 -> 6132.11 | CW13: =IF(S13=0,"n/a",CU13/(S13)) -> 0.65932722
A14: %,V401400 | B14: 401400 | C14: Ticket Sales | D14: 862 | E14: 0 | F14: 0 | G14: 0 | H14: 0 | I14: 862 | K14: 0 | L14: 0 | M14: 0 | O14: 862 | Q14: -1044 | R14: 0 | S14: =-1*(Q14+R14) -> 1044 | U14: 0 | V14: 0 | W14: 0 | X14: 0 | Y14: 0 | Z14: 0 | AA14: 0 | AB14: 0 | AC14: 0 | AD14: 0 | AE14: 0 | AF14: 0 | AG14: 0 | AH14: 0 | AI14: 0 | AJ14: 0 | AK14: 0 | AL14: 0 | AM14: 0 | AN14: 0 | AO14: 0 | AP14: 0 | AQ14: 0 | AR14: 0 | AS14: 0 | AT14: 0 | AU14: 0 | AV14: 0 | AW14: 0 | AX14: 0 | AY14: 0 | AZ14: 0 | BA14: 0 | BB14: 0 | BC14: 0 | BD14: 0 | BE14: 0 | BF14: 0 | BG14: 0 | BH14: 0 | BI14: 0 | BJ14: 0 | BK14: 0 | BL14: 0 | BM14: 0 | BN14: 0 | BO14: 0 | BP14: 0 | BQ14: 0 | BR14: 0 | BS14: 0 | BT14: 0 | BU14: 0 | BV14: 0 | BW14: 0 | BX14: 0 | BY14: 0 | BZ14: 0 | CA14: 0 | CB14: 0 | CC14: 0 | CD14: 0 | CE14: 0 | CF14: 0 | CG14: 0 | CH14: 0 | CI14: 0 | CK14: 1372 | CL14: 0 | CM14: 0 | CN14: 0 | CO14: 1372 | CQ14: 0 | CR14: 0 | CS14: 0 | CU14: 1372 | CV14: =S14-CU14 -> -328 | CW14: =IF(S14=0,"n/a",CU14/(S14)) -> 1.3141762
A15: %,V408000 | B15: 408000 | C15: Resale | D15: 11918.47 | E15: 0 | F15: 0 | G15: 60 | H15: 0 | I15: 11978.47 | K15: 0 | L15: 0 | M15: 0 | O15: 11978.47 | Q15: -18797 | R15: 0 | S15: =-1*(Q15+R15) -> 18797 | U15: 0 | V15: 0 | W15: 0 | X15: 0 | Y15: 0 | Z15: 0 | AA15: 0 | AB15: 0 | AC15: 0 | AD15: 0 | AE15: 0 | AF15: 0 | AG15: 0 | AH15: 0 | AI15: 0 | AJ15: 0 | AK15: 0 | AL15: 0 | AM15: 0 | AN15: 0 | AO15: 0 | AP15: 0 | AQ15: 0 | AR15: 0 | AS15: 0 | AT15: 0 | AU15: 0 | AV15: 0 | AW15: 0 | AX15: 0 | AY15: 0 | AZ15: 0 | BA15: 0 | BB15: 0 | BC15: 0 | BD15: 0 | BE15: 0 | BF15: 0 | BG15: 0 | BH15: 0 | BI15: 0 | BJ15: 0 | BK15: 0 | BL15: 0 | BM15: 0 | BN15: 0 | BO15: 0 | BP15: 0 | BQ15: 0 | BR15: 0 | BS15: 0 | BT15: 0 | BU15: 0 | BV15: 0 | BW15: 0 | BX15: 0 | BY15: 0 | BZ15: 0 | CA15: 0 | CB15: 0 | CC15: 0 | CD15: 0 | CE15: 0 | CF15: 0 | CG15: 0 | CH15: 0 | CI15: 0 | CK15: 6302.71 | CL15: 0 | CM15: 0 | CN15: 0 | CO15: 6302.71 | CQ15: 0 | CR15: 0 | CS15: 0 | CU15: 6302.71 | CV15: =S15-CU15 -> 12494.29 | CW15: =IF(S15=0,"n/a",CU15/(S15)) -> 0.33530404
A16: %,V409000 | B16: 409000 | C16: Sales-Fund Raising | D16: 5787.56 | E16: 0 | F16: 0 | G16: 1844.4 | H16: 0 | I16: 7631.96 | K16: 0 | L16: 0 | M16: 0 | O16: 7631.96 | Q16: -8680 | R16: 0 | S16: =-1*(Q16+R16) -> 8680 | U16: 0 | V16: 0 | W16: 0 | X16: 0 | Y16: 0 | Z16: 0 | AA16: 0 | AB16: 0 | AC16: 0 | AD16: 0 | AE16: 0 | AF16: 0 | AG16: 0 | AH16: 0 | AI16: 0 | AJ16: 0 | AK16: 0 | AL16: 0 | AM16: 0 | AN16: 0 | AO16: 0 | AP16: 0 | AQ16: 0 | AR16: 0 | AS16: 0 | AT16: 0 | AU16: 0 | AV16: 0 | AW16: 0 | AX16: 0 | AY16: 0 | AZ16: 0 | BA16: 0 | BB16: 0 | BC16: 0 | BD16: 0 | BE16: 0 | BF16: 0 | BG16: 0 | BH16: 0 | BI16: 0 | BJ16: 0 | BK16: 0 | BL16: 0 | BM16: 0 | BN16: 0 | BO16: 0 | BP16: 0 | BQ16: 0 | BR16: 0 | BS16: 0 | BT16: 0 | BU16: 0 | BV16: 0 | BW16: 0 | BX16: 0 | BY16: 0 | BZ16: 0 | CA16: 0 | CB16: 0 | CC16: 0 | CD16: 0 | CE16: 0 | CF16: 0 | CG16: 0 | CH16: 0 | CI16: 0 | CK16: 7642.27 | CL16: 200 | CM16: 2096.02 | CN16: 0 | CO16: 9938.29 | CQ16: 0 | CR16: 0 | CS16: 0 | CU16: 9938.29 | CV16: =S16-CU16 -> -1258.29 | CW16: =IF(S16=0,"n/a",CU16/(S16)) -> 1.1449643
A17: %,V411000 | B17: 411000 | C17: Prop Tax-Mill Levy Override | D17: 0 | E17: 0 | F17: 0 | G17: 911243.48 | H17: 0 | I17: 911243.48 | K17: 0 | L17: 0 | M17: 0 | O17: 911243.48 | Q17: -959696 | R17: 0 | S17: =-1*(Q17+R17) -> 959696 | U17: 0 | V17: 0 | W17: 0 | X17: 0 | Y17: 0 | Z17: 0 | AA17: 0 | AB17: 0 | AC17: 0 | AD17: 0 | AE17: 0 | AF17: 0 | AG17: 0 | AH17: 0 | AI17: 0 | AJ17: 0 | AK17: 0 | AL17: 0 | AM17: 0 | AN17: 0 | AO17: 0 | AP17: 0 | AQ17: 0 | AR17: 0 | AS17: 0 | AT17: 0 | AU17: 0 | AV17: 0 | AW17: 0 | AX17: 0 | AY17: 0 | AZ17: 0 | BA17: 0 | BB17: 0 | BC17: 0 | BD17: 0 | BE17: 0 | BF17: 0 | BG17: 0 | BH17: 0 | BI17: 0 | BJ17: 0 | BK17: 0 | BL17: 0 | BM17: 0 | BN17: 0 | BO17: 0 | BP17: 0 | BQ17: 0 | BR17: 0 | BS17: 0 | BT17: 0 | BU17: 0 | BV17: 0 | BW17: 0 | BX17: 0 | BY17: 0 | BZ17: 0 | CA17: 0 | CB17: 0 | CC17: 0 | CD17: 0 | CE17: 0 | CF17: 0 | CG17: 0 | CH17: 0 | CI17: 0 | CK17: 0 | CL17: 0 | CM17: 721370.37 | CN17: 0 | CO17: 721370.37 | CQ17: 0 | CR17: 0 | CS17: 0 | CU17: 721370.37 | CV17: =S17-CU17 -> 238325.63 | CW17: =IF(S17=0,"n/a",CU17/(S17)) -> 0.7516655
A18: %,V415000 | B18: 415000 | C18: Earnings On Investments | D18: 0 | E18: 0 | F18: 0 | G18: 0.06 | H18: 0 | I18: 0.06 | K18: 0 | L18: 686.83 | M18: 686.83 | O18: 686.89 | Q18: -3800 | R18: 0 | S18: =-1*(Q18+R18) -> 3800 | U18: 0 | V18: 0 | W18: 0 | X18: 0 | Y18: 0 | Z18: 0 | AA18: 0 | AB18: 0 | AC18: 0 | AD18: 0 | AE18: 0 | AF18: 0 | AG18: 0 | AH18: 0 | AI18: 0 | AJ18: 0 | AK18: 0 | AL18: 0 | AM18: 0 | AN18: 0 | AO18: 0 | AP18: 0 | AQ18: 0 | AR18: 0 | AS18: 0 | AT18: 0 | AU18: 0 | AV18: 0 | AW18: 0 | AX18: 0 | AY18: 0 | AZ18: 0 | BA18: 0 | BB18: 0 | BC18: 0 | BD18: 0 | BE18: 0 | BF18: 0 | BG18: 0 | BH18: 0 | BI18: 0 | BJ18: 0 | BK18: 0 | BL18: 0 | BM18: 0 | BN18: 0 | BO18: 0 | BP18: 0 | BQ18: 0 | BR18: 0 | BS18: 0 | BT18: 0 | BU18: 0 | BV18: 0 | BW18: 0 | BX18: 0 | BY18: 0 | BZ18: 0 | CA18: 0 | CB18: 0 | CC18: 0 | CD18: 0 | CE18: 0 | CF18: 0 | CG18: 0 | CH18: 0 | CI18: 0 | CK18: 0 | CL18: 0 | CM18: 0 | CN18: 0 | CO18: 0 | CQ18: 0 | CR18: 3268.92 | CS18: 3268.92 | CU18: 3268.92 | CV18: =S18-CU18 -> 531.08 | CW18: =IF(S18=0,"n/a",CU18/(S18)) -> 0.86024211
A19: %,V416000 | B19: 416000 | C19: Proceeds Lease/Purchase | D19: 0 | E19: 0 | F19: 0 | G19: 0 | H19: 0 | I19: 0 | K19: 0 | L19: 0 | M19: 0 | O19: 0 | Q19: 0 | R19: 0 | S19: =-1*(Q19+R19) -> 0 | U19: 0 | V19: 0 | W19: 0 | X19: 0 | Y19: 0 | Z19: 0 | AA19: 0 | AB19: 0 | AC19: 0 | AD19: 0 | AE19: 0 | AF19: 0 | AG19: 0 | AH19: 0 | AI19: 0 | AJ19: 0 | AK19: 0 | AL19: 0 | AM19: 0 | AN19: 0 | AO19: 0 | AP19: 0 | AQ19: 0 | AR19: 0 | AS19: 0 | AT19: 0 | AU19: 0 | AV19: 0 | AW19: 0 | AX19: 0 | AY19: 0 | AZ19: 0 | BA19: 0 | BB19: 0 | BC19: 0 | BD19: 0 | BE19: 0 | BF19: 0 | BG19: 0 | BH19: 0 | BI19: 0 | BJ19: 0 | BK19: 0 | BL19: 0 | BM19: 0 | BN19: 0 | BO19: 0 | BP19: 0 | BQ19: 0 | BR19: 0 | BS19: 0 | BT19: 0 | BU19: 0 | BV19: 0 | BW19: 0 | BX19: 0 | BY19: 0 | BZ19: 0 | CA19: 0 | CB19: 0 | CC19: 0 | CD19: 0 | CE19: 0 | CF19: 0 | CG19: 0 | CH19: 0 | CI19: 0 | CK19: 0 | CL19: 0 | CM19: 0 | CN19: 0 | CO19: 0 | CQ19: 0 | CR19: 0 | CS19: 0 | CU19: 0 | CV19: =S19-CU19 -> 0 | CW19: =IF(S19=0,"n/a",CU19/(S19)) -> n/a
A20: %,V419000 | B20: 419000 | C20: Other Revenue | D20: 6755.7 | E20: 400 | F20: 0 | G20: 277224.79 | H20: 500 | I20: 284880.49 | K20: 0 | L20: 0 | M20: 0 | O20: 284880.49 | Q20: -31815 | R20: 0 | S20: =-1*(Q20+R20) -> 31815 | U20: 0 | V20: 0 | W20: 0 | X20: 0 | Y20: 0 | Z20: 0 | AA20: 0 | AB20: 0 | AC20: 0 | AD20: 0 | AE20: 0 | AF20: 0 | AG20: 0 | AH20: 0 | AI20: 0 | AJ20: 0 | AK20: 0 | AL20: 0 | AM20: 0 | AN20: 0 | AO20: 0 | AP20: 0 | AQ20: 0 | AR20: 0 | AS20: 0 | AT20: 0 | AU20: 0 | AV20: 0 | AW20: 0 | AX20: 0 | AY20: 0 | AZ20: 0 | BA20: 0 | BB20: 0 | BC20: 0 | BD20: 0 | BE20: 0 | BF20: 0 | BG20: 0 | BH20: 0 | BI20: 0 | BJ20: 0 | BK20: 0 | BL20: 0 | BM20: 0 | BN20: 0 | BO20: 0 | BP20: 0 | BQ20: 0 | BR20: 0 | BS20: 0 | BT20: 0 | BU20: 0 | BV20: 0 | BW20: 0 | BX20: 0 | BY20: 0 | BZ20: 0 | CA20: 0 | CB20: 0 | CC20: 0 | CD20: 0 | CE20: 0 | CF20: 0 | CG20: 0 | CH20: 0 | CI20: 0 | CK20: 150 | CL20: 0 | CM20: 30261.11 | CN20: 300 | CO20: 30711.11 | CQ20: 0 | CR20: 0 | CS20: 0 | CU20: 30711.11 | CV20: =S20-CU20 -> 1103.89 | CW20: =IF(S20=0,"n/a",CU20/(S20)) -> 0.96530284
A21: %,V431100 | B21: 431100 | C21: Capital Lease Proceeds | D21: 0 | E21: 0 | F21: 0 | G21: 16439 | H21: 0 | I21: 16439 | K21: 1333561 | L21: 0 | M21: 1333561 | O21: 1350000 | Q21: 0 | R21: 0 | S21: =-1*(Q21+R21) -> 0 | U21: 0 | V21: 0 | W21: 0 | X21: 0 | Y21: 0 | Z21: 0 | AA21: 0 | AB21: 0 | AC21: 0 | AD21: 0 | AE21: 0 | AF21: 0 | AG21: 0 | AH21: 0 | AI21: 0 | AJ21: 0 | AK21: 0 | AL21: 0 | AM21: 0 | AN21: 0 | AO21: 0 | AP21: 0 | AQ21: 0 | AR21: 0 | AS21: 0 | AT21: 0 | AU21: 0 | AV21: 0 | AW21: 0 | AX21: 0 | AY21: 0 | AZ21: 0 | BA21: 0 | BB21: 0 | BC21: 0 | BD21: 0 | BE21: 0 | BF21: 0 | BG21: 0 | BH21: 0 | BI21: 0 | BJ21: 0 | BK21: 0 | BL21: 0 | BM21: 0 | BN21: 0 | BO21: 0 | BP21: 0 | BQ21: 0 | BR21: 0 | BS21: 0 | BT21: 0 | BU21: 0 | BV21: 0 | BW21: 0 | BX21: 0 | BY21: 0 | BZ21: 0 | CA21: 0 | CB21: 0 | CC21: 0 | CD21: 0 | CE21: 0 | CF21: 0 | CG21: 0 | CH21: 0 | CI21: 0 | CK21: 0 | CL21: 0 | CM21: 0 | CN21: 0 | CO21: 0 | CQ21: 0 | CR21: 0 | CS21: 0 | CU21: 0 | CV21: =S21-CU21 -> 0 | CW21: =IF(S21=0,"n/a",CU21/(S21)) -> n/a
A22: %,V433000 | B22: 433000 | C22: State Revenue - Other | D22: 0 | E22: 0 | F22: 0 | G22: 1317.87 | H22: 0 | I22: 1317.87 | K22: 181948.64 | L22: 0 | M22: 181948.64 | O22: 183266.51 | Q22: -175378 | R22: 0 | S22: =-1*(Q22+R22) -> 175378 | U22: 0 | V22: 0 | W22: 0 | X22: 0 | Y22: 0 | Z22: 0 | AA22: 0 | AB22: 0 | AC22: 0 | AD22: 0 | AE22: 0 | AF22: 0 | AG22: 0 | AH22: 0 | AI22: 0 | AJ22: 0 | AK22: 0 | AL22: 0 | AM22: 0 | AN22: 0 | AO22: 0 | AP22: 0 | AQ22: 0 | AR22: 0 | AS22: 0 | AT22: 0 | AU22: 0 | AV22: 0 | AW22: 0 | AX22: 0 | AY22: 0 | AZ22: 0 | BA22: 0 | BB22: 0 | BC22: 0 | BD22: 0 | BE22: 0 | BF22: 0 | BG22: 0 | BH22: 0 | BI22: 0 | BJ22: 0 | BK22: 0 | BL22: 0 | BM22: 0 | BN22: 0 | BO22: 0 | BP22: 0 | BQ22: 0 | BR22: 0 | BS22: 0 | BT22: 0 | BU22: 0 | BV22: 0 | BW22: 0 | BX22: 0 | BY22: 0 | BZ22: 0 | CA22: 0 | CB22: 0 | CC22: 0 | CD22: 0 | CE22: 0 | CF22: 0 | CG22: 0 | CH22: 0 | CI22: 0 | CK22: 0 | CL22: 0 | CM22: 1657.17 | CN22: 0 | CO22: 1657.17 | CQ22: 100061.43 | CR22: 0 | CS22: 100061.43 | CU22: 101718.6 | CV22: =S22-CU22 -> 73659.4 | CW22: =IF(S22=0,"n/a",CU22/(S22)) -> 0.57999635
A23: %,V434000 | B23: 434000 | C23: Exceptional Children Revenue | D23: 0 | E23: 0 | F23: 0 | G23: 79798 | H23: 0 | I23: 79798 | K23: 0 | L23: 0 | M23: 0 | O23: 79798 | Q23: -80991 | R23: 0 | S23: =-1*(Q23+R23) -> 80991 | U23: 0 | V23: 0 | W23: 0 | X23: 0 | Y23: 0 | Z23: 0 | AA23: 0 | AB23: 0 | AC23: 0 | AD23: 0 | AE23: 0 | AF23: 0 | AG23: 0 | AH23: 0 | AI23: 0 | AJ23: 0 | AK23: 0 | AL23: 0 | AM23: 0 | AN23: 0 | AO23: 0 | AP23: 0 | AQ23: 0 | AR23: 0 | AS23: 0 | AT23: 0 | AU23: 0 | AV23: 0 | AW23: 0 | AX23: 0 | AY23: 0 | AZ23: 0 | BA23: 0 | BB23: 0 | BC23: 0 | BD23: 0 | BE23: 0 | BF23: 0 | BG23: 0 | BH23: 0 | BI23: 0 | BJ23: 0 | BK23: 0 | BL23: 0 | BM23: 0 | BN23: 0 | BO23: 0 | BP23: 0 | BQ23: 0 | BR23: 0 | BS23: 0 | BT23: 0 | BU23: 0 | BV23: 0 | BW23: 0 | BX23: 0 | BY23: 0 | BZ23: 0 | CA23: 0 | CB23: 0 | CC23: 0 | CD23: 0 | CE23: 0 | CF23: 0 | CG23: 0 | CH23: 0 | CI23: 0 | CK23: 0 | CL23: 0 | CM23: 80991 | CN23: 0 | CO23: 80991 | CQ23: 0 | CR23: 0 | CS23: 0 | CU23: 80991 | CV23: =S23-CU23 -> 0 | CW23: =IF(S23=0,"n/a",CU23/(S23)) -> 1
A24: %,V438000 | B24: 438000 | C24: State ELPA Revenue | D24: 0 | E24: 0 | F24: 0 | G24: 9943.89 | H24: 0 | I24: 9943.89 | K24: 0 | L24: 0 | M24: 0 | O24: 9943.89 | Q24: -11827 | R24: 0 | S24: =-1*(Q24+R24) -> 11827 | U24: 0 | V24: 0 | W24: 0 | X24: 0 | Y24: 0 | Z24: 0 | AA24: 0 | AB24: 0 | AC24: 0 | AD24: 0 | AE24: 0 | AF24: 0 | AG24: 0 | AH24: 0 | AI24: 0 | AJ24: 0 | AK24: 0 | AL24: 0 | AM24: 0 | AN24: 0 | AO24: 0 | AP24: 0 | AQ24: 0 | AR24: 0 | AS24: 0 | AT24: 0 | AU24: 0 | AV24: 0 | AW24: 0 | AX24: 0 | AY24: 0 | AZ24: 0 | BA24: 0 | BB24: 0 | BC24: 0 | BD24: 0 | BE24: 0 | BF24: 0 | BG24: 0 | BH24: 0 | BI24: 0 | BJ24: 0 | BK24: 0 | BL24: 0 | BM24: 0 | BN24: 0 | BO24: 0 | BP24: 0 | BQ24: 0 | BR24: 0 | BS24: 0 | BT24: 0 | BU24: 0 | BV24: 0 | BW24: 0 | BX24: 0 | BY24: 0 | BZ24: 0 | CA24: 0 | CB24: 0 | CC24: 0 | CD24: 0 | CE24: 0 | CF24: 0 | CG24: 0 | CH24: 0 | CI24: 0 | CK24: 0 | CL24: 0 | CM24: 11826.86 | CN24: 0 | CO24: 11826.86 | CQ24: 0 | CR24: 0 | CS24: 0 | CU24: 11826.86 | CV24: =S24-CU24 -> 0.14 | CW24: =IF(S24=0,"n/a",CU24/(S24)) -> 0.99998816
A25: %,V450000 | B25: 450000 | C25: Funding PPR | D25: 0 | E25: 0 | F25: 0 | G25: 4746830.1 | H25: 0 | I25: 4746830.1 | K25: 0 | L25: 460601.39 | M25: 460601.39 | O25: 4746830.1 | Q25: -5167113 | R25: 0 | S25: =-1*(Q25+R25) -> 5167113 | U25: 0 | V25: 0 | W25: 0 | X25: 0 | Y25: 0 | Z25: 0 | AA25: 0 | AB25: 0 | AC25: 0 | AD25: 0 | AE25: 0 | AF25: 0 | AG25: 0 | AH25: 0 | AI25: 0 | AJ25: 0 | AK25: 0 | AL25: 0 | AM25: 0 | AN25: 0 | AO25: 0 | AP25: 0 | AQ25: 0 | AR25: 0 | AS25: 0 | AT25: 0 | AU25: 0 | AV25: 0 | AW25: 0 | AX25: 0 | AY25: 0 | AZ25: 0 | BA25: 0 | BB25: 0 | BC25: 0 | BD25: 0 | BE25: 0 | BF25: 0 | BG25: 0 | BH25: 0 | BI25: 0 | BJ25: 0 | BK25: 0 | BL25: 0 | BM25: 0 | BN25: 0 | BO25: 0 | BP25: 0 | BQ25: 0 | BR25: 0 | BS25: 0 | BT25: 0 | BU25: 0 | BV25: 0 | BW25: 0 | BX25: 0 | BY25: 0 | BZ25: 0 | CA25: 0 | CB25: 0 | CC25: 0 | CD25: 0 | CE25: 0 | CF25: 0 | CG25: 0 | CH25: 0 | CI25: 0 | CK25: 0 | CL25: 0 | CM25: 3867691.4 | CN25: 0 | CO25: 3867691.4 | CQ25: 0 | CR25: 0 | CS25: 0 | CU25: 3867691.4 | CV25: =S25-CU25 -> 1299421.6 | CW25: =IF(S25=0,"n/a",CU25/(S25)) -> 0.74852077
B26: 450000 | C26: Transfers-Bond | O26: 460601.39 | S26: 465798.32 | CI26: 0 | CK26: 0 | CL26: 0 | CM26: 0 | CN26: 0 | CO26: 0 | CQ26: 0 | CR26: 348591.2 | CS26: 348591.2 | CU26: 348591.2 | CV26: =S26-CU26 -> 117207.12 | CW26: =IF(S26=0,"n/a",CU26/(S26)) -> 0.74837367
A27: %,V451000 | B27: 451000 | C27: Fees/Dues | D27: 0 | E27: 0 | F27: 0 | G27: 59578.73 | H27: 0 | I27: 59578.73 | K27: 0 | L27: 0 | M27: 0 | O27: 59578.73 | Q27: -65000 | R27: 0 | S27: =-1*(Q27+R27) -> 65000 | U27: 0 | V27: 0 | W27: 0 | X27: 0 | Y27: 0 | Z27: 0 | AA27: 0 | AB27: 0 | AC27: 0 | AD27: 0 | AE27: 0 | AF27: 0 | AG27: 0 | AH27: 0 | AI27: 0 | AJ27: 0 | AK27: 0 | AL27: 0 | AM27: 0 | AN27: 0 | AO27: 0 | AP27: 0 | AQ27: 0 | AR27: 0 | AS27: 0 | AT27: 0 | AU27: 0 | AV27: 0 | AW27: 0 | AX27: 0 | AY27: 0 | AZ27: 0 | BA27: 0 | BB27: 0 | BC27: 0 | BD27: 0 | BE27: 0 | BF27: 0 | BG27: 0 | BH27: 0 | BI27: 0 | BJ27: 0 | BK27: 0 | BL27: 0 | BM27: 0 | BN27: 0 | BO27: 0 | BP27: 0 | BQ27: 0 | BR27: 0 | BS27: 0 | BT27: 0 | BU27: 0 | BV27: 0 | BW27: 0 | BX27: 0 | BY27: 0 | BZ27: 0 | CA27: 0 | CB27: 0 | CC27: 0 | CD27: 0 | CE27: 0 | CF27: 0 | CG27: 0 | CH27: 0 | CI27: 0 | CK27: 0 | CL27: 0 | CM27: 64349.29 | CN27: 0 | CO27: 64349.29 | CQ27: 0 | CR27: 0 | CS27: 0 | CU27: 64349.29 | CV27: =S27-CU27 -> 650.71 | CW27: =IF(S27=0,"n/a",CU27/(S27)) -> 0.98998908
A28: %,V455000 | B28: 455000 | C28: Tuition from Individuals | D28: 0 | E28: 109564.1 | F28: 0 | G28: 0 | H28: 0 | I28: 109564.1 | K28: 0 | L28: 0 | M28: 0 | O28: 109564.1 | Q28: -125000 | R28: 0 | S28: =-1*(Q28+R28) -> 125000 | U28: 0 | V28: 0 | W28: 0 | X28: 0 | Y28: 0 | Z28: 0 | AA28: 0 | AB28: 0 | AC28: 0 | AD28: 0 | AE28: 0 | AF28: 0 | AG28: 0 | AH28: 0 | AI28: 0 | AJ28: 0 | AK28: 0 | AL28: 0 | AM28: 0 | AN28: 0 | AO28: 0 | AP28: 0 | AQ28: 0 | AR28: 0 | AS28: 0 | AT28: 0 | AU28: 0 | AV28: 0 | AW28: 0 | AX28: 0 | AY28: 0 | AZ28: 0 | BA28: 0 | BB28: 0 | BC28: 0 | BD28: 0 | BE28: 0 | BF28: 0 | BG28: 0 | BH28: 0 | BI28: 0 | BJ28: 0 | BK28: 0 | BL28: 0 | BM28: 0 | BN28: 0 | BO28: 0 | BP28: 0 | BQ28: 0 | BR28: 0 | BS28: 0 | BT28: 0 | BU28: 0 | BV28: 0 | BW28: 0 | BX28: 0 | BY28: 0 | BZ28: 0 | CA28: 0 | CB28: 0 | CC28: 0 | CD28: 0 | CE28: 0 | CF28: 0 | CG28: 0 | CH28: 0 | CI28: 0 | CK28: 0 | CL28: =129974.8-17049.9 -> 112924.9 | CM28: 0 | CN28: 0 | CO28: 112924.9 | CQ28: 0 | CR28: 0 | CS28: 0 | CU28: 112924.9 | CV28: =S28-CU28 -> 12075.1 | CW28: =IF(S28=0,"n/a",CU28/(S28)) -> 0.9033992
B29: 455000 | C29: Tuition from Individuals for 18-19 | O29: 0 | S29: 0 | CI29: 0 | CK29: 0 | CL29: 17049.9 | CM29: 0 | CN29: 0 | CO29: 17049.9 | CS29: 0 | CU29: 17049.9 | CV29: =S29-CU29 -> -17049.9 | CW29: =IF(S29=0,"n/a",CU29/(S29)) -> n/a
A30: %,V456000 | B30: 456000 | C30: Tuition-Extended Day Kdgn | D30: 0 | E30: 0 | F30: 0 | G30: 122533 | H30: 0 | I30: 122533 | K30: 0 | L30: 0 | M30: 0 | O30: 122533 | Q30: -124000 | R30: 0 | S30: =-1*(Q30+R30) -> 124000 | U30: 0 | V30: 0 | W30: 0 | X30: 0 | Y30: 0 | Z30: 0 | AA30: 0 | AB30: 0 | AC30: 0 | AD30: 0 | AE30: 0 | AF30: 0 | AG30: 0 | AH30: 0 | AI30: 0 | AJ30: 0 | AK30: 0 | AL30: 0 | AM30: 0 | AN30: 0 | AO30: 0 | AP30: 0 | AQ30: 0 | AR30: 0 | AS30: 0 | AT30: 0 | AU30: 0 | AV30: 0 | AW30: 0 | AX30: 0 | AY30: 0 | AZ30: 0 | BA30: 0 | BB30: 0 | BC30: 0 | BD30: 0 | BE30: 0 | BF30: 0 | BG30: 0 | BH30: 0 | BI30: 0 | BJ30: 0 | BK30: 0 | BL30: 0 | BM30: 0 | BN30: 0 | BO30: 0 | BP30: 0 | BQ30: 0 | BR30: 0 | BS30: 0 | BT30: 0 | BU30: 0 | BV30: 0 | BW30: 0 | BX30: 0 | BY30: 0 | BZ30: 0 | CA30: 0 | CB30: 0 | CC30: 0 | CD30: 0 | CE30: 0 | CF30: 0 | CG30: 0 | CH30: 0 | CI30: 0 | CK30: 0 | CL30: 0 | CM30: =133966-19800 -> 114166 | CN30: 0 | CO30: 114166 | CQ30: 0 | CR30: 0 | CS30: 0 | CU30: 114166 | CV30: =S30-CU30 -> 9834 | CW30: =IF(S30=0,"n/a",CU30/(S30)) -> 0.92069355
B31: 456000 | C31: Tuition-Extended Day Kdgn for 18-19 | O31: 0 | S31: 0 | CI31: 0 | CK31: 0 | CL31: 0 | CM31: 19800 | CN31: 0 | CO31: 19800 | CS31: 0 | CU31: 19800 | CV31: =S31-CU31 -> -19800 | CW31: =IF(S31=0,"n/a",CU31/(S31)) -> n/a
A32: %,V461000 | B32: 461000 | C32: Building Rental | D32: 75 | E32: 0 | F32: 0 | G32: 25057.1 | H32: 0 | I32: 25132.1 | K32: 0 | L32: 0 | M32: 0 | O32: 25132.1 | Q32: -18000 | R32: 0 | S32: =-1*(Q32+R32) -> 18000 | U32: 0 | V32: 0 | W32: 0 | X32: 0 | Y32: 0 | Z32: 0 | AA32: 0 | AB32: 0 | AC32: 0 | AD32: 0 | AE32: 0 | AF32: 0 | AG32: 0 | AH32: 0 | AI32: 0 | AJ32: 0 | AK32: 0 | AL32: 0 | AM32: 0 | AN32: 0 | AO32: 0 | AP32: 0 | AQ32: 0 | AR32: 0 | AS32: 0 | AT32: 0 | AU32: 0 | AV32: 0 | AW32: 0 | AX32: 0 | AY32: 0 | AZ32: 0 | BA32: 0 | BB32: 0 | BC32: 0 | BD32: 0 | BE32: 0 | BF32: 0 | BG32: 0 | BH32: 0 | BI32: 0 | BJ32: 0 | BK32: 0 | BL32: 0 | BM32: 0 | BN32: 0 | BO32: 0 | BP32: 0 | BQ32: 0 | BR32: 0 | BS32: 0 | BT32: 0 | BU32: 0 | BV32: 0 | BW32: 0 | BX32: 0 | BY32: 0 | BZ32: 0 | CA32: 0 | CB32: 0 | CC32: 0 | CD32: 0 | CE32: 0 | CF32: 0 | CG32: 0 | CH32: 0 | CI32: 0 | CK32: 0 | CL32: 0 | CM32: 10618.43 | CN32: 0 | CO32: 10618.43 | CQ32: 0 | CR32: 0 | CS32: 0 | CU32: 10618.43 | CV32: =S32-CU32 -> 7381.57 | CW32: =IF(S32=0,"n/a",CU32/(S32)) -> 0.58991278
A33: %,V474000 | B33: 474000 | C33: Transportation - Field Trips | D33: 36007.94 | E33: 366.75 | F33: 0 | G33: 0 | H33: 0 | I33: 36374.69 | K33: 0 | L33: 0 | M33: 0 | O33: 36374.69 | Q33: -43550 | R33: 0 | S33: =-1*(Q33+R33) -> 43550 | U33: 0 | V33: 0 | W33: 0 | X33: 0 | Y33: 0 | Z33: 0 | AA33: 0 | AB33: 0 | AC33: 0 | AD33: 0 | AE33: 0 | AF33: 0 | AG33: 0 | AH33: 0 | AI33: 0 | AJ33: 0 | AK33: 0 | AL33: 0 | AM33: 0 | AN33: 0 | AO33: 0 | AP33: 0 | AQ33: 0 | AR33: 0 | AS33: 0 | AT33: 0 | AU33: 0 | AV33: 0 | AW33: 0 | AX33: 0 | AY33: 0 | AZ33: 0 | BA33: 0 | BB33: 0 | BC33: 0 | BD33: 0 | BE33: 0 | BF33: 0 | BG33: 0 | BH33: 0 | BI33: 0 | BJ33: 0 | BK33: 0 | BL33: 0 | BM33: 0 | BN33: 0 | BO33: 0 | BP33: 0 | BQ33: 0 | BR33: 0 | BS33: 0 | BT33: 0 | BU33: 0 | BV33: 0 | BW33: 0 | BX33: 0 | BY33: 0 | BZ33: 0 | CA33: 0 | CB33: 0 | CC33: 0 | CD33: 0 | CE33: 0 | CF33: 0 | CG33: 0 | CH33: 0 | CI33: 0 | CK33: 42197.64 | CL33: 167.85 | CM33: 0 | CN33: 0 | CO33: 42365.49 | CQ33: 0 | CR33: 0 | CS33: 0 | CU33: 42365.49 | CV33: =S33-CU33 -> 1184.51 | CW33: =IF(S33=0,"n/a",CU33/(S33)) -> 0.97280115
A34: %,V482000 | B34: 482000 | C34: Activity Revenue | D34: 21385.5 | E34: 0 | F34: 0 | G34: 0 | H34: 0 | I34: 21385.5 | K34: 0 | L34: 0 | M34: 0 | O34: 21385.5 | Q34: -23000 | R34: 0 | S34: =-1*(Q34+R34) -> 23000 | U34: 0 | V34: 0 | W34: 0 | X34: 0 | Y34: 0 | Z34: 0 | AA34: 0 | AB34: 0 | AC34: 0 | AD34: 0 | AE34: 0 | AF34: 0 | AG34: 0 | AH34: 0 | AI34: 0 | AJ34: 0 | AK34: 0 | AL34: 0 | AM34: 0 | AN34: 0 | AO34: 0 | AP34: 0 | AQ34: 0 | AR34: 0 | AS34: 0 | AT34: 0 | AU34: 0 | AV34: 0 | AW34: 0 | AX34: 0 | AY34: 0 | AZ34: 0 | BA34: 0 | BB34: 0 | BC34: 0 | BD34: 0 | BE34: 0 | BF34: 0 | BG34: 0 | BH34: 0 | BI34: 0 | BJ34: 0 | BK34: 0 | BL34: 0 | BM34: 0 | BN34: 0 | BO34: 0 | BP34: 0 | BQ34: 0 | BR34: 0 | BS34: 0 | BT34: 0 | BU34: 0 | BV34: 0 | BW34: 0 | BX34: 0 | BY34: 0 | BZ34: 0 | CA34: 0 | CB34: 0 | CC34: 0 | CD34: 0 | CE34: 0 | CF34: 0 | CG34: 0 | CH34: 0 | CI34: 0 | CK34: 12326 | CL34: 0 | CM34: 0 | CN34: 0 | CO34: 12326 | CQ34: 0 | CR34: 0 | CS34: 0 | CU34: 12326 | CV34: =S34-CU34 -> 10674 | CW34: =IF(S34=0,"n/a",CU34/(S34)) -> 0.53591304
A35: %,V498000 | B35: 498000 | C35: Donations | D35: 414.97 | E35: 0 | F35: 0 | G35: 26105.04 | H35: 0 | I35: 26520.01 | K35: 0 | L35: 0 | M35: 0 | O35: 26520.01 | Q35: -5000 | R35: 0 | S35: =-1*(Q35+R35) -> 5000 | U35: 0 | V35: 0 | W35: 0 | X35: 0 | Y35: 0 | Z35: 0 | AA35: 0 | AB35: 0 | AC35: 0 | AD35: 0 | AE35: 0 | AF35: 0 | AG35: 0 | AH35: 0 | AI35: 0 | AJ35: 0 | AK35: 0 | AL35: 0 | AM35: 0 | AN35: 0 | AO35: 0 | AP35: 0 | AQ35: 0 | AR35: 0 | AS35: 0 | AT35: 0 | AU35: 0 | AV35: 0 | AW35: 0 | AX35: 0 | AY35: 0 | AZ35: 0 | BA35: 0 | BB35: 0 | BC35: 0 | BD35: 0 | BE35: 0 | BF35: 0 | BG35: 0 | BH35: 0 | BI35: 0 | BJ35: 0 | BK35: 0 | BL35: 0 | BM35: 0 | BN35: 0 | BO35: 0 | BP35: 0 | BQ35: 0 | BR35: 0 | BS35: 0 | BT35: 0 | BU35: 0 | BV35: 0 | BW35: 0 | BX35: 0 | BY35: 0 | BZ35: 0 | CA35: 0 | CB35: 0 | CC35: 0 | CD35: 0 | CE35: 0 | CF35: 0 | CG35: 0 | CH35: 0 | CI35: 0 | CK35: 0 | CL35: 0 | CM35: 1610.22 | CN35: 0 | CO35: 1610.22 | CQ35: 0 | CR35: 0 | CS35: 0 | CU35: 1610.22 | CV35: =S35-CU35 -> 3389.78 | CW35: =IF(S35=0,"n/a",CU35/(S35)) -> 0.322044
A36: %,V499000 | B36: 499000 | C36: Miscellaneous Revenue | D36: 0 | E36: 0 | F36: 0 | G36: 26.5 | H36: 0 | I36: 26.5 | K36: 0 | L36: 0 | M36: 0 | O36: 26.5 | Q36: -600 | R36: 0 | S36: =-1*(Q36+R36) -> 600 | U36: 0 | V36: 0 | W36: 0 | X36: 0 | Y36: 0 | Z36: 0 | AA36: 0 | AB36: 0 | AC36: 0 | AD36: 0 | AE36: 0 | AF36: 0 | AG36: 0 | AH36: 0 | AI36: 0 | AJ36: 0 | AK36: 0 | AL36: 0 | AM36: 0 | AN36: 0 | AO36: 0 | AP36: 0 | AQ36: 0 | AR36: 0 | AS36: 0 | AT36: 0 | AU36: 0 | AV36: 0 | AW36: 0 | AX36: 0 | AY36: 0 | AZ36: 0 | BA36: 0 | BB36: 0 | BC36: 0 | BD36: 0 | BE36: 0 | BF36: 0 | BG36: 0 | BH36: 0 | BI36: 0 | BJ36: 0 | BK36: 0 | BL36: 0 | BM36: 0 | BN36: 0 | BO36: 0 | BP36: 0 | BQ36: 0 | BR36: 0 | BS36: 0 | BT36: 0 | BU36: 0 | BV36: 0 | BW36: 0 | BX36: 0 | BY36: 0 | BZ36: 0 | CA36: 0 | CB36: 0 | CC36: 0 | CD36: 0 | CE36: 0 | CF36: 0 | CG36: 0 | CH36: 0 | CI36: 0 | CK36: 0 | CL36: 0 | CM36: 0 | CN36: 0 | CO36: 0 | CQ36: 0 | CR36: 0 | CS36: 0 | CU36: 0 | CV36: =S36-CU36 -> 600 | CW36: =IF(S36=0,"n/a",CU36/(S36)) -> 0
A37: %,V950500 | B37: 950500 | C37: State Intercept Bond Transfer | D37: 0 | E37: 0 | F37: 0 | G37: -278652.75 | H37: 0 | I37: -278652.75 | K37: -181948.64 | L37: 0 | M37: -181948.64 | O37: -446928.85 | Q37: 0 | R37: 0 | S37: -465798.32 | U37: 0 | V37: 0 | W37: 0 | X37: 0 | Y37: 0 | Z37: 0 | AA37: 0 | AB37: 0 | AC37: 0 | AD37: 0 | AE37: 0 | AF37: 0 | AG37: 0 | AH37: 0 | AI37: 0 | AJ37: 0 | AK37: 0 | AL37: 0 | AM37: 0 | AN37: 0 | AO37: 0 | AP37: 0 | AQ37: 0 | AR37: 0 | AS37: 0 | AT37: 0 | AU37: 0 | AV37: 0 | AW37: 0 | AX37: 0 | AY37: 0 | AZ37: 0 | BA37: 0 | BB37: 0 | BC37: 0 | BD37: 0 | BE37: 0 | BF37: 0 | BG37: 0 | BH37: 0 | BI37: 0 | BJ37: 0 | BK37: 0 | BL37: 0 | BM37: 0 | BN37: 0 | BO37: 0 | BP37: 0 | BQ37: 0 | BR37: 0 | BS37: 0 | BT37: 0 | BU37: 0 | BV37: 0 | BW37: 0 | BX37: 0 | BY37: 0 | BZ37: 0 | CA37: 0 | CB37: 0 | CC37: 0 | CD37: 0 | CE37: 0 | CF37: 0 | CG37: 0 | CH37: 0 | CI37: 0 | CK37: 0 | CL37: 0 | CM37: -219940.79 | CN37: 0 | CO37: -219940.79 | CQ37: -128650.41 | CR37: 0 | CS37: -128650.41 | CU37: -348591.2 | CV37: =S37-CU37 -> -117207.12 | CW37: =IF(S37=0,"n/a",CU37/(S37)) -> 0.74837367
B38: 950500 | C38: Bond R & R Payments | O38: -13672.54 | S38: 0 | CI38: 0 | CK38: 0 | CL38: 0 | CM38: 0 | CN38: 0 | CO38: 0 | CP38: 0 | CQ38: 0 | CR38: 0 | CS38: 0 | CU38: 0 | CV38: =S38-CU38 -> 0 | CW38: =IF(S38=0,"n/a",CU38/(S38)) -> n/a
A39: %,R,FACCOUNT,TACCOUNT_ROLLUP,X,NREVENUE | C39: Revenues | D39: 83414.34 | E39: 110330.85 | F39: 0 | G39: 5999349.2 | H39: 500 | I39: 6193594.4 | K39: 1333561 | L39: 461288.22 | M39: 1794849.2 | O39: 7988443.6 | Q39: -6881291 | R39: 0 | S39: =-1*(Q39+R39) -> 6881291 | U39: 0 | V39: 0 | W39: 0 | X39: 0 | Y39: 0 | Z39: 0 | AA39: 0 | AB39: 0 | AC39: 0 | AD39: 0 | AE39: 0 | AF39: 0 | AG39: 0 | AH39: 0 | AI39: 0 | AJ39: 0 | AK39: 0 | AL39: 0 | AM39: 0 | AN39: 0 | AO39: 0 | AP39: 0 | AQ39: 0 | AR39: 0 | AS39: 0 | AT39: 0 | AU39: 0 | AV39: 0 | AW39: 0 | AX39: 0 | AY39: 0 | AZ39: 0 | BA39: 0 | BB39: 0 | BC39: 0 | BD39: 0 | BE39: 0 | BF39: 0 | BG39: 0 | BH39: 0 | BI39: 0 | BJ39: 0 | BK39: 0 | BL39: 0 | BM39: 0 | BN39: 0 | BO39: 0 | BP39: 0 | BQ39: 0 | BR39: 0 | BS39: 0 | BT39: 0 | BU39: 0 | BV39: 0 | BW39: 0 | BX39: 0 | BY39: 0 | BZ39: 0 | CA39: 0 | CB39: 0 | CC39: 0 | CD39: 0 | CE39: 0 | CF39: 0 | CG39: 0 | CH39: 0 | CI39: 0 | CK39: 72437.24 | CL39: 130342.65 | CM39: 4715918.4 | CN39: 300 | CO39: 4918998.2 | CQ39: -28588.98 | CR39: 351860.12 | CS39: 323271.14 | CU39: 5242269.4 | CV39: =S39-CU39 -> 1639021.6 | CW39: =IF(S39=0,"n/a",CU39/(S39)) -> 0.76181481
A41: %,C | C41: Available | D41: =D11+D39 -> 83414.34 | E41: =E11+E39 -> 110330.85 | F41: =F11+F39 -> 0 | G41: =G11+G39 -> 5999349.2 | H41: =H11+H39 -> 500 | I41: =I11+I39 -> 8768488 | K41: =K11+K39 -> 1333561 | L41: =L11+L39 -> 461288.22 | M41: =M11+M39 -> 1794849.2 | O41: =O11+O39 -> 10563337 | S41: =S11+S39 -> 6881291 | CK41: =CK11+CK39 -> 139146 | CL41: =CL11+CL39 -> 213882.49 | CM41: =CM11+CM39 -> 6429256.3 | CN41: =CN11+CN39 -> 300 | CO41: =CO11+CO39 -> 6782584.8 | CQ41: =CQ11+CQ39 -> -28588.98 | CR41: =CR11+CR39 -> 1133677.2 | CS41: =CS11+CS39 -> 1105088.2 | CU41: =CU11+CU39 -> 7887673 | CV41: =CV11+CV39 -> 1639021.6 | CW41: =IF(S41=0,"n/a",CU41/(S41)) -> 1.146249
A43: %,V512100 | B43: 512100 | C43: Principal | D43: 0 | E43: 0 | F43: 0 | G43: 88666.32 | H43: 0 | I43: 88666.32 | K43: 0 | L43: 0 | M43: 0 | O43: 0 | Q43: 0 | R43: 0 | U43: 111677 | V43: 0 | W43: 0 | X43: 0 | Y43: 0 | Z43: 0 | AA43: 0 | AB43: 0 | AC43: 0 | AD43: 0 | AE43: 0 | AF43: 0 | AG43: 0 | AH43: 0 | AI43: 0 | AJ43: 0 | AK43: 0 | AL43: 0 | AM43: 0 | AN43: 0 | AO43: 0 | AP43: 0 | AQ43: 0 | AR43: 0 | AS43: 0 | AT43: 0 | AU43: 0 | AV43: 0 | AW43: 0 | AX43: 0 | AY43: 0 | AZ43: 0 | BA43: 0 | BB43: 0 | BC43: 0 | BD43: 0 | BE43: 0 | BF43: 0 | BG43: 0 | BH43: 0 | BI43: 0 | BJ43: 0 | BK43: 0 | BL43: 0 | BM43: 0 | BN43: 0 | BO43: 0 | BP43: 0 | BQ43: 0 | BR43: 0 | BS43: 0 | BT43: 0 | BU43: 0 | BV43: 0 | BW43: 0 | BX43: 0 | BY43: 0 | BZ43: 0 | CA43: 0 | CB43: 0 | CC43: 0 | CD43: 0 | CE43: 0 | CF43: 0 | CG43: 0 | CH43: 0 | CI43: 0 | CK43: 0 | CL43: 0 | CM43: 72464.73 | CN43: 0 | CO43: 0 | CQ43: 0 | CR43: 0 | CS43: 0 | CU43: 0 | CV43: =CI43-CU43 -> 0 | CW43: =IF(CI43=0,"n/a",CU43/(CI43)) -> n/a
A44: %,V513100 | B44: 513100 | C44: Assistant Principal | D44: 0 | E44: 0 | F44: 0 | G44: 148310.32 | H44: 0 | I44: 148310.32 | K44: 0 | L44: 0 | M44: 0 | O44: 0 | Q44: 0 | R44: 0 | U44: 0 | V44: 157323 | W44: 0 | X44: 0 | Y44: 0 | Z44: 0 | AA44: 0 | AB44: 0 | AC44: 0 | AD44: 0 | AE44: 0 | AF44: 0 | AG44: 0 | AH44: 0 | AI44: 0 | AJ44: 0 | AK44: 0 | AL44: 0 | AM44: 0 | AN44: 0 | AO44: 0 | AP44: 0 | AQ44: 0 | AR44: 0 | AS44: 0 | AT44: 0 | AU44: 0 | AV44: 0 | AW44: 0 | AX44: 0 | AY44: 0 | AZ44: 0 | BA44: 0 | BB44: 0 | BC44: 0 | BD44: 0 | BE44: 0 | BF44: 0 | BG44: 0 | BH44: 0 | BI44: 0 | BJ44: 0 | BK44: 0 | BL44: 0 | BM44: 0 | BN44: 0 | BO44: 0 | BP44: 0 | BQ44: 0 | BR44: 0 | BS44: 0 | BT44: 0 | BU44: 0 | BV44: 0 | BW44: 0 | BX44: 0 | BY44: 0 | BZ44: 0 | CA44: 0 | CB44: 0 | CC44: 0 | CD44: 0 | CE44: 0 | CF44: 0 | CG44: 0 | CH44: 0 | CI44: 0 | CK44: 0 | CL44: 0 | CM44: 104992.32 | CN44: 0 | CO44: 0 | CQ44: 0 | CR44: 0 | CS44: 0 | CU44: 0 | CV44: =CI44-CU44 -> 0 | CW44: =IF(CI44=0,"n/a",CU44/(CI44)) -> n/a
B45: 512100/513100 | C45: Adminstration | O45: 236976.64 | CI45: 269000 | CK45: 0 | CL45: 0 | CM45: 0 | CN45: 0 | CO45: 177457.05 | CQ45: 0 | CR45: 0 | CS45: 0 | CU45: 177457.05 | CV45: =CI45-CU45 -> 91542.95 | CW45: =IF(CI45=0,"n/a",CU45/(CI45)) -> 0.65969164
A46: %,V521100 | B46: 521100 | C46: Teacher | D46: 0 | E46: 40840.32 | F46: 0 | G46: 1870846.2 | H46: 0 | I46: 1911686.6 | K46: 0 | L46: 0 | M46: 0 | O46: 1911686.6 | Q46: 0 | R46: 0 | U46: 0 | V46: 0 | W46: 1988350 | X46: 0 | Y46: 0 | Z46: 0 | AA46: 0 | AB46: 0 | AC46: 0 | AD46: 0 | AE46: 0 | AF46: 0 | AG46: 0 | AH46: 0 | AI46: 0 | AJ46: 0 | AK46: 0 | AL46: 0 | AM46: 0 | AN46: 0 | AO46: 0 | AP46: 0 | AQ46: 0 | AR46: 0 | AS46: 0 | AT46: 0 | AU46: 0 | AV46: 0 | AW46: 0 | AX46: 0 | AY46: 0 | AZ46: 0 | BA46: 0 | BB46: 0 | BC46: 0 | BD46: 0 | BE46: 0 | BF46: 0 | BG46: 0 | BH46: 0 | BI46: 0 | BJ46: 0 | BK46: 0 | BL46: 0 | BM46: 0 | BN46: 0 | BO46: 0 | BP46: 0 | BQ46: 0 | BR46: 0 | BS46: 0 | BT46: 0 | BU46: 0 | BV46: 0 | BW46: 0 | BX46: 0 | BY46: 0 | BZ46: 0 | CA46: 0 | CB46: 0 | CC46: 0 | CD46: 0 | CE46: 0 | CF46: 0 | CG46: 0 | CH46: 0 | CI46: 1988350 | CK46: 2499.99 | CL46: 27167.85 | CM46: 1274593.3 | CN46: 0 | CO46: 1304261.2 | CQ46: 0 | CR46: 0 | CS46: 0 | CU46: 1304261.1 | CV46: =CI46-CU46 -> 684088.85 | CW46: =IF(CI46=0,"n/a",CU46/(CI46)) -> 0.65595149
A47: %,V521900 | B47: 521900 | C47: Substitute Teacher | D47: 0 | E47: 606.27 | F47: 0 | G47: 39037.5 | H47: 0 | I47: 39643.77 | K47: 0 | L47: 0 | M47: 0 | O47: 39643.77 | Q47: 0 | R47: 0 | U47: 0 | V47: 0 | W47: 0 | X47: 36500 | Y47: 0 | Z47: 0 | AA47: 0 | AB47: 0 | AC47: 0 | AD47: 0 | AE47: 0 | AF47: 0 | AG47: 0 | AH47: 0 | AI47: 0 | AJ47: 0 | AK47: 0 | AL47: 0 | AM47: 0 | AN47: 0 | AO47: 0 | AP47: 0 | AQ47: 0 | AR47: 0 | AS47: 0 | AT47: 0 | AU47: 0 | AV47: 0 | AW47: 0 | AX47: 0 | AY47: 0 | AZ47: 0 | BA47: 0 | BB47: 0 | BC47: 0 | BD47: 0 | BE47: 0 | BF47: 0 | BG47: 0 | BH47: 0 | BI47: 0 | BJ47: 0 | BK47: 0 | BL47: 0 | BM47: 0 | BN47: 0 | BO47: 0 | BP47: 0 | BQ47: 0 | BR47: 0 | BS47: 0 | BT47: 0 | BU47: 0 | BV47: 0 | BW47: 0 | BX47: 0 | BY47: 0 | BZ47: 0 | CA47: 0 | CB47: 0 | CC47: 0 | CD47: 0 | CE47: 0 | CF47: 0 | CG47: 0 | CH47: 0 | CI47: 36500 | CK47: 1850 | CL47: 1940.62 | CM47: 29335 | CN47: 0 | CO47: 33125.62 | CQ47: 0 | CR47: 0 | CS47: 0 | CU47: 33125.62 | CV47: =CI47-CU47 -> 3374.38 | CW47: =IF(CI47=0,"n/a",CU47/(CI47)) -> 0.90755123
A48: %,V522200 | B48: 522200 | C48: Teacher Librarian | D48: 0 | E48: 0 | F48: 0 | G48: 46571 | H48: 0 | I48: 46571 | K48: 0 | L48: 0 | M48: 0 | O48: 46571 | Q48: 0 | R48: 0 | U48: 0 | V48: 0 | W48: 0 | X48: 0 | Y48: 46872 | Z48: 0 | AA48: 0 | AB48: 0 | AC48: 0 | AD48: 0 | AE48: 0 | AF48: 0 | AG48: 0 | AH48: 0 | AI48: 0 | AJ48: 0 | AK48: 0 | AL48: 0 | AM48: 0 | AN48: 0 | AO48: 0 | AP48: 0 | AQ48: 0 | AR48: 0 | AS48: 0 | AT48: 0 | AU48: 0 | AV48: 0 | AW48: 0 | AX48: 0 | AY48: 0 | AZ48: 0 | BA48: 0 | BB48: 0 | BC48: 0 | BD48: 0 | BE48: 0 | BF48: 0 | BG48: 0 | BH48: 0 | BI48: 0 | BJ48: 0 | BK48: 0 | BL48: 0 | BM48: 0 | BN48: 0 | BO48: 0 | BP48: 0 | BQ48: 0 | BR48: 0 | BS48: 0 | BT48: 0 | BU48: 0 | BV48: 0 | BW48: 0 | BX48: 0 | BY48: 0 | BZ48: 0 | CA48: 0 | CB48: 0 | CC48: 0 | CD48: 0 | CE48: 0 | CF48: 0 | CG48: 0 | CH48: 0 | CI48: 46872 | CK48: 0 | CL48: 0 | CM48: 31181.25 | CN48: 0 | CO48: 31181.25 | CQ48: 0 | CR48: 0 | CS48: 0 | CU48: 31181.25 | CV48: =CI48-CU48 -> 15690.75 | CW48: =IF(CI48=0,"n/a",CU48/(CI48)) -> 0.66524258
A49: %,V524200 | B49: 524200 | C49: Coordinator - Classified | D49: 0 | E49: 0 | F49: 0 | G49: 48419 | H49: 0 | I49: 48419 | K49: 0 | L49: 0 | M49: 0 | O49: 48419 | Q49: 0 | R49: 0 | U49: 0 | V49: 0 | W49: 0 | X49: 0 | Y49: 0 | Z49: 46037 | AA49: 0 | AB49: 0 | AC49: 0 | AD49: 0 | AE49: 0 | AF49: 0 | AG49: 0 | AH49: 0 | AI49: 0 | AJ49: 0 | AK49: 0 | AL49: 0 | AM49: 0 | AN49: 0 | AO49: 0 | AP49: 0 | AQ49: 0 | AR49: 0 | AS49: 0 | AT49: 0 | AU49: 0 | AV49: 0 | AW49: 0 | AX49: 0 | AY49: 0 | AZ49: 0 | BA49: 0 | BB49: 0 | BC49: 0 | BD49: 0 | BE49: 0 | BF49: 0 | BG49: 0 | BH49: 0 | BI49: 0 | BJ49: 0 | BK49: 0 | BL49: 0 | BM49: 0 | BN49: 0 | BO49: 0 | BP49: 0 | BQ49: 0 | BR49: 0 | BS49: 0 | BT49: 0 | BU49: 0 | BV49: 0 | BW49: 0 | BX49: 0 | BY49: 0 | BZ49: 0 | CA49: 0 | CB49: 0 | CC49: 0 | CD49: 0 | CE49: 0 | CF49: 0 | CG49: 0 | CH49: 0 | CI49: 46037 | CK49: 0 | CL49: 0 | CM49: 31196.33 | CN49: 0 | CO49: 31196.33 | CQ49: 0 | CR49: 0 | CS49: 0 | CU49: 31196.33 | CV49: =CI49-CU49 -> 14840.67 | CW49: =IF(CI49=0,"n/a",CU49/(CI49)) -> 0.67763603
A50: %,V526200 | B50: 526200 | C50: Instructional Coach | D50: 0 | E50: 0 | F50: 0 | G50: 75717.75 | H50: 0 | I50: 75717.75 | K50: 0 | L50: 0 | M50: 0 | O50: 75717.75 | Q50: 0 | R50: 0 | U50: 0 | V50: 0 | W50: 0 | X50: 0 | Y50: 0 | Z50: 0 | AA50: 65532 | AB50: 0 | AC50: 0 | AD50: 0 | AE50: 0 | AF50: 0 | AG50: 0 | AH50: 0 | AI50: 0 | AJ50: 0 | AK50: 0 | AL50: 0 | AM50: 0 | AN50: 0 | AO50: 0 | AP50: 0 | AQ50: 0 | AR50: 0 | AS50: 0 | AT50: 0 | AU50: 0 | AV50: 0 | AW50: 0 | AX50: 0 | AY50: 0 | AZ50: 0 | BA50: 0 | BB50: 0 | BC50: 0 | BD50: 0 | BE50: 0 | BF50: 0 | BG50: 0 | BH50: 0 | BI50: 0 | BJ50: 0 | BK50: 0 | BL50: 0 | BM50: 0 | BN50: 0 | BO50: 0 | BP50: 0 | BQ50: 0 | BR50: 0 | BS50: 0 | BT50: 0 | BU50: 0 | BV50: 0 | BW50: 0 | BX50: 0 | BY50: 0 | BZ50: 0 | CA50: 0 | CB50: 0 | CC50: 0 | CD50: 0 | CE50: 0 | CF50: 0 | CG50: 0 | CH50: 0 | CI50: 65532 | CK50: 0 | CL50: 0 | CM50: 44411.85 | CN50: 0 | CO50: 44411.85 | CQ50: 0 | CR50: 0 | CS50: 0 | CU50: 44411.85 | CV50: =CI50-CU50 -> 21120.15 | CW50: =IF(CI50=0,"n/a",CU50/(CI50)) -> 0.67771242
A51: %,V529200 | B51: 529200 | C51: Occupational Therapist | D51: 0 | E51: 0 | F51: 0 | G51: 36613.71 | H51: 0 | I51: 36613.71 | K51: 0 | L51: 0 | M51: 0 | O51: 36613.71 | Q51: 0 | R51: 0 | U51: 0 | V51: 0 | W51: 0 | X51: 0 | Y51: 0 | Z51: 0 | AA51: 0 | AB51: 34652 | AC51: 0 | AD51: 0 | AE51: 0 | AF51: 0 | AG51: 0 | AH51: 0 | AI51: 0 | AJ51: 0 | AK51: 0 | AL51: 0 | AM51: 0 | AN51: 0 | AO51: 0 | AP51: 0 | AQ51: 0 | AR51: 0 | AS51: 0 | AT51: 0 | AU51: 0 | AV51: 0 | AW51: 0 | AX51: 0 | AY51: 0 | AZ51: 0 | BA51: 0 | BB51: 0 | BC51: 0 | BD51: 0 | BE51: 0 | BF51: 0 | BG51: 0 | BH51: 0 | BI51: 0 | BJ51: 0 | BK51: 0 | BL51: 0 | BM51: 0 | BN51: 0 | BO51: 0 | BP51: 0 | BQ51: 0 | BR51: 0 | BS51: 0 | BT51: 0 | BU51: 0 | BV51: 0 | BW51: 0 | BX51: 0 | BY51: 0 | BZ51: 0 | CA51: 0 | CB51: 0 | CC51: 0 | CD51: 0 | CE51: 0 | CF51: 0 | CG51: 0 | CH51: 0 | CI51: 34652 | CK51: 0 | CL51: 0 | CM51: 22260.22 | CN51: 0 | CO51: 22260.22 | CQ51: 0 | CR51: 0 | CS51: 0 | CU51: 22260.22 | CV51: =CI51-CU51 -> 12391.78 | CW51: =IF(CI51=0,"n/a",CU51/(CI51)) -> 0.64239351
A52: %,V529400 | B52: 529400 | C52: Nurse | D52: 0 | E52: 0 | F52: 0 | G52: 28423.77 | H52: 0 | I52: 28423.77 | K52: 0 | L52: 0 | M52: 0 | O52: 28423.77 | Q52: 0 | R52: 0 | U52: 0 | V52: 0 | W52: 0 | X52: 0 | Y52: 0 | Z52: 0 | AA52: 0 | AB52: 0 | AC52: 28437 | AD52: 0 | AE52: 0 | AF52: 0 | AG52: 0 | AH52: 0 | AI52: 0 | AJ52: 0 | AK52: 0 | AL52: 0 | AM52: 0 | AN52: 0 | AO52: 0 | AP52: 0 | AQ52: 0 | AR52: 0 | AS52: 0 | AT52: 0 | AU52: 0 | AV52: 0 | AW52: 0 | AX52: 0 | AY52: 0 | AZ52: 0 | BA52: 0 | BB52: 0 | BC52: 0 | BD52: 0 | BE52: 0 | BF52: 0 | BG52: 0 | BH52: 0 | BI52: 0 | BJ52: 0 | BK52: 0 | BL52: 0 | BM52: 0 | BN52: 0 | BO52: 0 | BP52: 0 | BQ52: 0 | BR52: 0 | BS52: 0 | BT52: 0 | BU52: 0 | BV52: 0 | BW52: 0 | BX52: 0 | BY52: 0 | BZ52: 0 | CA52: 0 | CB52: 0 | CC52: 0 | CD52: 0 | CE52: 0 | CF52: 0 | CG52: 0 | CH52: 0 | CI52: 28437 | CK52: 0 | CL52: 0 | CM52: 18912.5 | CN52: 0 | CO52: 18912.5 | CQ52: 0 | CR52: 0 | CS52: 0 | CU52: 18912.5 | CV52: =CI52-CU52 -> 9524.5 | CW52: =IF(CI52=0,"n/a",CU52/(CI52)) -> 0.66506664
A53: %,V529500 | B53: 529500 | C53: Psychologist | D53: 0 | E53: 0 | F53: 0 | G53: 27591.96 | H53: 0 | I53: 27591.96 | K53: 0 | L53: 0 | M53: 0 | O53: 27591.96 | Q53: 0 | R53: 0 | U53: 0 | V53: 0 | W53: 0 | X53: 0 | Y53: 0 | Z53: 0 | AA53: 0 | AB53: 0 | AC53: 0 | AD53: 30420 | AE53: 0 | AF53: 0 | AG53: 0 | AH53: 0 | AI53: 0 | AJ53: 0 | AK53: 0 | AL53: 0 | AM53: 0 | AN53: 0 | AO53: 0 | AP53: 0 | AQ53: 0 | AR53: 0 | AS53: 0 | AT53: 0 | AU53: 0 | AV53: 0 | AW53: 0 | AX53: 0 | AY53: 0 | AZ53: 0 | BA53: 0 | BB53: 0 | BC53: 0 | BD53: 0 | BE53: 0 | BF53: 0 | BG53: 0 | BH53: 0 | BI53: 0 | BJ53: 0 | BK53: 0 | BL53: 0 | BM53: 0 | BN53: 0 | BO53: 0 | BP53: 0 | BQ53: 0 | BR53: 0 | BS53: 0 | BT53: 0 | BU53: 0 | BV53: 0 | BW53: 0 | BX53: 0 | BY53: 0 | BZ53: 0 | CA53: 0 | CB53: 0 | CC53: 0 | CD53: 0 | CE53: 0 | CF53: 0 | CG53: 0 | CH53: 0 | CI53: 30420 | CK53: 0 | CL53: 0 | CM53: 17263.98 | CN53: 0 | CO53: 17263.98 | CQ53: 0 | CR53: 0 | CS53: 0 | CU53: 17263.98 | CV53: =CI53-CU53 -> 13156.02 | CW53: =IF(CI53=0,"n/a",CU53/(CI53)) -> 0.56752071
A54: %,V529600 | B54: 529600 | C54: Social Worker | D54: 0 | E54: 0 | F54: 0 | G54: 54263.32 | H54: 0 | I54: 54263.32 | K54: 0 | L54: 0 | M54: 0 | O54: 54263.32 | Q54: 0 | R54: 0 | U54: 0 | V54: 0 | W54: 0 | X54: 0 | Y54: 0 | Z54: 0 | AA54: 0 | AB54: 0 | AC54: 0 | AD54: 0 | AE54: 52595 | AF54: 0 | AG54: 0 | AH54: 0 | AI54: 0 | AJ54: 0 | AK54: 0 | AL54: 0 | AM54: 0 | AN54: 0 | AO54: 0 | AP54: 0 | AQ54: 0 | AR54: 0 | AS54: 0 | AT54: 0 | AU54: 0 | AV54: 0 | AW54: 0 | AX54: 0 | AY54: 0 | AZ54: 0 | BA54: 0 | BB54: 0 | BC54: 0 | BD54: 0 | BE54: 0 | BF54: 0 | BG54: 0 | BH54: 0 | BI54: 0 | BJ54: 0 | BK54: 0 | BL54: 0 | BM54: 0 | BN54: 0 | BO54: 0 | BP54: 0 | BQ54: 0 | BR54: 0 | BS54: 0 | BT54: 0 | BU54: 0 | BV54: 0 | BW54: 0 | BX54: 0 | BY54: 0 | BZ54: 0 | CA54: 0 | CB54: 0 | CC54: 0 | CD54: 0 | CE54: 0 | CF54: 0 | CG54: 0 | CH54: 0 | CI54: 52595 | CK54: 0 | CL54: 0 | CM54: 35154.15 | CN54: 0 | CO54: 35154.15 | CQ54: 0 | CR54: 0 | CS54: 0 | CU54: 35154.15 | CV54: =CI54-CU54 -> 17440.85 | CW54: =IF(CI54=0,"n/a",CU54/(CI54)) -> 0.66839338
A55: %,V529800 | B55: 529800 | C55: Speech Therapist | D55: 0 | E55: 0 | F55: 0 | G55: 55420.07 | H55: 0 | I55: 55420.07 | K55: 0 | L55: 0 | M55: 0 | O55: 55420.07 | Q55: 0 | R55: 0 | U55: 0 | V55: 0 | W55: 0 | X55: 0 | Y55: 0 | Z55: 0 | AA55: 0 | AB55: 0 | AC55: 0 | AD55: 0 | AE55: 0 | AF55: 57842 | AG55: 0 | AH55: 0 | AI55: 0 | AJ55: 0 | AK55: 0 | AL55: 0 | AM55: 0 | AN55: 0 | AO55: 0 | AP55: 0 | AQ55: 0 | AR55: 0 | AS55: 0 | AT55: 0 | AU55: 0 | AV55: 0 | AW55: 0 | AX55: 0 | AY55: 0 | AZ55: 0 | BA55: 0 | BB55: 0 | BC55: 0 | BD55: 0 | BE55: 0 | BF55: 0 | BG55: 0 | BH55: 0 | BI55: 0 | BJ55: 0 | BK55: 0 | BL55: 0 | BM55: 0 | BN55: 0 | BO55: 0 | BP55: 0 | BQ55: 0 | BR55: 0 | BS55: 0 | BT55: 0 | BU55: 0 | BV55: 0 | BW55: 0 | BX55: 0 | BY55: 0 | BZ55: 0 | CA55: 0 | CB55: 0 | CC55: 0 | CD55: 0 | CE55: 0 | CF55: 0 | CG55: 0 | CH55: 0 | CI55: 57842 | CK55: 0 | CL55: 0 | CM55: 35540.39 | CN55: 0 | CO55: 35540.39 | CQ55: 0 | CR55: 0 | CS55: 0 | CU55: 35540.39 | CV55: =CI55-CU55 -> 22301.61 | CW55: =IF(CI55=0,"n/a",CU55/(CI55)) -> 0.61443916
A56: %,V552100 | B56: 552100 | C56: School Secretary | D56: 0 | E56: 0 | F56: 0 | G56: 134645.2 | H56: 0 | I56: 134645.2 | K56: 0 | L56: 0 | M56: 0 | O56: 134645.2 | Q56: 0 | R56: 0 | U56: 0 | V56: 0 | W56: 0 | X56: 0 | Y56: 0 | Z56: 0 | AA56: 0 | AB56: 0 | AC56: 0 | AD56: 0 | AE56: 0 | AF56: 0 | AG56: 145703 | AH56: 0 | AI56: 0 | AJ56: 0 | AK56: 0 | AL56: 0 | AM56: 0 | AN56: 0 | AO56: 0 | AP56: 0 | AQ56: 0 | AR56: 0 | AS56: 0 | AT56: 0 | AU56: 0 | AV56: 0 | AW56: 0 | AX56: 0 | AY56: 0 | AZ56: 0 | BA56: 0 | BB56: 0 | BC56: 0 | BD56: 0 | BE56: 0 | BF56: 0 | BG56: 0 | BH56: 0 | BI56: 0 | BJ56: 0 | BK56: 0 | BL56: 0 | BM56: 0 | BN56: 0 | BO56: 0 | BP56: 0 | BQ56: 0 | BR56: 0 | BS56: 0 | BT56: 0 | BU56: 0 | BV56: 0 | BW56: 0 | BX56: 0 | BY56: 0 | BZ56: 0 | CA56: 0 | CB56: 0 | CC56: 0 | CD56: 0 | CE56: 0 | CF56: 0 | CG56: 0 | CH56: 0 | CI56: 145703 | CK56: 0 | CL56: 0 | CM56: 97217.45 | CN56: 0 | CO56: 97217.45 | CQ56: 0 | CR56: 0 | CS56: 0 | CU56: 97217.45 | CV56: =CI56-CU56 -> 48485.55 | CW56: =IF(CI56=0,"n/a",CU56/(CI56)) -> 0.66723026
A57: %,V557100 | B57: 557100 | C57: Paraprofessional | D57: 0 | E57: 24381.04 | F57: 0 | G57: 348242.41 | H57: 0 | I57: 372623.45 | K57: 0 | L57: 0 | M57: 0 | O57: 372623.45 | Q57: 0 | R57: 0 | U57: 0 | V57: 0 | W57: 0 | X57: 0 | Y57: 0 | Z57: 0 | AA57: 0 | AB57: 0 | AC57: 0 | AD57: 0 | AE57: 0 | AF57: 0 | AG57: 0 | AH57: 453201 | AI57: 0 | AJ57: 0 | AK57: 0 | AL57: 0 | AM57: 0 | AN57: 0 | AO57: 0 | AP57: 0 | AQ57: 0 | AR57: 0 | AS57: 0 | AT57: 0 | AU57: 0 | AV57: 0 | AW57: 0 | AX57: 0 | AY57: 0 | AZ57: 0 | BA57: 0 | BB57: 0 | BC57: 0 | BD57: 0 | BE57: 0 | BF57: 0 | BG57: 0 | BH57: 0 | BI57: 0 | BJ57: 0 | BK57: 0 | BL57: 0 | BM57: 0 | BN57: 0 | BO57: 0 | BP57: 0 | BQ57: 0 | BR57: 0 | BS57: 0 | BT57: 0 | BU57: 0 | BV57: 0 | BW57: 0 | BX57: 0 | BY57: 0 | BZ57: 0 | CA57: 0 | CB57: 0 | CC57: 0 | CD57: 0 | CE57: 0 | CF57: 0 | CG57: 0 | CH57: 0 | CI57: 453201 | CK57: 0 | CL57: 18050.52 | CM57: 263862.77 | CN57: 0 | CO57: 281913.29 | CQ57: 0 | CR57: 0 | CS57: 0 | CU57: 281913.29 | CV57: =CI57-CU57 -> 171287.71 | CW57: =IF(CI57=0,"n/a",CU57/(CI57)) -> 0.62204913
... A64: %,V599830 | B64: 599830 | C64: Additional Pay-Administrative | D64: 0 | E64: 0 | F64: 0 | G64: 0 | H64: 0 | I64: 0 | K64: 0 | L64: 0 | M64: 0 | O64: 0 | Q64: 0 | R64: 0 | U64: 0 | V64: 0 | W64: 0 | X64: 0 | Y64: 0 | Z64: 0 | AA64: 0 | AB64: 0 | AC64: 0 | AD64: 0 | AE64: 0 | AF64: 0 | AG64: 0 | AH64: 0 | AI64: 0 | AJ64: 0 | AK64: 0 | AL64: 0 | AM64: 0 | AN64: 1750 | AO64: 0 | AP64: 0 | AQ64: 0 | AR64: 0 | AS64: 0 | AT64: 0 | AU64: 0 | AV64: 0 | AW64: 0 | AX64: 0 | AY64: 0 | AZ64: 0 | BA64: 0 | BB64: 0 | BC64: 0 | BD64: 0 | BE64: 0 | BF64: 0 | BG64: 0 | BH64: 0 | BI64: 0 | BJ64: 0 | BK64: 0 | BL64: 0 | BM64: 0 | BN64: 0 | BO64: 0 | BP64: 0 | BQ64: 0 | BR64: 0 | BS64: 0 | BT64: 0 | BU64: 0 | BV64: 0 | BW64: 0 | BX64: 0 | BY64: 0 | BZ64: 0 | CA64: 0 | CB64: 0 | CC64: 0 | CD64: 0 | CE64: 0 | CF64: 0 | CG64: 0 | CH64: 0 | CI64: 1750 | CK64: 0 | CL64: 0 | CM64: 0 | CN64: 0 | CO64: 0 | CQ64: 0 | CR64: 0 | CS64: 0 | CU64: 0 | CV64: =CI64-CU64 -> 1750 | CW64: =IF(CI64=0,"n/a",CU64/(CI64)) -> 0
A65: %,FACCOUNT,TACCOUNT_ROLLUP,X,NSALARIES | C65: Salaries | D65: 7882 | E65: 66730.88 | F65: 0 | G65: 3174827 | H65: 0 | I65: 3249439.9 | K65: 0 | L65: 0 | M65: 0 | O65: 3249439.9 | Q65: 0 | R65: 0 | U65: 111677 | V65: 157323 | W65: 1988350 | X65: 36500 | Y65: 46872 | Z65: 46037 | AA65: 65532 | AB65: 34652 | AC65: 28437 | AD65: 30420 | AE65: 52595 | AF65: 57842 | AG65: 145703 | AH65: 453201 | AI65: 22008 | AJ65: 128876 | AK65: 22000 | AL65: 15000 | AM65: 1750 | AN65: 1750 | AO65: 0 | AP65: 0 | AQ65: 0 | AR65: 0 | AS65: 0 | AT65: 0 | AU65: 0 | AV65: 0 | AW65: 0 | AX65: 0 | AY65: 0 | AZ65: 0 | BA65: 0 | BB65: 0 | BC65: 0 | BD65: 0 | BE65: 0 | BF65: 0 | BG65: 0 | BH65: 0 | BI65: 0 | BJ65: 0 | BK65: 0 | BL65: 0 | BM65: 0 | BN65: 0 | BO65: 0 | BP65: 0 | BQ65: 0 | BR65: 0 | BS65: 0 | BT65: 0 | BU65: 0 | BV65: 0 | BW65: 0 | BX65: 0 | BY65: 0 | BZ65: 0 | CA65: 0 | CB65: 0 | CC65: 0 | CD65: 0 | CE65: 0 | CF65: 0 | CG65: 0 | CH65: 0 | CI65: 3446525 | CK65: 6916.23 | CL65: 47158.99 | CM65: 2178980.7 | CN65: 0 | CO65: 2233055.9 | CQ65: 0 | CR65: 0 | CS65: 0 | CU65: 2233055.9 | CV65: =CI65-CU65 -> 1213469.1 | CW65: =IF(CI65=0,"n/a",CU65/(CI65)) -> 0.6479152
A67: %,V699000 | B67: 699000 | C67: Employee Benefits | D67: 1911.16 | E67: 15733.68 | F67: 0 | G67: 741833.7 | H67: 0 | I67: 759478.54 | K67: 0 | L67: 0 | M67: 0 | O67: 759478.54 | Q67: 0 | R67: 0 | U67: 0 | V67: 0 | W67: 0 | X67: 0 | Y67: 0 | Z67: 0 | AA67: 0 | AB67: 0 | AC67: 0 | AD67: 0 | AE67: 0 | AF67: 0 | AG67: 0 | AH67: 0 | AI67: 0 | AJ67: 0 | AK67: 0 | AL67: 0 | AM67: 0 | AN67: 0 | AO67: 879436 | AP67: 0 | AQ67: 0 | AR67: 0 | AS67: 0 | AT67: 0 | AU67: 0 | AV67: 0 | AW67: 0 | AX67: 0 | AY67: 0 | AZ67: 0 | BA67: 0 | BB67: 0 | BC67: 0 | BD67: 0 | BE67: 0 | BF67: 0 | BG67: 0 | BH67: 0 | BI67: 0 | BJ67: 0 | BK67: 0 | BL67: 0 | BM67: 0 | BN67: 0 | BO67: 0 | BP67: 0 | BQ67: 0 | BR67: 0 | BS67: 0 | BT67: 0 | BU67: 0 | BV67: 0 | BW67: 0 | BX67: 0 | BY67: 0 | BZ67: 0 | CA67: 0 | CB67: 0 | CC67: 0 | CD67: 0 | CE67: 0 | CF67: 0 | CG67: 0 | CH67: 0 | CI67: 879436 | CK67: 1728.52 | CL67: 11250.25 | CM67: 545861.27 | CN67: 0 | CO67: 558840.04 | CQ67: 0 | CR67: 0 | CS67: 0 | CU67: 558840.04 | CV67: =CI67-CU67 -> 320595.96 | CW67: =IF(CI67=0,"n/a",CU67/(CI67)) -> 0.63545277
A68: %,FACCOUNT,TACCOUNT_ROLLUP,X,NBENEFITS | C68: Benefits | D68: 1911.16 | E68: 15733.68 | F68: 0 | G68: 741833.7 | H68: 0 | I68: 759478.54 | K68: 0 | L68: 0 | M68: 0 | O68: 759478.54 | Q68: 0 | R68: 0 | U68: 0 | V68: 0 | W68: 0 | X68: 0 | Y68: 0 | Z68: 0 | AA68: 0 | AB68: 0 | AC68: 0 | AD68: 0 | AE68: 0 | AF68: 0 | AG68: 0 | AH68: 0 | AI68: 0 | AJ68: 0 | AK68: 0 | AL68: 0 | AM68: 0 | AN68: 0 | AO68: 879436 | AP68: 0 | AQ68: 0 | AR68: 0 | AS68: 0 | AT68: 0 | AU68: 0 | AV68: 0 | AW68: 0 | AX68: 0 | AY68: 0 | AZ68: 0 | BA68: 0 | BB68: 0 | BC68: 0 | BD68: 0 | BE68: 0 | BF68: 0 | BG68: 0 | BH68: 0 | BI68: 0 | BJ68: 0 | BK68: 0 | BL68: 0 | BM68: 0 | BN68: 0 | BO68: 0 | BP68: 0 | BQ68: 0 | BR68: 0 | BS68: 0 | BT68: 0 | BU68: 0 | BV68: 0 | BW68: 0 | BX68: 0 | BY68: 0 | BZ68: 0 | CA68: 0 | CB68: 0 | CC68: 0 | CD68: 0 | CE68: 0 | CF68: 0 | CG68: 0 | CH68: 0 | CI68: 879436 | CK68: 1728.52 | CL68: 11250.25 | CM68: 545861.27 | CN68: 0 | CO68: 558840.04 | CQ68: 0 | CR68: 0 | CS68: 0 | CU68: 558840.04 | CV68: =CI68-CU68 -> 320595.96 | CW68: =IF(CI68=0,"n/a",CU68/(CI68)) -> 0.63545277
A70: %,C | C70: Total Salaries and Benefits | D70: =D65+D68 -> 9793.16 | E70: =E65+E68 -> 82464.56 | F70: =F65+F68 -> 0 | G70: =G65+G68 -> 3916660.7 | H70: =H65+H68 -> 0 | I70: =I65+I68 -> 4008918.4 | K70: =K65+K68 -> 0 | L70: =L65+L68 -> 0 | M70: =M65+M68 -> 0 | O70: =O65+O68 -> 4008918.4 | U70: =U65+U68 -> 111677 | V70: =V65+V68 -> 157323 | W70: =W65+W68 -> 1988350 | X70: =X65+X68 -> 36500 | Y70: =Y65+Y68 -> 46872 | Z70: =Z65+Z68 -> 46037 | AA70: =AA65+AA68 -> 65532 | AB70: =AB65+AB68 -> 34652 | ... CI70: =CI65+CI68 -> 4325961 | CK70: =CK65+CK68 -> 8644.75 | CL70: =CL65+CL68 -> 58409.24 | CM70: =CM65+CM68 -> 2724842 | CN70: =CN65+CN68 -> 0 | CO70: =CO65+CO68 -> 2791896 | CQ70: =CQ65+CQ68 -> 0 | CR70: =CR65+CR68 -> 0 | CS70: =CS65+CS68 -> 0 | CU70: =CU65+CU68 -> 2791896 | CV70: =CV65+CV68 -> 1534065 | CW70: =IF(CI70=0,"n/a",CU70/(CI70)) -> 0.64538168
A72: %,V701000 | B72: 701000 | C72: Mileage And Travel | D72: 0 | E72: 0 | F72: 0 | G72: 573.52 | H72: 0 | I72: 573.52 | K72: 0 | L72: 0 | M72: 0 | O72: 573.52 | Q72: 0 | R72: 0 | U72: 0 | V72: 0 | W72: 0 | X72: 0 | Y72: 0 | Z72: 0 | AA72: 0 | AB72: 0 | AC72: 0 | AD72: 0 | AE72: 0 | AF72: 0 | AG72: 0 | AH72: 0 | AI72: 0 | AJ72: 0 | AK72: 0 | AL72: 0 | AM72: 0 | AN72: 0 | AO72: 0 | AP72: 1428 | AQ72: 0 | AR72: 0 | AS72: 0 | AT72: 0 | AU72: 0 | AV72: 0 | AW72: 0 | AX72: 0 | AY72: 0 | AZ72: 0 | BA72: 0 | BB72: 0 | BC72: 0 | BD72: 0 | BE72: 0 | BF72: 0 | BG72: 0 | BH72: 0 | BI72: 0 | BJ72: 0 | BK72: 0 | BL72: 0 | BM72: 0 | BN72: 0 | BO72: 0 | BP72: 0 | BQ72: 0 | BR72: 0 | BS72: 0 | BT72: 0 | BU72: 0 | BV72: 0 | BW72: 0 | BX72: 0 | BY72: 0 | BZ72: 0 | CA72: 0 | CB72: 0 | CC72: 0 | CD72: 0 | CE72: 0 | CF72: 0 | CG72: 0 | CH72: 0 | CI72: 1428 | CK72: 0 | CL72: 0 | CM72: 453.08 | CN72: 0 | CO72: 453.08 | CQ72: 0 | CR72: 0 | CS72: 0 | CU72: 453.08 | CV72: =CI72-CU72 -> 974.92 | CW72: =IF(CI72=0,"n/a",CU72/(CI72)) -> 0.31728291
A73: %,V702000 | B73: 702000 | C73: Employee Training & Conf | D73: 0 | E73: 84.99 | F73: 0 | G73: 19399.45 | H73: 0 | I73: 19484.44 | K73: 0 | L73: 0 | M73: 0 | O73: 19484.44 | Q73: 0 | R73: 0 | U73: 0 | V73: 0 | W73: 0 | X73: 0 | Y73: 0 | Z73: 0 | AA73: 0 | AB73: 0 | AC73: 0 | AD73: 0 | AE73: 0 | AF73: 0 | AG73: 0 | AH73: 0 | AI73: 0 | AJ73: 0 | AK73: 0 | AL73: 0 | AM73: 0 | AN73: 0 | AO73: 0 | AP73: 0 | AQ73: 20750 | AR73: 0 | AS73: 0 | AT73: 0 | AU73: 0 | AV73: 0 | AW73: 0 | AX73: 0 | AY73: 0 | AZ73: 0 | BA73: 0 | BB73: 0 | BC73: 0 | BD73: 0 | BE73: 0 | BF73: 0 | BG73: 0 | BH73: 0 | BI73: 0 | BJ73: 0 | BK73: 0 | BL73: 0 | BM73: 0 | BN73: 0 | BO73: 0 | BP73: 0 | BQ73: 0 | BR73: 0 | BS73: 0 | BT73: 0 | BU73: 0 | BV73: 0 | BW73: 0 | BX73: 0 | BY73: 0 | BZ73: 0 | CA73: 0 | CB73: 0 | CC73: 0 | CD73: 0 | CE73: 0 | CF73: 0 | CG73: 0 | CH73: 0 | CI73: 20750 | CK73: 0 | CL73: 22 | CM73: 14876.97 | CN73: 0 | CO73: 14898.97 | CQ73: 0 | CR73: 0 | CS73: 0 | CU73: 14898.97 | CV73: =CI73-CU73 -> 5851.03 | CW73: =IF(CI73=0,"n/a",CU73/(CI73)) -> 0.71802265
A74: %,V708000 | B74: 708000 | C74: Employee Background Verificatn | D74: 0 | E74: 67.5 | F74: 0 | G74: 978 | H74: 0 | I74: 1045.5 | K74: 0 | L74: 0 | M74: 0 | O74: 1045.5 | Q74: 0 | R74: 0 | U74: 0 | V74: 0 | W74: 0 | X74: 0 | Y74: 0 | Z74: 0 | AA74: 0 | AB74: 0 | AC74: 0 | AD74: 0 | AE74: 0 | AF74: 0 | AG74: 0 | AH74: 0 | AI74: 0 | AJ74: 0 | AK74: 0 | AL74: 0 | AM74: 0 | AN74: 0 | AO74: 0 | AP74: 0 | AQ74: 0 | AR74: 1025 | AS74: 0 | AT74: 0 | AU74: 0 | AV74: 0 | AW74: 0 | AX74: 0 | AY74: 0 | AZ74: 0 | BA74: 0 | BB74: 0 | BC74: 0 | BD74: 0 | BE74: 0 | BF74: 0 | BG74: 0 | BH74: 0 | BI74: 0 | BJ74: 0 | BK74: 0 | BL74: 0 | BM74: 0 | BN74: 0 | BO74: 0 | BP74: 0 | BQ74: 0 | BR74: 0 | BS74: 0 | BT74: 0 | BU74: 0 | BV74: 0 | BW74: 0 | BX74: 0 | BY74: 0 | BZ74: 0 | CA74: 0 | CB74: 0 | CC74: 0 | CD74: 0 | CE74: 0 | CF74: 0 | CG74: 0 | CH74: 0 | CI74: 1025 | CK74: 17 | CL74: 0 | CM74: 474 | CN74: 0 | CO74: 491 | CQ74: 0 | CR74: 0 | CS74: 0 | CU74: 491 | CV74: =CI74-CU74 -> 534 | CW74: =IF(CI74=0,"n/a",CU74/(CI74)) -> 0.47902439
A75: %,V710000 | B75: 710000 | C75: Meals/Refreshments | D75: 5378.54 | E75: 366.67 | F75: 0 | G75: 440.77 | H75: 0 | I75: 6185.98 | K75: 0 | L75: 0 | M75: 0 | O75: 6185.98 | Q75: 0 | R75: 0 | U75: 0 | V75: 0 | W75: 0 | X75: 0 | Y75: 0 | Z75: 0 | AA75: 0 | AB75: 0 | AC75: 0 | AD75: 0 | AE75: 0 | AF75: 0 | AG75: 0 | AH75: 0 | AI75: 0 | AJ75: 0 | AK75: 0 | AL75: 0 | AM75: 0 | AN75: 0 | AO75: 0 | AP75: 0 | AQ75: 0 | AR75: 0 | AS75: 7311 | AT75: 0 | AU75: 0 | AV75: 0 | AW75: 0 | AX75: 0 | AY75: 0 | AZ75: 0 | BA75: 0 | BB75: 0 | BC75: 0 | BD75: 0 | BE75: 0 | BF75: 0 | BG75: 0 | BH75: 0 | BI75: 0 | BJ75: 0 | BK75: 0 | BL75: 0 | BM75: 0 | BN75: 0 | BO75: 0 | BP75: 0 | BQ75: 0 | BR75: 0 | BS75: 0 | BT75: 0 | BU75: 0 | BV75: 0 | BW75: 0 | BX75: 0 | BY75: 0 | BZ75: 0 | CA75: 0 | CB75: 0 | CC75: 0 | CD75: 0 | CE75: 0 | CF75: 0 | CG75: 0 | CH75: 0 | CI75: 7311 | CK75: 3647.09 | CL75: 0 | CM75: 31.98 | CN75: 0 | CO75: 3679.07 | CQ75: 0 | CR75: 0 | CS75: 0 | CU75: 3679.07 | CV75: =CI75-CU75 -> 3631.93 | CW75: =IF(CI75=0,"n/a",CU75/(CI75)) -> 0.50322391
A76: %,V713000 | B76: 713000 | C76: Student Transportation | D76: 8541.46 | E76: 0 | F76: 0 | G76: 0 | H76: 0 | I76: 8541.46 | K76: 0 | L76: 0 | M76: 0 | O76: 8541.46 | Q76: 0 | R76: 0 | U76: 0 | V76: 0 | W76: 0 | X76: 0 | Y76: 0 | Z76: 0 | AA76: 0 | AB76: 0 | AC76: 0 | AD76: 0 | AE76: 0 | AF76: 0 | AG76: 0 | AH76: 0 | AI76: 0 | AJ76: 0 | AK76: 0 | AL76: 0 | AM76: 0 | AN76: 0 | AO76: 0 | AP76: 0 | AQ76: 0 | AR76: 0 | AS76: 0 | AT76: 10250 | AU76: 0 | AV76: 0 | AW76: 0 | AX76: 0 | AY76: 0 | AZ76: 0 | BA76: 0 | BB76: 0 | BC76: 0 | BD76: 0 | BE76: 0 | BF76: 0 | BG76: 0 | BH76: 0 | BI76: 0 | BJ76: 0 | BK76: 0 | BL76: 0 | BM76: 0 | BN76: 0 | BO76: 0 | BP76: 0 | BQ76: 0 | BR76: 0 | BS76: 0 | BT76: 0 | BU76: 0 | BV76: 0 | BW76: 0 | BX76: 0 | BY76: 0 | BZ76: 0 | CA76: 0 | CB76: 0 | CC76: 0 | CD76: 0 | CE76: 0 | CF76: 0 | CG76: 0 | CH76: 0 | CI76: 10250 | CK76: 5682.01 | CL76: 0 | CM76: 0 | CN76: 0 | CO76: 5682.01 | CQ76: 0 | CR76: 0 | CS76: 0 | CU76: 5682.01 | CV76: =CI76-CU76 -> 4567.99 | CW76: =IF(CI76=0,"n/a",CU76/(CI76)) -> 0.55434244
A77: %,V715000 | B77: 715000 | C77: Student Admission/Entry Fees | D77: 33091.64 | E77: 400 | F77: 0 | G77: 1151 | H77: 0 | I77: 34642.64 | K77: 0 | L77: 0 | M77: 0 | O77: 34642.64 | Q77: 0 | R77: 0 | U77: 0 | V77: 0 | W77: 0 | X77: 0 | Y77: 0 | Z77: 0 | AA77: 0 | AB77: 0 | AC77: 0 | AD77: 0 | AE77: 0 | AF77: 0 | AG77: 0 | AH77: 0 | AI77: 0 | AJ77: 0 | AK77: 0 | AL77: 0 | AM77: 0 | AN77: 0 | AO77: 0 | AP77: 0 | AQ77: 0 | AR77: 0 | AS77: 0 | AT77: 0 | AU77: 48250 | AV77: 0 | AW77: 0 | AX77: 0 | AY77: 0 | AZ77: 0 | BA77: 0 | BB77: 0 | BC77: 0 | BD77: 0 | BE77: 0 | BF77: 0 | BG77: 0 | BH77: 0 | BI77: 0 | BJ77: 0 | BK77: 0 | BL77: 0 | BM77: 0 | BN77: 0 | BO77: 0 | BP77: 0 | BQ77: 0 | BR77: 0 | BS77: 0 | BT77: 0 | BU77: 0 | BV77: 0 | BW77: 0 | BX77: 0 | BY77: 0 | BZ77: 0 | CA77: 0 | CB77: 0 | CC77: 0 | CD77: 0 | CE77: 0 | CF77: 0 | CG77: 0 | CH77: 0 | CI77: 48250 | CK77: 31668.33 | CL77: 175 | CM77: 0 | CN77: 0 | CO77: 31843.33 | CQ77: 0 | CR77: 0 | CS77: 0 | CU77: 31843.33 | CV77: =CI77-CU77 -> 16406.67 | CW77: =IF(CI77=0,"n/a",CU77/(CI77)) -> 0.65996539
A78: %,V721000 | B78: 721000 | C78: Legal Fees | D78: 0 | E78: 0 | F78: 0 | G78: 0 | H78: 0 | I78: 0 | K78: 0 | L78: 0 | M78: 0 | O78: 0 | Q78: 0 | R78: 0 | U78: 0 | V78: 0 | W78: 0 | X78: 0 | Y78: 0 | Z78: 0 | AA78: 0 | AB78: 0 | AC78: 0 | AD78: 0 | AE78: 0 | AF78: 0 | AG78: 0 | AH78: 0 | AI78: 0 | AJ78: 0 | AK78: 0 | AL78: 0 | AM78: 0 | AN78: 0 | AO78: 0 | AP78: 0 | AQ78: 0 | AR78: 0 | AS78: 0 | AT78: 0 | AU78: 0 | AV78: 5221 | AW78: 0 | AX78: 0 | AY78: 0 | AZ78: 0 | BA78: 0 | BB78: 0 | BC78: 0 | BD78: 0 | BE78: 0 | BF78: 0 | BG78: 0 | BH78: 0 | BI78: 0 | BJ78: 0 | BK78: 0 | BL78: 0 | BM78: 0 | BN78: 0 | BO78: 0 | BP78: 0 | BQ78: 0 | BR78: 0 | BS78: 0 | BT78: 0 | BU78: 0 | BV78: 0 | BW78: 0 | BX78: 0 | BY78: 0 | BZ78: 0 | CA78: 0 | CB78: 0 | CC78: 0 | CD78: 0 | CE78: 0 | CF78: 0 | CG78: 0 | CH78: 0 | CI78: 5221 | CK78: 0 | CL78: 0 | CM78: 0 | CN78: 0 | CO78: 0 | CQ78: 0 | CR78: 0 | CS78: 0 | CU78: 0 | CV78: =CI78-CU78 -> 5221 | CW78: =IF(CI78=0,"n/a",CU78/(CI78)) -> 0
A79: %,V723000 | B79: 723000 | C79: Printing | D79: 0 | E79: 0 | F79: 0 | G79: 1050 | H79: 0 | I79: 1050 | K79: 0 | L79: 0 | M79: 0 | O79: 1050 | Q79: 0 | R79: 0 | U79: 0 | V79: 0 | W79: 0 | X79: 0 | Y79: 0 | Z79: 0 | AA79: 0 | AB79: 0 | AC79: 0 | AD79: 0 | AE79: 0 | AF79: 0 | AG79: 0 | AH79: 0 | AI79: 0 | AJ79: 0 | AK79: 0 | AL79: 0 | AM79: 0 | AN79: 0 | AO79: 0 | AP79: 0 | AQ79: 0 | AR79: 0 | AS79: 0 | AT79: 0 | AU79: 0 | AV79: 0 | AW79: 1224 | AX79: 0 | AY79: 0 | AZ79: 0 | BA79: 0 | BB79: 0 | BC79: 0 | BD79: 0 | BE79: 0 | BF79: 0 | BG79: 0 | BH79: 0 | BI79: 0 | BJ79: 0 | BK79: 0 | BL79: 0 | BM79: 0 | BN79: 0 | BO79: 0 | BP79: 0 | BQ79: 0 | BR79: 0 | BS79: 0 | BT79: 0 | BU79: 0 | BV79: 0 | BW79: 0 | BX79: 0 | BY79: 0 | BZ79: 0 | CA79: 0 | CB79: 0 | CC79: 0 | CD79: 0 | CE79: 0 | CF79: 0 | CG79: 0 | CH79: 0 | CI79: 1224 | CK79: 0 | CL79: 0 | CM79: 915 | CN79: 0 | CO79: 915 | CQ79: 0 | CR79: 0 | CS79: 0 | CU79: 915 | CV79: =CI79-CU79 -> 309 | CW79: =IF(CI79=0,"n/a",CU79/(CI79)) -> 0.74754902
A80: %,V731000 | B80: 731000 | C80: Contracted Services | D80: 748 | E80: 0 | F80: 0 | G80: 100381.89 | H80: 0 | I80: 101129.89 | K80: 0 | L80: 0 | M80: 0 | O80: 101129.89 | Q80: 0 | R80: 0 | U80: 0 | V80: 0 | W80: 0 | X80: 0 | Y80: 0 | Z80: 0 | AA80: 0 | AB80: 0 | AC80: 0 | AD80: 0 | AE80: 0 | AF80: 0 | AG80: 0 | AH80: 0 | AI80: 0 | AJ80: 0 | AK80: 0 | AL80: 0 | AM80: 0 | AN80: 0 | AO80: 0 | AP80: 0 | AQ80: 0 | AR80: 0 | AS80: 0 | AT80: 0 | AU80: 0 | AV80: 0 | AW80: 0 | AX80: 132617 | AY80: 0 | AZ80: 0 | BA80: 0 | BB80: 0 | BC80: 0 | BD80: 0 | BE80: 0 | BF80: 0 | BG80: 0 | BH80: 0 | BI80: 0 | BJ80: 0 | BK80: 0 | BL80: 0 | BM80: 0 | BN80: 0 | BO80: 0 | BP80: 0 | BQ80: 0 | BR80: 0 | BS80: 0 | BT80: 0 | BU80: 0 | BV80: 0 | BW80: 0 | BX80: 0 | BY80: 0 | BZ80: 0 | CA80: 0 | CB80: 0 | CC80: 0 | CD80: 0 | CE80: 0 | CF80: 0 | CG80: 0 | CH80: 0 | CI80: 130617 | CK80: 0 | CL80: 0 | CM80: 56067.22 | CN80: 0 | CO80: 56067.22 | CQ80: 0 | CR80: 0 | CS80: 0 | CU80: 56067.22 | CV80: =CI80-CU80 -> 74549.78 | CW80: =IF(CI80=0,"n/a",CU80/(CI80)) -> 0.42924903
A81: %,V735000 | B81: 735000 | C81: Bank Fees & Other Expense | D81: 0 | E81: 0 | F81: 0 | G81: 0 | H81: 0 | I81: 0 | K81: 0 | L81: 0 | M81: 0 | O81: 0 | Q81: 0 | R81: 0 | U81: 0 | V81: 0 | W81: 0 | X81: 0 | Y81: 0 | Z81: 0 | AA81: 0 | AB81: 0 | AC81: 0 | AD81: 0 | AE81: 0 | AF81: 0 | AG81: 0 | AH81: 0 | AI81: 0 | AJ81: 0 | AK81: 0 | AL81: 0 | AM81: 0 | AN81: 0 | AO81: 0 | AP81: 0 | AQ81: 0 | AR81: 0 | AS81: 0 | AT81: 0 | AU81: 0 | AV81: 0 | AW81: 0 | AX81: 0 | AY81: 0 | AZ81: 0 | BA81: 0 | BB81: 0 | BC81: 0 | BD81: 0 | BE81: 0 | BF81: 0 | BG81: 0 | BH81: 0 | BI81: 0 | BJ81: 0 | BK81: 0 | BL81: 0 | BM81: 0 | BN81: 0 | BO81: 0 | BP81: 0 | BQ81: 0 | BR81: 0 | BS81: 0 | BT81: 0 | BU81: 0 | BV81: 0 | BW81: 0 | BX81: 0 | BY81: 0 | BZ81: 0 | CA81: 0 | CB81: 0 | CC81: 0 | CD81: 0 | CE81: 0 | CF81: 0 | CG81: 0 | CH81: 0 | CI81: 0 | CK81: 0 | CL81: 0 | CM81: 0 | CN81: 0 | CO81: 0 | CQ81: 0 | CR81: 0 | CS81: 0 | CU81: 0 | CV81: =CI81-CU81 -> 0 | CW81: =IF(CI81=0,"n/a",CU81/(CI81)) -> n/a
A82: %,V743000 | B82: 743000 | C82: Equipment Rental | D82: 30.4 | E82: 0 | F82: 0 | G82: 1128.69 | H82: 0 | I82: 1159.09 | K82: 0 | L82: 0 | M82: 0 | O82: 1159.09 | Q82: 0 | R82: 0 | U82: 0 | V82: 0 | W82: 0 | X82: 0 | Y82: 0 | Z82: 0 | AA82: 0 | AB82: 0 | AC82: 0 | AD82: 0 | AE82: 0 | AF82: 0 | AG82: 0 | AH82: 0 | AI82: 0 | AJ82: 0 | AK82: 0 | AL82: 0 | AM82: 0 | AN82: 0 | AO82: 0 | AP82: 0 | AQ82: 0 | AR82: 0 | AS82: 0 | AT82: 0 | AU82: 0 | AV82: 0 | AW82: 0 | AX82: 0 | AY82: 1619 | AZ82: 0 | BA82: 0 | BB82: 0 | BC82: 0 | BD82: 0 | BE82: 0 | BF82: 0 | BG82: 0 | BH82: 0 | BI82: 0 | BJ82: 0 | BK82: 0 | BL82: 0 | BM82: 0 | BN82: 0 | BO82: 0 | BP82: 0 | BQ82: 0 | BR82: 0 | BS82: 0 | BT82: 0 | BU82: 0 | BV82: 0 | BW82: 0 | BX82: 0 | BY82: 0 | BZ82: 0 | CA82: 0 | CB82: 0 | CC82: 0 | CD82: 0 | CE82: 0 | CF82: 0 | CG82: 0 | CH82: 0 | CI82: 1619 | CK82: 0 | CL82: 0 | CM82: 696 | CN82: 0 | CO82: 696 | CQ82: 0 | CR82: 0 | CS82: 0 | CU82: 696 | CV82: =CI82-CU82 -> 923 | CW82: =IF(CI82=0,"n/a",CU82/(CI82)) -> 0.429895
A83: %,V745000 | B83: 745000 | C83: Contract Maint/Eq Repair | D83: 0 | E83: 0 | F83: 689.37 | G83: 8732.14 | H83: 0 | I83: 9421.51 | K83: 0 | L83: 0 | M83: 0 | O83: 9421.51 | Q83: 0 | R83: 0 | U83: 0 | V83: 0 | W83: 0 | X83: 0 | Y83: 0 | Z83: 0 | AA83: 0 | AB83: 0 | AC83: 0 | AD83: 0 | AE83: 0 | AF83: 0 | AG83: 0 | AH83: 0 | AI83: 0 | AJ83: 0 | AK83: 0 | AL83: 0 | AM83: 0 | AN83: 0 | AO83: 0 | AP83: 0 | AQ83: 0 | AR83: 0 | AS83: 0 | AT83: 0 | AU83: 0 | AV83: 0 | AW83: 0 | AX83: 0 | AY83: 0 | AZ83: 9956 | BA83: 0 | BB83: 0 | BC83: 0 | BD83: 0 | BE83: 0 | BF83: 0 | BG83: 0 | BH83: 0 | BI83: 0 | BJ83: 0 | BK83: 0 | BL83: 0 | BM83: 0 | BN83: 0 | BO83: 0 | BP83: 0 | BQ83: 0 | BR83: 0 | BS83: 0 | BT83: 0 | BU83: 0 | BV83: 0 | BW83: 0 | BX83: 0 | BY83: 0 | BZ83: 0 | CA83: 0 | CB83: 0 | CC83: 0 | CD83: 0 | CE83: 0 | CF83: 0 | CG83: 0 | CH83: 0 | CI83: 9956 | CK83: 0 | CL83: 0 | CM83: 5657.17 | CN83: 0 | CO83: 5657.17 | CQ83: 0 | CR83: 0 | CS83: 0 | CU83: 5657.17 | CV83: =CI83-CU83 -> 4298.83 | CW83: =IF(CI83=0,"n/a",CU83/(CI83)) -> 0.56821716
... A97: %,V781000 | B97: 781000 | C97: Lease Purch-Other-Principal Bond | D97: 0 | E97: 0 | F97: 0 | G97: 264718.4 | H97: 0 | I97: 264718.4 | K97: 0 | L97: 145000 | M97: 145000 | O97: 145000 | Q97: 0 | R97: 0 | U97: 0 | V97: 0 | W97: 0 | X97: 0 | Y97: 0 | Z97: 0 | AA97: 0 | AB97: 0 | AC97: 0 | AD97: 0 | AE97: 0 | AF97: 0 | AG97: 0 | AH97: 0 | AI97: 0 | AJ97: 0 | AK97: 0 | AL97: 0 | AM97: 0 | AN97: 0 | AO97: 0 | AP97: 0 | AQ97: 0 | AR97: 0 | AS97: 0 | AT97: 0 | AU97: 0 | AV97: 0 | AW97: 0 | AX97: 0 | AY97: 0 | AZ97: 0 | BA97: 0 | BB97: 0 | BC97: 0 | BD97: 0 | BE97: 0 | BF97: 0 | BG97: 0 | BH97: 0 | BI97: 0 | BJ97: 0 | BK97: 0 | BL97: 0 | BM97: 402736 | BN97: 0 | BO97: 0 | BP97: 0 | BQ97: 0 | BR97: 0 | BS97: 0 | BT97: 0 | BU97: 0 | BV97: 0 | BW97: 0 | BX97: 0 | BY97: 0 | BZ97: 0 | CA97: 0 | CB97: 0 | CC97: 0 | CD97: 0 | CE97: 0 | CF97: 0 | CG97: 0 | CH97: 0 | CI97: 150000 | CK97: 0 | CL97: 0 | CM97: 0 | CN97: 0 | CO97: 0 | CQ97: 0 | CR97: 0 | CS97: 0 | CU97: 0 | CV97: =CI97-CU97 -> 150000 | CW97: =IF(CI97=0,"n/a",CU97/(CI97)) -> 0
B98: 781000 | C98: Lease Purch-Other-Principal Loan | O98: 264718.4 | CI98: 252736 | CK98: 0 | CL98: 0 | CM98: 55672.77 | CN98: 0 | CO98: 55672.77 | CQ98: 0 | CR98: 0 | CS98: 0 | CT98: 0 | CU98: 55672.77 | CV98: =CI98-CU98 -> 197063.23 | CW98: =IF(CI98=0,"n/a",CU98/(CI98)) -> 0.22028033
A99: %,V781500 | B99: 781500 | C99: Lease Purch-Other-Interest Bond | D99: 0 | E99: 0 | F99: 0 | G99: 33851.49 | H99: 0 | I99: 33851.49 | K99: 0 | L99: 318901 | M99: 318901 | O99: 318901 | Q99: 0 | R99: 0 | U99: 0 | V99: 0 | W99: 0 | X99: 0 | Y99: 0 | Z99: 0 | AA99: 0 | AB99: 0 | AC99: 0 | AD99: 0 | AE99: 0 | AF99: 0 | AG99: 0 | AH99: 0 | AI99: 0 | AJ99: 0 | AK99: 0 | AL99: 0 | AM99: 0 | AN99: 0 | AO99: 0 | AP99: 0 | AQ99: 0 | AR99: 0 | AS99: 0 | AT99: 0 | AU99: 0 | AV99: 0 | AW99: 0 | AX99: 0 | AY99: 0 | AZ99: 0 | BA99: 0 | BB99: 0 | BC99: 0 | BD99: 0 | BE99: 0 | BF99: 0 | BG99: 0 | BH99: 0 | BI99: 0 | BJ99: 0 | BK99: 0 | BL99: 0 | BM99: 0 | BN99: 371514 | BO99: 0 | BP99: 0 | BQ99: 0 | BR99: 0 | BS99: 0 | BT99: 0 | BU99: 0 | BV99: 0 | BW99: 0 | BX99: 0 | BY99: 0 | BZ99: 0 | CA99: 0 | CB99: 0 | CC99: 0 | CD99: 0 | CE99: 0 | CF99: 0 | CG99: 0 | CH99: 0 | CI99: 314740 | CK99: 0 | CL99: 0 | CM99: 0 | CN99: 0 | CO99: 0 | CQ99: 0 | CR99: 157370 | CS99: 157370 | CU99: 157370 | CV99: =CI99-CU99 -> 157370 | CW99: =IF(CI99=0,"n/a",CU99/(CI99)) -> 0.5
B100: 781500 | C100: Lease Purch-Other-Interest Loan | O100: 33851.49 | CI100: 56774 | CK100: 0 | CL100: 0 | CM100: 42959.31 | CN100: 0 | CO100: 42959.31 | CQ100: 0 | CR100: 0 | CS100: 0 | CU100: 42959.31 | CV100: =CI100-CU100 -> 13814.69 | CW100: =IF(CI100=0,"n/a",CU100/(CI100)) -> 0.75667224
A101: %,V950000 | B101: 950000 | C101: District Fees | D101: 0 | E101: 0 | F101: 0 | G101: 628510.26 | H101: 0 | I101: 628510.26 | K101: 0 | L101: 0 | M101: 0 | O101: 628510.26 | Q101: 0 | R101: 0 | U101: 0 | V101: 0 | W101: 0 | X101: 0 | Y101: 0 | Z101: 0 | AA101: 0 | AB101: 0 | AC101: 0 | AD101: 0 | AE101: 0 | AF101: 0 | AG101: 0 | AH101: 0 | AI101: 0 | AJ101: 0 | AK101: 0 | AL101: 0 | AM101: 0 | AN101: 0 | AO101: 0 | AP101: 0 | AQ101: 0 | AR101: 0 | AS101: 0 | AT101: 0 | AU101: 0 | AV101: 0 | AW101: 0 | AX101: 0 | AY101: 0 | AZ101: 0 | BA101: 0 | BB101: 0 | BC101: 0 | BD101: 0 | BE101: 0 | BF101: 0 | BG101: 0 | BH101: 0 | BI101: 0 | BJ101: 0 | BK101: 0 | BL101: 0 | BM101: 0 | BN101: 0 | BO101: 0 | BP101: 0 | BQ101: 0 | BR101: 0 | BS101: 0 | BT101: 0 | BU101: 0 | BV101: 0 | BW101: 0 | BX101: 0 | BY101: 0 | BZ101: 0 | CA101: 0 | CB101: 0 | CC101: 0 | CD101: 0 | CE101: 0 | CF101: 0 | CG101: 0 | CH101: 718618 | CI101: 718618 | CK101: 0 | CL101: 0 | CM101: 538562.86 | CN101: 0 | CO101: 538562.86 | CQ101: 0 | CR101: 0 | CS101: 0 | CU101: 538562.86 | CV101: =CI101-CU101 -> 180055.14 | CW101: =IF(CI101=0,"n/a",CU101/(CI101)) -> 0.74944249
A102: %,FACCOUNT,TACCOUNT_ROLLUP,X,NPURCHASED SERVICES | C102: Purchased Services | D102: 50767.54 | E102: 1928.83 | F102: 689.37 | G102: 1313869.6 | H102: 0 | I102: 1367255.3 | K102: 80279.54 | L102: 463901 | M102: 544180.54 | O102: 1911435.8 | Q102: 0 | R102: 0 | U102: 0 | V102: 0 | W102: 0 | X102: 0 | Y102: 0 | Z102: 0 | AA102: 0 | AB102: 0 | AC102: 0 | AD102: 0 | AE102: 0 | AF102: 0 | AG102: 0 | AH102: 0 | AI102: 0 | AJ102: 0 | AK102: 0 | AL102: 0 | AM102: 0 | AN102: 0 | AO102: 0 | AP102: 1428 | AQ102: 20750 | AR102: 1025 | AS102: 7311 | AT102: 10250 | AU102: 48250 | AV102: 5221 | AW102: 1224 | AX102: 132617 | AY102: 1619 | AZ102: 9956 | BA102: 33045 | BB102: 78319 | BC102: 1020 | BD102: 21420 | BE102: 50778 | BF102: 14097 | BG102: 17111 | BH102: 520 | BI102: 36096 | BJ102: 28000 | BK102: 10200 | BL102: 510 | BM102: 402736 | BN102: 371514 | BO102: 0 | BP102: 0 | BQ102: 0 | BR102: 0 | BS102: 0 | BT102: 0 | BU102: 0 | BV102: 0 | BW102: 0 | BX102: 0 | BY102: 0 | BZ102: 0 | CA102: 0 | CB102: 0 | CC102: 0 | CD102: 0 | CE102: 0 | CF102: 0 | CG102: 0 | CH102: 718618 | CI102: =SUM(CI72:CI101) -> 2021635 | CK102: 42602.93 | CL102: 487.18 | CM102: 877655.32 | CN102: 0 | CO102: 920745.43 | CQ102: 0 | CR102: 157370 | CS102: 157370 | CU102: 1078115.4 | CV102: =CI102-CU102 -> 943519.57 | CW102: =IF(CI102=0,"n/a",CU102/(CI102)) -> 0.53328886
A104: %,V804000 | B104: 804000 | C104: Fund Raising | D104: 0 | E104: 0 | F104: 0 | G104: 0 | H104: 0 | I104: 0 | K104: 0 | L104: 0 | M104: 0 | O104: 0 | Q104: 0 | R104: 0 | U104: 0 | V104: 0 | W104: 0 | X104: 0 | Y104: 0 | Z104: 0 | AA104: 0 | AB104: 0 | AC104: 0 | AD104: 0 | AE104: 0 | AF104: 0 | AG104: 0 | AH104: 0 | AI104: 0 | AJ104: 0 | AK104: 0 | AL104: 0 | AM104: 0 | AN104: 0 | AO104: 0 | AP104: 0 | AQ104: 0 | AR104: 0 | AS104: 0 | AT104: 0 | AU104: 0 | AV104: 0 | AW104: 0 | AX104: 0 | AY104: 0 | AZ104: 0 | BA104: 0 | BB104: 0 | BC104: 0 | BD104: 0 | BE104: 0 | BF104: 0 | BG104: 0 | BH104: 0 | BI104: 0 | BJ104: 0 | BK104: 0 | BL104: 0 | BM104: 0 | BN104: 0 | BO104: 1530 | BP104: 0 | BQ104: 0 | BR104: 0 | BS104: 0 | BT104: 0 | BU104: 0 | BV104: 0 | BW104: 0 | BX104: 0 | BY104: 0 | BZ104: 0 | CA104: 0 | CB104: 0 | CC104: 0 | CD104: 0 | CE104: 0 | CF104: 0 | CG104: 0 | CH104: 0 | CI104: 1530 | CK104: 0 | CL104: 0 | CM104: 0 | CN104: 0 | CO104: 0 | CQ104: 0 | CR104: 0 | CS104: 0 | CU104: 0 | CV104: =CI104-CU104 -> 1530 | CW104: =IF(CI104=0,"n/a",CU104/(CI104)) -> 0
A105: %,V805000 | B105: 805000 | C105: Materials/Supplies-Other | D105: 3443.62 | E105: 0 | F105: 0 | G105: 7847.82 | H105: 0 | I105: 11291.44 | K105: 0 | L105: 0 | M105: 0 | O105: 11291.44 | Q105: 0 | R105: 0 | U105: 0 | V105: 0 | W105: 0 | X105: 0 | Y105: 0 | Z105: 0 | AA105: 0 | AB105: 0 | AC105: 0 | AD105: 0 | AE105: 0 | AF105: 0 | AG105: 0 | AH105: 0 | AI105: 0 | AJ105: 0 | AK105: 0 | AL105: 0 | AM105: 0 | AN105: 0 | AO105: 0 | AP105: 0 | AQ105: 0 | AR105: 0 | AS105: 0 | AT105: 0 | AU105: 0 | AV105: 0 | AW105: 0 | AX105: 0 | AY105: 0 | AZ105: 0 | BA105: 0 | BB105: 0 | BC105: 0 | BD105: 0 | BE105: 0 | BF105: 0 | BG105: 0 | BH105: 0 | BI105: 0 | BJ105: 0 | BK105: 0 | BL105: 0 | BM105: 0 | BN105: 0 | BO105: 0 | BP105: 13770 | BQ105: 0 | BR105: 0 | BS105: 0 | BT105: 0 | BU105: 0 | BV105: 0 | BW105: 0 | BX105: 0 | BY105: 0 | BZ105: 0 | CA105: 0 | CB105: 0 | CC105: 0 | CD105: 0 | CE105: 0 | CF105: 0 | CG105: 0 | CH105: 0 | CI105: 13770 | CK105: 3245.03 | CL105: 115.45 | CM105: 4517.13 | CN105: 0 | CO105: 7877.61 | CQ105: 0 | CR105: 0 | CS105: 0 | CU105: 7877.61 | CV105: =CI105-CU105 -> 5892.39 | CW105: =IF(CI105=0,"n/a",CU105/(CI105)) -> 0.57208497
A106: %,V806000 | B106: 806000 | C106: Materials/Supplies Resale | D106: 11414.16 | E106: 0 | F106: 0 | G106: 0 | H106: 0 | I106: 11414.16 | K106: 0 | L106: 0 | M106: 0 | O106: 11414.16 | Q106: 0 | R106: 0 | U106: 0 | V106: 0 | W106: 0 | X106: 0 | Y106: 0 | Z106: 0 | AA106: 0 | AB106: 0 | AC106: 0 | AD106: 0 | AE106: 0 | AF106: 0 | AG106: 0 | AH106: 0 | AI106: 0 | AJ106: 0 | AK106: 0 | AL106: 0 | AM106: 0 | AN106: 0 | AO106: 0 | AP106: 0 | AQ106: 0 | AR106: 0 | AS106: 0 | AT106: 0 | AU106: 0 | AV106: 0 | AW106: 0 | AX106: 0 | AY106: 0 | AZ106: 0 | BA106: 0 | BB106: 0 | BC106: 0 | BD106: 0 | BE106: 0 | BF106: 0 | BG106: 0 | BH106: 0 | BI106: 0 | BJ106: 0 | BK106: 0 | BL106: 0 | BM106: 0 | BN106: 0 | BO106: 0 | BP106: 0 | BQ106: 18797 | BR106: 0 | BS106: 0 | BT106: 0 | BU106: 0 | BV106: 0 | BW106: 0 | BX106: 0 | BY106: 0 | BZ106: 0 | CA106: 0 | CB106: 0 | CC106: 0 | CD106: 0 | CE106: 0 | CF106: 0 | CG106: 0 | CH106: 0 | CI106: 18797 | CK106: 12284.87 | CL106: 0 | CM106: 0 | CN106: 0 | CO106: 12284.87 | CQ106: 0 | CR106: 0 | CS106: 0 | CU106: 12284.87 | CV106: =CI106-CU106 -> 6512.13 | CW106: =IF(CI106=0,"n/a",CU106/(CI106)) -> 0.65355482
A107: %,V810000 | B107: 810000 | C107: Office Material/Supplies | D107: 0 | E107: 0 | F107: 0 | G107: 1401.22 | H107: 0 | I107: 1401.22 | K107: 0 | L107: 0 | M107: 0 | O107: 1401.22 | Q107: 0 | R107: 0 | U107: 0 | V107: 0 | W107: 0 | X107: 0 | Y107: 0 | Z107: 0 | AA107: 0 | AB107: 0 | AC107: 0 | AD107: 0 | AE107: 0 | AF107: 0 | AG107: 0 | AH107: 0 | AI107: 0 | AJ107: 0 | AK107: 0 | AL107: 0 | AM107: 0 | AN107: 0 | AO107: 0 | AP107: 0 | AQ107: 0 | AR107: 0 | AS107: 0 | AT107: 0 | AU107: 0 | AV107: 0 | AW107: 0 | AX107: 0 | AY107: 0 | AZ107: 0 | BA107: 0 | BB107: 0 | BC107: 0 | BD107: 0 | BE107: 0 | BF107: 0 | BG107: 0 | BH107: 0 | BI107: 0 | BJ107: 0 | BK107: 0 | BL107: 0 | BM107: 0 | BN107: 0 | BO107: 0 | BP107: 0 | BQ107: 0 | BR107: 3121 | BS107: 0 | BT107: 0 | BU107: 0 | BV107: 0 | BW107: 0 | BX107: 0 | BY107: 0 | BZ107: 0 | CA107: 0 | CB107: 0 | CC107: 0 | CD107: 0 | CE107: 0 | CF107: 0 | CG107: 0 | CH107: 0 | CI107: 3121 | CK107: 0 | CL107: 0 | CM107: 1298.58 | CN107: 0 | CO107: 1298.58 | CQ107: 0 | CR107: 0 | CS107: 0 | CU107: 1298.58 | CV107: =CI107-CU107 -> 1822.42 | CW107: =IF(CI107=0,"n/a",CU107/(CI107)) -> 0.41607818
A108: %,V810001 | B108: 810001 | C108: Office Equipment - Under $5K | D108: 0 | E108: 0 | F108: 0 | G108: 11719.51 | H108: 0 | I108: 11719.51 | K108: 0 | L108: 0 | M108: 0 | O108: 11719.51 | Q108: 0 | R108: 0 | U108: 0 | V108: 0 | W108: 0 | X108: 0 | Y108: 0 | Z108: 0 | AA108: 0 | AB108: 0 | AC108: 0 | AD108: 0 | AE108: 0 | AF108: 0 | AG108: 0 | AH108: 0 | AI108: 0 | AJ108: 0 | AK108: 0 | AL108: 0 | AM108: 0 | AN108: 0 | AO108: 0 | AP108: 0 | AQ108: 0 | AR108: 0 | AS108: 0 | AT108: 0 | AU108: 0 | AV108: 0 | AW108: 0 | AX108: 0 | AY108: 0 | AZ108: 0 | BA108: 0 | BB108: 0 | BC108: 0 | BD108: 0 | BE108: 0 | BF108: 0 | BG108: 0 | BH108: 0 | BI108: 0 | BJ108: 0 | BK108: 0 | BL108: 0 | BM108: 0 | BN108: 0 | BO108: 0 | BP108: 0 | BQ108: 0 | BR108: 0 | BS108: 9843 | BT108: 0 | BU108: 0 | BV108: 0 | BW108: 0 | BX108: 0 | BY108: 0 | BZ108: 0 | CA108: 0 | CB108: 0 | CC108: 0 | CD108: 0 | CE108: 0 | CF108: 0 | CG108: 0 | CH108: 0 | CI108: 9843 | CK108: 0 | CL108: 0 | CM108: 6983.12 | CN108: 0 | CO108: 6983.12 | CQ108: 0 | CR108: 0 | CS108: 0 | CU108: 6983.12 | CV108: =CI108-CU108 -> 2859.88 | CW108: =IF(CI108=0,"n/a",CU108/(CI108)) -> 0.70945037
A109: %,V811000 | B109: 811000 | C109: Curriculum Dev/Staff Training | D109: 0 | E109: 0 | F109: 0 | G109: 143.13 | H109: 0 | I109: 143.13 | K109: 0 | L109: 0 | M109: 0 | O109: 143.13 | Q109: 0 | R109: 0 | U109: 0 | V109: 0 | W109: 0 | X109: 0 | Y109: 0 | Z109: 0 | AA109: 0 | AB109: 0 | AC109: 0 | AD109: 0 | AE109: 0 | AF109: 0 | AG109: 0 | AH109: 0 | AI109: 0 | AJ109: 0 | AK109: 0 | AL109: 0 | AM109: 0 | AN109: 0 | AO109: 0 | AP109: 0 | AQ109: 0 | AR109: 0 | AS109: 0 | AT109: 0 | AU109: 0 | AV109: 0 | AW109: 0 | AX109: 0 | AY109: 0 | AZ109: 0 | BA109: 0 | BB109: 0 | BC109: 0 | BD109: 0 | BE109: 0 | BF109: 0 | BG109: 0 | BH109: 0 | BI109: 0 | BJ109: 0 | BK109: 0 | BL109: 0 | BM109: 0 | BN109: 0 | BO109: 0 | BP109: 0 | BQ109: 0 | BR109: 0 | BS109: 0 | BT109: 0 | BU109: 0 | BV109: 0 | BW109: 0 | BX109: 0 | BY109: 0 | BZ109: 0 | CA109: 0 | CB109: 0 | CC109: 0 | CD109: 0 | CE109: 0 | CF109: 0 | CG109: 0 | CH109: 0 | CI109: 0 | CK109: 0 | CL109: 0 | CM109: 0 | CN109: 0 | CO109: 0 | CQ109: 0 | CR109: 0 | CS109: 0 | CU109: 0 | CV109: =CI109-CU109 -> 0 | CW109: =IF(CI109=0,"n/a",CU109/(CI109)) -> n/a
A110: %,V812000 | B110: 812000 | C110: Clinic Supplies/Materials | D110: 0 | E110: 0 | F110: 0 | G110: 781.89 | H110: 0 | I110: 781.89 | K110: 0 | L110: 0 | M110: 0 | O110: 781.89 | Q110: 0 | R110: 0 | U110: 0 | V110: 0 | W110: 0 | X110: 0 | Y110: 0 | Z110: 0 | AA110: 0 | AB110: 0 | AC110: 0 | AD110: 0 | AE110: 0 | AF110: 0 | AG110: 0 | AH110: 0 | AI110: 0 | AJ110: 0 | AK110: 0 | AL110: 0 | AM110: 0 | AN110: 0 | AO110: 0 | AP110: 0 | AQ110: 0 | AR110: 0 | AS110: 0 | AT110: 0 | AU110: 0 | AV110: 0 | AW110: 0 | AX110: 0 | AY110: 0 | AZ110: 0 | BA110: 0 | BB110: 0 | BC110: 0 | BD110: 0 | BE110: 0 | BF110: 0 | BG110: 0 | BH110: 0 | BI110: 0 | BJ110: 0 | BK110: 0 | BL110: 0 | BM110: 0 | BN110: 0 | BO110: 0 | BP110: 0 | BQ110: 0 | BR110: 0 | BS110: 0 | BT110: 1148 | BU110: 0 | BV110: 0 | BW110: 0 | BX110: 0 | BY110: 0 | BZ110: 0 | CA110: 0 | CB110: 0 | CC110: 0 | CD110: 0 | CE110: 0 | CF110: 0 | CG110: 0 | CH110: 0 | CI110: 1148 | CK110: 0 | CL110: 0 | CM110: 171.68 | CN110: 0 | CO110: 171.68 | CQ110: 0 | CR110: 0 | CS110: 0 | CU110: 171.68 | CV110: =CI110-CU110 -> 976.32 | CW110: =IF(CI110=0,"n/a",CU110/(CI110)) -> 0.14954704
A111: %,V814000 | B111: 814000 | C111: Custodial Supplies | D111: 0 | E111: 0 | F111: 0 | G111: 16990.19 | H111: 0 | I111: 16990.19 | K111: 0 | L111: 0 | M111: 0 | O111: 16990.19 | Q111: 0 | R111: 0 | U111: 0 | V111: 0 | W111: 0 | X111: 0 | Y111: 0 | Z111: 0 | AA111: 0 | AB111: 0 | AC111: 0 | AD111: 0 | AE111: 0 | AF111: 0 | AG111: 0 | AH111: 0 | AI111: 0 | AJ111: 0 | AK111: 0 | AL111: 0 | AM111: 0 | AN111: 0 | AO111: 0 | AP111: 0 | AQ111: 0 | AR111: 0 | AS111: 0 | AT111: 0 | AU111: 0 | AV111: 0 | AW111: 0 | AX111: 0 | AY111: 0 | AZ111: 0 | BA111: 0 | BB111: 0 | BC111: 0 | BD111: 0 | BE111: 0 | BF111: 0 | BG111: 0 | BH111: 0 | BI111: 0 | BJ111: 0 | BK111: 0 | BL111: 0 | BM111: 0 | BN111: 0 | BO111: 0 | BP111: 0 | BQ111: 0 | BR111: 0 | BS111: 0 | BT111: 0 | BU111: 20400 | BV111: 0 | BW111: 0 | BX111: 0 | BY111: 0 | BZ111: 0 | CA111: 0 | CB111: 0 | CC111: 0 | CD111: 0 | CE111: 0 | CF111: 0 | CG111: 0 | CH111: 0 | CI111: 20400 | CK111: 0 | CL111: 0 | CM111: 10897.8 | CN111: 0 | CO111: 10897.8 | CQ111: 0 | CR111: 0 | CS111: 0 | CU111: 10897.8 | CV111: =CI111-CU111 -> 9502.2 | CW111: =IF(CI111=0,"n/a",CU111/(CI111)) -> 0.53420588
A112: %,V820000 | B112: 820000 | C112: Instructional Material/Supply | D112: 861.65 | E112: 1202.06 | F112: 0 | G112: 79659.11 | H112: 472.05 | I112: 82194.87 | K112: 0 | L112: 0 | M112: 0 | O112: 82194.87 | Q112: 0 | R112: 0 | U112: 0 | V112: 0 | W112: 0 | X112: 0 | Y112: 0 | Z112: 0 | AA112: 0 | AB112: 0 | AC112: 0 | AD112: 0 | AE112: 0 | AF112: 0 | AG112: 0 | AH112: 0 | AI112: 0 | AJ112: 0 | AK112: 0 | AL112: 0 | AM112: 0 | AN112: 0 | AO112: 0 | AP112: 0 | AQ112: 0 | AR112: 0 | AS112: 0 | AT112: 0 | AU112: 0 | AV112: 0 | AW112: 0 | AX112: 0 | AY112: 0 | AZ112: 0 | BA112: 0 | BB112: 0 | BC112: 0 | BD112: 0 | BE112: 0 | BF112: 0 | BG112: 0 | BH112: 0 | BI112: 0 | BJ112: 0 | BK112: 0 | BL112: 0 | BM112: 0 | BN112: 0 | BO112: 0 | BP112: 0 | BQ112: 0 | BR112: 0 | BS112: 0 | BT112: 0 | BU112: 0 | BV112: 95093 | BW112: 0 | BX112: 0 | BY112: 0 | BZ112: 0 | CA112: 0 | CB112: 0 | CC112: 0 | CD112: 0 | CE112: 0 | CF112: 0 | CG112: 0 | CH112: 0 | CI112: 95093 | CK112: 0 | CL112: 247.57 | CM112: 48316.15 | CN112: 0 | CO112: 48563.72 | CQ112: 0 | CR112: 0 | CS112: 0 | CU112: 48563.72 | CV112: =CI112-CU112 -> 46529.28 | CW112: =IF(CI112=0,"n/a",CU112/(CI112)) -> 0.51069711
A113: %,V820001 | B113: 820001 | C113: Instructional Equip-Under $5K | D113: 0 | E113: 0 | F113: 0 | G113: 63781.27 | H113: 0 | I113: 63781.27 | K113: 0 | L113: 0 | M113: 0 | O113: 63781.27 | Q113: 0 | R113: 0 | U113: 0 | V113: 0 | W113: 0 | X113: 0 | Y113: 0 | Z113: 0 | AA113: 0 | AB113: 0 | AC113: 0 | AD113: 0 | AE113: 0 | AF113: 0 | AG113: 0 | AH113: 0 | AI113: 0 | AJ113: 0 | AK113: 0 | AL113: 0 | AM113: 0 | AN113: 0 | AO113: 0 | AP113: 0 | AQ113: 0 | AR113: 0 | AS113: 0 | AT113: 0 | AU113: 0 | AV113: 0 | AW113: 0 | AX113: 0 | AY113: 0 | AZ113: 0 | BA113: 0 | BB113: 0 | BC113: 0 | BD113: 0 | BE113: 0 | BF113: 0 | BG113: 0 | BH113: 0 | BI113: 0 | BJ113: 0 | BK113: 0 | BL113: 0 | BM113: 0 | BN113: 0 | BO113: 0 | BP113: 0 | BQ113: 0 | BR113: 0 | BS113: 0 | BT113: 0 | BU113: 0 | BV113: 0 | BW113: 48296 | BX113: 0 | BY113: 0 | BZ113: 0 | CA113: 0 | CB113: 0 | CC113: 0 | CD113: 0 | CE113: 0 | CF113: 0 | CG113: 0 | CH113: 0 | CI113: 48296 | CK113: 0 | CL113: 0 | CM113: 39720.51 | CN113: 0 | CO113: 39720.51 | CQ113: 0 | CR113: 0 | CS113: 0 | CU113: 39720.51 | CV113: =CI113-CU113 -> 8575.49 | CW113: =IF(CI113=0,"n/a",CU113/(CI113)) -> 0.82243892
A114: %,V822000 | B114: 822000 | C114: Textbooks | D114: 0 | E114: 0 | F114: 0 | G114: 36080.3 | H114: 27.95 | I114: 36108.25 | K114: 0 | L114: 0 | M114: 0 | O114: 36108.25 | Q114: 0 | R114: 0 | U114: 0 | V114: 0 | W114: 0 | X114: 0 | Y114: 0 | Z114: 0 | AA114: 0 | AB114: 0 | AC114: 0 | AD114: 0 | AE114: 0 | AF114: 0 | AG114: 0 | AH114: 0 | AI114: 0 | AJ114: 0 | AK114: 0 | AL114: 0 | AM114: 0 | AN114: 0 | AO114: 0 | AP114: 0 | AQ114: 0 | AR114: 0 | AS114: 0 | AT114: 0 | AU114: 0 | AV114: 0 | AW114: 0 | AX114: 0 | AY114: 0 | AZ114: 0 | BA114: 0 | BB114: 0 | BC114: 0 | BD114: 0 | BE114: 0 | BF114: 0 | BG114: 0 | BH114: 0 | BI114: 0 | BJ114: 0 | BK114: 0 | BL114: 0 | BM114: 0 | BN114: 0 | BO114: 0 | BP114: 0 | BQ114: 0 | BR114: 0 | BS114: 0 | BT114: 0 | BU114: 0 | BV114: 0 | BW114: 0 | BX114: 25495 | BY114: 0 | BZ114: 0 | CA114: 0 | CB114: 0 | CC114: 0 | CD114: 0 | CE114: 0 | CF114: 0 | CG114: 0 | CH114: 0 | CI114: 25495 | CK114: 0 | CL114: 20.11 | CM114: 19910.22 | CN114: 123.6 | CO114: 20053.93 | CQ114: 0 | CR114: 0 | CS114: 0 | CU114: 20053.93 | CV114: =CI114-CU114 -> 5441.07 | CW114: =IF(CI114=0,"n/a",CU114/(CI114)) -> 0.78658286
A115: %,V823000 | B115: 823000 | C115: Copier Usage | D115: 0 | E115: 0 | F115: 0 | G115: 21965.29 | H115: 0 | I115: 21965.29 | K115: 0 | L115: 0 | M115: 0 | O115: 21965.29 | Q115: 0 | R115: 0 | U115: 0 | V115: 0 | W115: 0 | X115: 0 | Y115: 0 | Z115: 0 | AA115: 0 | AB115: 0 | AC115: 0 | AD115: 0 | AE115: 0 | AF115: 0 | AG115: 0 | AH115: 0 | AI115: 0 | AJ115: 0 | AK115: 0 | AL115: 0 | AM115: 0 | AN115: 0 | AO115: 0 | AP115: 0 | AQ115: 0 | AR115: 0 | AS115: 0 | AT115: 0 | AU115: 0 | AV115: 0 | AW115: 0 | AX115: 0 | AY115: 0 | AZ115: 0 | BA115: 0 | BB115: 0 | BC115: 0 | BD115: 0 | BE115: 0 | BF115: 0 | BG115: 0 | BH115: 0 | BI115: 0 | BJ115: 0 | BK115: 0 | BL115: 0 | BM115: 0 | BN115: 0 | BO115: 0 | BP115: 0 | BQ115: 0 | BR115: 0 | BS115: 0 | BT115: 0 | BU115: 0 | BV115: 0 | BW115: 0 | BX115: 0 | BY115: 25011 | BZ115: 0 | CA115: 0 | CB115: 0 | CC115: 0 | CD115: 0 | CE115: 0 | CF115: 0 | CG115: 0 | CH115: 0 | CI115: 25011 | CK115: 0 | CL115: 0 | CM115: 15057.64 | CN115: 0 | CO115: 15057.64 | CQ115: 0 | CR115: 0 | CS115: 0 | CU115: 15057.64 | CV115: =CI115-CU115 -> 9953.36 | CW115: =IF(CI115=0,"n/a",CU115/(CI115)) -> 0.6020407
... A121: %,V889000 | B121: 889000 | C121: Consumable Supplies | D121: 0 | E121: 0 | F121: 0 | G121: 29.72 | H121: 0 | I121: 29.72 | K121: 0 | L121: 0 | M121: 0 | O121: 29.72 | Q121: 0 | R121: 0 | U121: 0 | V121: 0 | W121: 0 | X121: 0 | Y121: 0 | Z121: 0 | AA121: 0 | AB121: 0 | AC121: 0 | AD121: 0 | AE121: 0 | AF121: 0 | AG121: 0 | AH121: 0 | AI121: 0 | AJ121: 0 | AK121: 0 | AL121: 0 | AM121: 0 | AN121: 0 | AO121: 0 | AP121: 0 | AQ121: 0 | AR121: 0 | AS121: 0 | AT121: 0 | AU121: 0 | AV121: 0 | AW121: 0 | AX121: 0 | AY121: 0 | AZ121: 0 | BA121: 0 | BB121: 0 | BC121: 0 | BD121: 0 | BE121: 0 | BF121: 0 | BG121: 0 | BH121: 0 | BI121: 0 | BJ121: 0 | BK121: 0 | BL121: 0 | BM121: 0 | BN121: 0 | BO121: 0 | BP121: 0 | BQ121: 0 | BR121: 0 | BS121: 0 | BT121: 0 | BU121: 0 | BV121: 0 | BW121: 0 | BX121: 0 | BY121: 0 | BZ121: 0 | CA121: 0 | CB121: 0 | CC121: 0 | CD121: 0 | CE121: 510 | CF121: 0 | CG121: 0 | CH121: 0 | CI121: 510 | CK121: 0 | CL121: 7.28 | CM121: 287.02 | CN121: 0 | CO121: 294.3 | CQ121: 0 | CR121: 0 | CS121: 0 | CU121: 294.3 | CV121: =CI121-CU121 -> 215.7 | CW121: =IF(CI121=0,"n/a",CU121/(CI121)) -> 0.57705882
A122: %,FACCOUNT,TACCOUNT_ROLLUP,X,NSUPPLIES | C122: Materials and Supplies | D122: 16735.59 | E122: 1202.06 | F122: 0 | G122: 264757.74 | H122: 500 | I122: 283195.39 | K122: 0 | L122: 0 | M122: 0 | O122: 283195.39 | Q122: 0 | R122: 0 | U122: 0 | V122: 0 | W122: 0 | X122: 0 | Y122: 0 | Z122: 0 | AA122: 0 | AB122: 0 | AC122: 0 | AD122: 0 | AE122: 0 | AF122: 0 | AG122: 0 | AH122: 0 | AI122: 0 | AJ122: 0 | AK122: 0 | AL122: 0 | AM122: 0 | AN122: 0 | AO122: 0 | AP122: 0 | AQ122: 0 | AR122: 0 | AS122: 0 | AT122: 0 | AU122: 0 | AV122: 0 | AW122: 0 | AX122: 0 | AY122: 0 | AZ122: 0 | BA122: 0 | BB122: 0 | BC122: 0 | BD122: 0 | BE122: 0 | BF122: 0 | BG122: 0 | BH122: 0 | BI122: 0 | BJ122: 0 | BK122: 0 | BL122: 0 | BM122: 0 | BN122: 0 | BO122: 1530 | BP122: 13770 | BQ122: 18797 | BR122: 3121 | BS122: 9843 | BT122: 1148 | BU122: 20400 | BV122: 95093 | BW122: 48296 | BX122: 25495 | BY122: 25011 | BZ122: 3368 | CA122: 522 | CB122: 19736 | CC122: 3000 | CD122: 510 | CE122: 510 | CF122: 0 | CG122: 0 | CH122: 0 | CI122: 290150 | CK122: 15629.82 | CL122: 660.81 | CM122: 159968.95 | CN122: 123.6 | CO122: 176383.18 | CQ122: 0 | CR122: 0 | CS122: 0 | CU122: 176383.18 | CV122: =CI122-CU122 -> 113766.82 | CW122: =IF(CI122=0,"n/a",CU122/(CI122)) -> 0.60790343
A124: %,V914000 | B124: 914000 | C124: Vehicles - Utility Fleet | D124: 0 | E124: 0 | F124: 0 | G124: 0 | H124: 0 | I124: 0 | K124: 0 | L124: 0 | M124: 0 | O124: 0 | Q124: 0 | R124: 0 | U124: 0 | V124: 0 | W124: 0 | X124: 0 | Y124: 0 | Z124: 0 | AA124: 0 | AB124: 0 | AC124: 0 | AD124: 0 | AE124: 0 | AF124: 0 | AG124: 0 | AH124: 0 | AI124: 0 | AJ124: 0 | AK124: 0 | AL124: 0 | AM124: 0 | AN124: 0 | AO124: 0 | AP124: 0 | AQ124: 0 | AR124: 0 | AS124: 0 | AT124: 0 | AU124: 0 | AV124: 0 | AW124: 0 | AX124: 0 | AY124: 0 | AZ124: 0 | BA124: 0 | BB124: 0 | BC124: 0 | BD124: 0 | BE124: 0 | BF124: 0 | BG124: 0 | BH124: 0 | BI124: 0 | BJ124: 0 | BK124: 0 | BL124: 0 | BM124: 0 | BN124: 0 | BO124: 0 | BP124: 0 | BQ124: 0 | BR124: 0 | BS124: 0 | BT124: 0 | BU124: 0 | BV124: 0 | BW124: 0 | BX124: 0 | BY124: 0 | BZ124: 0 | CA124: 0 | CB124: 0 | CC124: 0 | CD124: 0 | CE124: 0 | CF124: 12500 | CG124: 0 | CH124: 0 | CI124: 12500 | CK124: 0 | CL124: 0 | CM124: 12500 | CN124: 0 | CO124: 12500 | CQ124: 0 | CR124: 0 | CS124: 0 | CU124: 12500 | CV124: =CI124-CU124 -> 0 | CW124: =IF(CI124=0,"n/a",CU124/(CI124)) -> 1
A125: %,V930000 | B125: 930000 | C125: Building Improvements | D125: 0 | E125: 0 | F125: 0 | G125: 461102.5 | H125: 0 | I125: 461102.5 | K125: 1253281.5 | L125: 0 | M125: 1253281.5 | O125: 1714384 | Q125: 0 | R125: 0 | U125: 0 | V125: 0 | W125: 0 | X125: 0 | Y125: 0 | Z125: 0 | AA125: 0 | AB125: 0 | AC125: 0 | AD125: 0 | AE125: 0 | AF125: 0 | AG125: 0 | AH125: 0 | AI125: 0 | AJ125: 0 | AK125: 0 | AL125: 0 | AM125: 0 | AN125: 0 | AO125: 0 | AP125: 0 | AQ125: 0 | AR125: 0 | AS125: 0 | AT125: 0 | AU125: 0 | AV125: 0 | AW125: 0 | AX125: 0 | AY125: 0 | AZ125: 0 | BA125: 0 | BB125: 0 | BC125: 0 | BD125: 0 | BE125: 0 | BF125: 0 | BG125: 0 | BH125: 0 | BI125: 0 | BJ125: 0 | BK125: 0 | BL125: 0 | BM125: 0 | BN125: 0 | BO125: 0 | BP125: 0 | BQ125: 0 | BR125: 0 | BS125: 0 | BT125: 0 | BU125: 0 | BV125: 0 | BW125: 0 | BX125: 0 | BY125: 0 | BZ125: 0 | CA125: 0 | CB125: 0 | CC125: 0 | CD125: 0 | CE125: 0 | CF125: 0 | CG125: 110000 | CH125: 0 | CI125: 110000 | CK125: 0 | CL125: 0 | CM125: 14565 | CN125: 0 | CO125: 14565 | CQ125: 0 | CR125: 0 | CS125: 0 | CU125: 14565 | CV125: =CI125-CU125 -> 95435 | CW125: =IF(CI125=0,"n/a",CU125/(CI125)) -> 0.13240909
A126: %,FACCOUNT,TACCOUNT_ROLLUP,X,NCAPITAL OUTLAY | C126: Capital Outlay | D126: 0 | E126: 0 | F126: 0 | G126: 461102.5 | H126: 0 | I126: 461102.5 | K126: 1253281.5 | L126: 0 | M126: 1253281.5 | O126: 1714384 | Q126: 0 | R126: 0 | U126: 0 | V126: 0 | W126: 0 | X126: 0 | Y126: 0 | Z126: 0 | AA126: 0 | AB126: 0 | AC126: 0 | AD126: 0 | AE126: 0 | AF126: 0 | AG126: 0 | AH126: 0 | AI126: 0 | AJ126: 0 | AK126: 0 | AL126: 0 | AM126: 0 | AN126: 0 | AO126: 0 | AP126: 0 | AQ126: 0 | AR126: 0 | AS126: 0 | AT126: 0 | AU126: 0 | AV126: 0 | AW126: 0 | AX126: 0 | AY126: 0 | AZ126: 0 | BA126: 0 | BB126: 0 | BC126: 0 | BD126: 0 | BE126: 0 | BF126: 0 | BG126: 0 | BH126: 0 | BI126: 0 | BJ126: 0 | BK126: 0 | BL126: 0 | BM126: 0 | BN126: 0 | BO126: 0 | BP126: 0 | BQ126: 0 | BR126: 0 | BS126: 0 | BT126: 0 | BU126: 0 | BV126: 0 | BW126: 0 | BX126: 0 | BY126: 0 | BZ126: 0 | CA126: 0 | CB126: 0 | CC126: 0 | CD126: 0 | CE126: 0 | CF126: 12500 | CG126: 110000 | CH126: 0 | CI126: 122500 | CK126: 0 | CL126: 0 | CM126: 27065 | CN126: 0 | CO126: 27065 | CQ126: 0 | CR126: 0 | CS126: 0 | CU126: 27065 | CV126: =CI126-CU126 -> 95435 | CW126: =IF(CI126=0,"n/a",CU126/(CI126)) -> 0.22093878
A128: %,C | C128: Total Expenditures | D128: =D70+D102+D122+D126 -> 77296.29 | E128: =E70+E102+E122+E126 -> 85595.45 | F128: =F70+F102+F122+F126 -> 689.37 | G128: =G70+G102+G122+G126 -> 5956390.5 | H128: =H70+H102+H122+H126 -> 500 | I128: =I70+I102+I122+I126 -> 6120471.6 | K128: =K70+K102+K122+K126 -> 1333561 | L128: =L70+L102+L122+L126 -> 463901 | M128: =M70+M102+M122+M126 -> 1797462 | O128: =O70+O102+O122+O126 -> 7917933.6 | U128: =U70+U102+U122+U126 -> 111677 | V128: =V70+V102+V122+V126 -> 157323 | W128: =W70+W102+W122+W126 -> 1988350 | X128: =X70+X102+X122+X126 -> 36500 | Y128: =Y70+Y102+Y122+Y126 -> 46872 | Z128: =Z70+Z102+Z122+Z126 -> 46037 | AA128: =AA70+AA102+AA122+AA126 -> 65532 | AB128: =AB70+AB102+AB122+AB126 -> 34652 | ... CI128: =CI70+CI102+CI122+CI126 -> 6760246 | CK128: =CK70+CK102+CK122+CK126 -> 66877.5 | CL128: =CL70+CL102+CL122+CL126 -> 59557.23 | CM128: =CM70+CM102+CM122+CM126 -> 3789531.3 | CN128: =CN70+CN102+CN122+CN126 -> 123.6 | CO128: =CO70+CO102+CO122+CO126 -> 3916089.6 | CQ128: =CQ70+CQ102+CQ122+CQ126 -> 0 | CR128: =CR70+CR102+CR122+CR126 -> 157370 | CS128: =CS70+CS102+CS122+CS126 -> 157370 | CU128: =CU70+CU102+CU122+CU126 -> 4073459.6
A130: %,C | C130: Pre-Adjusted Carryforward | D130: =D41-D128 -> 6118.05 | E130: =E41-E128 -> 24735.4 | F130: =F41-F128 -> -689.37 | G130: =G41-G128 -> 42958.77 | H130: =H41-H128 -> 0 | I130: =I41-I128 -> 2648016.4 | K130: =K41-K128 -> 0 | L130: =L41-L128 -> -2612.78 | M130: =M41-M128 -> -2612.78 | O130: =O41-O128 -> 2645403.7 | CK130: =CK41-CK128 -> 72268.5 | CL130: =CL41-CL128 -> 154325.26 | CM130: =CM41-CM128 -> 2639725.1 | CN130: =CN41-CN128 -> 176.4 | CO130: =CO41-CO128 -> 2866495.2 | CQ130: =CQ41-CQ128 -> -28588.98 | CR130: =CR41-CR128 -> 976307.22 | CS130: =CS41-CS128 -> 947718.24 | CU130: =CU41-CU128 -> 3814213.5
A132: %,LORG_EN,UPOSTED_TOTAL_AMT,FACCOUNT,TACCOUNT_ROLLUP,NEXPENDITURE | C132: Encumbrances | D132: 0 | E132: 0 | F132: 0 | G132: 0 | H132: 0 | I132: 0 | K132: 0 | L132: 0 | M132: 0 | O132: 0 | Q132: 0 | R132: 0 | U132: 0 | V132: 0 | W132: 0 | X132: 0 | Y132: 0 | Z132: 0 | AA132: 0 | AB132: 0 | AC132: 0 | AD132: 0 | AE132: 0 | AF132: 0 | AG132: 0 | AH132: 0 | AI132: 0 | AJ132: 0 | AK132: 0 | AL132: 0 | AM132: 0 | AN132: 0 | AO132: 0 | AP132: 0 | AQ132: 0 | AR132: 0 | AS132: 0 | AT132: 0 | AU132: 0 | AV132: 0 | AW132: 0 | AX132: 0 | AY132: 0 | AZ132: 0 | BA132: 0 | BB132: 0 | BC132: 0 | BD132: 0 | BE132: 0 | BF132: 0 | BG132: 0 | BH132: 0 | BI132: 0 | BJ132: 0 | BK132: 0 | BL132: 0 | BM132: 0 | BN132: 0 | BO132: 0 | BP132: 0 | BQ132: 0 | BR132: 0 | BS132: 0 | BT132: 0 | BU132: 0 | BV132: 0 | BW132: 0 | BX132: 0 | BY132: 0 | BZ132: 0 | CA132: 0 | CB132: 0 | CC132: 0 | CD132: 0 | CE132: 0 | CF132: 0 | CG132: 0 | CH132: 0 | CI132: 0 | CK132: 0 | CL132: 0 | CM132: 0 | CN132: 0 | CO132: 0 | CQ132: 0 | CR132: 0 | CS132: 0 | CU132: 0
A134: %,LORG_PR,UPOSTED_TOTAL_AMT,FACCOUNT,TACCOUNT_ROLLUP,NEXPENDITURE | C134: Requisitions | D134: 0 | E134: 0 | F134: 0 | G134: 0 | H134: 0 | I134: 0 | K134: 0 | L134: 0 | M134: 0 | O134: 0 | Q134: 0 | R134: 0 | U134: 0 | V134: 0 | W134: 0 | X134: 0 | Y134: 0 | Z134: 0 | AA134: 0 | AB134: 0 | AC134: 0 | AD134: 0 | AE134: 0 | AF134: 0 | AG134: 0 | AH134: 0 | AI134: 0 | AJ134: 0 | AK134: 0 | AL134: 0 | AM134: 0 | AN134: 0 | AO134: 0 | AP134: 0 | AQ134: 0 | AR134: 0 | AS134: 0 | AT134: 0 | AU134: 0 | AV134: 0 | AW134: 0 | AX134: 0 | AY134: 0 | AZ134: 0 | BA134: 0 | BB134: 0 | BC134: 0 | BD134: 0 | BE134: 0 | BF134: 0 | BG134: 0 | BH134: 0 | BI134: 0 | BJ134: 0 | BK134: 0 | BL134: 0 | BM134: 0 | BN134: 0 | BO134: 0 | BP134: 0 | BQ134: 0 | BR134: 0 | BS134: 0 | BT134: 0 | BU134: 0 | BV134: 0 | BW134: 0 | BX134: 0 | BY134: 0 | BZ134: 0 | CA134: 0 | CB134: 0 | CC134: 0 | CD134: 0 | CE134: 0 | CF134: 0 | CG134: 0 | CH134: 0 | CI134: 0 | CK134: 0 | CL134: 0 | CM134: 0 | CN134: 0 | CO134: 0 | CQ134: 0 | CR134: 0 | CS134: 0 | CU134: 0
C136: TABOR (school enters amount)
C138: Adjusted Carryforward | I138: =I130-I132-I134-I136 -> 2648016.4 | M138: =M130-M132-M134-M136 -> -2612.78 | O138: =O130-O132-O134-O136 -> 2645403.7 | CO138: =CO130-CO132-CO134-CO136 -> 2866495.2 | CS138: =CS130-CS132-CS134-CS136 -> 947718.24 | CU138: =CU130-CU132-CU134-CU136 -> 3814213.5
S140: Less Prior Year Carryforward | CO140: =-CO11 -> -1863586.6
...

Sheet Sheet2
B1: %,AFF,FACCOUNT | C1: %,AFT,FDESCR | D1: %,VCA020 | E1: %,VCC020 | F1: %,VFS020 | G1: %,VGF020 | H1: %,VGS020 | I1: %,LACTUALS,SALLYEAR-1,FFUND_CODE,X,VCA020,VFS020,VGF020,VGS020,VIR020,VCC020 | K1: %,VCR020 | L1: %,VDS020 | M1: %,LACTUALS,SALLYEAR-1,FFUND_CODE,X,VCR020,VDS020 | O1: %,LACTUALS,SALLYEAR-1 | Q1: %,LREVEST_BD,UPOSTED_TOTAL_AMT,SADJBAL,FACCOUNT,TACCOUNT_ROLLUP,NREVENUE | R1: %,LORG_BD,UPOSTED_TOTAL_AMT,SADJBAL,R,FACCOUNT,TACCOUNT_ROLLUP,XDYYNYN00,NTRANSFERS | S1: %,C | U1: %,V512100 | V1: %,V513100 | W1: %,V521100 | X1: %,V521900 | Y1: %,V522200 | Z1: %,V524200 | AA1: %,V526200 | AB1: %,V529200 | AC1: %,V529400 | AD1: %,V529500 | AE1: %,V529600 | AF1: %,V529800 | AG1: %,V552100 | AH1: %,V557100 | AI1: %,V557600 | AJ1: %,V591100 | AK1: %,V599400 | AL1: %,V599810 | AM1: %,V599820 | AN1: %,V599830 | AO1: %,V699000 | AP1: %,V701000 | AQ1: %,V702000 | AR1: %,V708000 | AS1: %,V710000 | AT1: %,V713000 | AU1: %,V715000 | AV1: %,V721000 | AW1: %,V723000 | AX1: %,V731000 | AY1: %,V743000 | AZ1: %,V745000 | BA1: %,V745500 | BB1: %,V746000 | BC1: %,V752000 | BD1: %,V761000 | BE1: %,V764000 | BF1: %,V765000 | BG1: %,V766000 | BH1: %,V768000 | BI1: %,V769000 | BJ1: %,V770000 | BK1: %,V770800 | BL1: %,V775000 | BM1: %,V781000 | BN1: %,V781500 | BO1: %,V804000 | BP1: %,V805000 | BQ1: %,V806000 | BR1: %,V810000 | BS1: %,V810001 | BT1: %,V812000 | BU1: %,V814000 | BV1: %,V820000 | BW1: %,V820001 | BX1: %,V822000 | BY1: %,V823000 | BZ1: %,V824000 | CA1: %,V826000 | CB1: %,V840000 | CC1: %,V870000 | CD1: %,V885000 | CE1: %,V889000 | CF1: %,V914000 | CG1: %,V930000 | CH1: %,V950000 | CI1: %,LORG_BD,UPOSTED_TOTAL_AMT,SADJBAL,R,FACCOUNT,TACCOUNT_ROLLUP,XDYYNYN00,NEXPENDITURE | CK1: %,VCA020 | CL1: %,VCC020 | CM1: %,VGF020 | CN1: %,VGS020 | CO1: %,LACTUALS,SYTD,FFUND_CODE,X,VCA020,VFS020,VGF020,VGS020,VIR020,VCC020 | CQ1: %,VCR020 | CR1: %,VDS020 | CS1: %,LACTUALS,SYTD,FFUND_CODE,X,VCR020,VDS020 | CU1: %,LACTUALS,SYTD | CV1: %,C | CW1: %,C
B2: Jefferson County Public Schools | DA2: 558OPC
B3: Charter Schools
B4: Lincoln Academy Charter School | DA4: 43190
B5: ="Report ID: "&DA2 -> Report ID: 558OPC | CZ5: 55800
B6: For Accounting Period: | CZ6: Lincoln Academy Charter School
B7: 43190
A8: %,ATF,FFUND_CODE | B8: Account | D8: CA020 | E8: CC020 | F8: FS020 | G8: GF020 | H8: GS020 | I8: Prior Year | K8: CR020 | L8: DS020 | M8: Prior Year | O8: Prior Year | CK8: CA020 | CL8: CC020 | CM8: GF020 | CN8: GS020 | CO8: Current Year | CQ8: CR020 | CR8: DS020 | CS8: Current Year | CU8: Current Year
A9: %,ATF,FDESCR | B9: Number | C9: Description | D9: Charter School Campus Activity | E9: Charter School Child Care Fund | F9: Charter School Food Service | G9: Charter School General Fund | H9: Charter School Grant Fund | I9: Operational Funds | K9: Charter School Capital Reserve | L9: Charter School Debt Service | M9: Capital Funds | O9: Total | S9: Estimated Revenue | U9: Principal | V9: Assistant Principal | W9: Teacher | X9: Substitute Teacher | Y9: Teacher Librarian | Z9: Coordinator - Classified | AA9: Instructional Coach | AB9: Occupational Therapist | AC9: Nurse | AD9: Psychologist | AE9: Social Worker | AF9: Speech Therapist | AG9: School Secretary | AH9: Paraprofessional | AI9: Clinic Aides | AJ9: Custodian | AK9: Unused Sick Leave | AL9: Additional Pay - Certificated | AM9: Additional Pay-Classified | AN9: Additional Pay-Administrative | AO9: Employee Benefits | AP9: Mileage And Travel | AQ9: Employee Training & Conf | AR9: Employee Background Verificatn | AS9: Meals/Refreshments | AT9: Student Transportation | AU9: Student Admission/Entry Fees | AV9: Legal Fees | AW9: Printing | AX9: Contracted Services | AY9: Equipment Rental | AZ9: Contract Maint/Eq Repair | BA9: Technology Services | BB9: Const Maint/Repair-Bldg | BC9: Marketing - Advertising | BD9: Natural Gas | BE9: Electricity | BF9: Voice Communication Line | BG9: Water & Sanitation | BH9: Postage | BI9: Permits/Licenses/Fees | BJ9: Risk Management Charges | BK9: Unemployment Comp Insur | BL9: Community Relations | BM9: Lease Purch-Other-Principal | BN9: Lease Purch-Other-Interest | BO9: Fund Raising | BP9: Materials/Supplies-Other | BQ9: Materials/Supplies Resale | BR9: Office Material/Supplies | BS9: Office Equipment - Under $5K | BT9: Clinic Supplies/Materials | BU9: Custodial Supplies | BV9: Instructional Material/Supply | BW9: Instructional Equip-Under $5K | BX9: Textbooks | BY9: Copier Usage | BZ9: Testing Materials | CA9: Graduation Materials | CB9: Maint Materials/Supplies | CC9: Library Materials | CD9: Miscellaneous Expense | CE9: Consumable Supplies | CF9: Vehicles - Utility Fleet | CG9: Building Improvements | CH9: Transfers | CI9: Budget | CK9: Charter School Campus Activity | CL9: Charter School Child Care Fund | CM9: Charter School General Fund | CN9: Charter School Grant Fund | CO9: Operational Funds | CQ9: Charter School Capital Reserve | CR9: Charter School Debt Service | CS9: Capital Funds | CU9: Total | CV9: Variance | CW9: Percent Spent | DD9: PROJECTIONS
C11: Prior Year Carryforward | I11: 2574893.6 | O11: 2574893.6 | CK11: 66708.76 | CL11: 83539.84 | CM11: 1713338 | CN11: 0 | CO11: 1863586.6 | CQ11: 0 | CR11: 781817.1 | CS11: 781817.1 | CU11: 2645403.7
A13: %,V401000 | B13: 401000 | C13: Commissions/Profits | D13: 207.2 | E13: 0 | F13: 0 | G13: 0 | H13: 0 | I13: 207.2 | K13: 0 | L13: 0 | M13: 0 | O13: 207.2 | Q13: -18000 | R13: 0 | S13: =-1*(Q13+R13) -> 18000 | U13: 0 | V13: 0 | W13: 0 | X13: 0 | Y13: 0 | Z13: 0 | AA13: 0 | AB13: 0 | AC13: 0 | AD13: 0 | AE13: 0 | AF13: 0 | AG13: 0 | AH13: 0 | AI13: 0 | AJ13: 0 | AK13: 0 | AL13: 0 | AM13: 0 | AN13: 0 | AO13: 0 | AP13: 0 | AQ13: 0 | AR13: 0 | AS13: 0 | AT13: 0 | AU13: 0 | AV13: 0 | AW13: 0 | AX13: 0 | AY13: 0 | AZ13: 0 | BA13: 0 | BB13: 0 | BC13: 0 | BD13: 0 | BE13: 0 | BF13: 0 | BG13: 0 | BH13: 0 | BI13: 0 | BJ13: 0 | BK13: 0 | BL13: 0 | BM13: 0 | BN13: 0 | BO13: 0 | BP13: 0 | BQ13: 0 | BR13: 0 | BS13: 0 | BT13: 0 | BU13: 0 | BV13: 0 | BW13: 0 | BX13: 0 | BY13: 0 | BZ13: 0 | CA13: 0 | CB13: 0 | CC13: 0 | CD13: 0 | CE13: 0 | CF13: 0 | CG13: 0 | CH13: 0 | CI13: 0 | CK13: 2446.62 | CL13: 0 | CM13: 9421.27 | CN13: 0 | CO13: 11867.89 | CQ13: 0 | CR13: 0 | CS13: 0 | CU13: 11867.89 | CV13: =S13-CU13 -> 6132.11 | CW13: =IF(S13=0,"n/a",CU13/(S13)) -> 0.65932722 | DD13: =CV13 -> 6132.11 | DF13: ON TARGET
A14: %,V401400 | B14: 401400 | C14: Ticket Sales | D14: 862 | E14: 0 | F14: 0 | G14: 0 | H14: 0 | I14: 862 | K14: 0 | L14: 0 | M14: 0 | O14: 862 | Q14: -1044 | R14: 0 | S14: =-1*(Q14+R14) -> 1044 | U14: 0 | V14: 0 | W14: 0 | X14: 0 | Y14: 0 | Z14: 0 | AA14: 0 | AB14: 0 | AC14: 0 | AD14: 0 | AE14: 0 | AF14: 0 | AG14: 0 | AH14: 0 | AI14: 0 | AJ14: 0 | AK14: 0 | AL14: 0 | AM14: 0 | AN14: 0 | AO14: 0 | AP14: 0 | AQ14: 0 | AR14: 0 | AS14: 0 | AT14: 0 | AU14: 0 | AV14: 0 | AW14: 0 | AX14: 0 | AY14: 0 | AZ14: 0 | BA14: 0 | BB14: 0 | BC14: 0 | BD14: 0 | BE14: 0 | BF14: 0 | BG14: 0 | BH14: 0 | BI14: 0 | BJ14: 0 | BK14: 0 | BL14: 0 | BM14: 0 | BN14: 0 | BO14: 0 | BP14: 0 | BQ14: 0 | BR14: 0 | BS14: 0 | BT14: 0 | BU14: 0 | BV14: 0 | BW14: 0 | BX14: 0 | BY14: 0 | BZ14: 0 | CA14: 0 | CB14: 0 | CC14: 0 | CD14: 0 | CE14: 0 | CF14: 0 | CG14: 0 | CH14: 0 | CI14: 0 | CK14: 1372 | CL14: 0 | CM14: 0 | CN14: 0 | CO14: 1372 | CQ14: 0 | CR14: 0 | CS14: 0 | CU14: 1372 | CV14: =S14-CU14 -> -328 | CW14: =IF(S14=0,"n/a",CU14/(S14)) -> 1.3141762 | DD14: 0 | DF14: DONE
A15: %,V408000 | B15: 408000 | C15: Resale | D15: 11918.47 | E15: 0 | F15: 0 | G15: 60 | H15: 0 | I15: 11978.47 | K15: 0 | L15: 0 | M15: 0 | O15: 11978.47 | Q15: -18797 | R15: 0 | S15: =-1*(Q15+R15) -> 18797 | U15: 0 | V15: 0 | W15: 0 | X15: 0 | Y15: 0 | Z15: 0 | AA15: 0 | AB15: 0 | AC15: 0 | AD15: 0 | AE15: 0 | AF15: 0 | AG15: 0 | AH15: 0 | AI15: 0 | AJ15: 0 | AK15: 0 | AL15: 0 | AM15: 0 | AN15: 0 | AO15: 0 | AP15: 0 | AQ15: 0 | AR15: 0 | AS15: 0 | AT15: 0 | AU15: 0 | AV15: 0 | AW15: 0 | AX15: 0 | AY15: 0 | AZ15: 0 | BA15: 0 | BB15: 0 | BC15: 0 | BD15: 0 | BE15: 0 | BF15: 0 | BG15: 0 | BH15: 0 | BI15: 0 | BJ15: 0 | BK15: 0 | BL15: 0 | BM15: 0 | BN15: 0 | BO15: 0 | BP15: 0 | BQ15: 0 | BR15: 0 | BS15: 0 | BT15: 0 | BU15: 0 | BV15: 0 | BW15: 0 | BX15: 0 | BY15: 0 | BZ15: 0 | CA15: 0 | CB15: 0 | CC15: 0 | CD15: 0 | CE15: 0 | CF15: 0 | CG15: 0 | CH15: 0 | CI15: 0 | CK15: 6302.71 | CL15: 0 | CM15: 0 | CN15: 0 | CO15: 6302.71 | CQ15: 0 | CR15: 0 | CS15: 0 | CU15: 6302.71 | CV15: =S15-CU15 -> 12494.29 | CW15: =IF(S15=0,"n/a",CU15/(S15)) -> 0.33530404 | DD15: =CV15 -> 12494.29 | DF15: TOO SOON TO TELL
A16: %,V409000 | B16: 409000 | C16: Sales-Fund Raising | D16: 5787.56 | E16: 0 | F16: 0 | G16: 1844.4 | H16: 0 | I16: 7631.96 | K16: 0 | L16: 0 | M16: 0 | O16: 7631.96 | Q16: -8680 | R16: 0 | S16: =-1*(Q16+R16) -> 8680 | U16: 0 | V16: 0 | W16: 0 | X16: 0 | Y16: 0 | Z16: 0 | AA16: 0 | AB16: 0 | AC16: 0 | AD16: 0 | AE16: 0 | AF16: 0 | AG16: 0 | AH16: 0 | AI16: 0 | AJ16: 0 | AK16: 0 | AL16: 0 | AM16: 0 | AN16: 0 | AO16: 0 | AP16: 0 | AQ16: 0 | AR16: 0 | AS16: 0 | AT16: 0 | AU16: 0 | AV16: 0 | AW16: 0 | AX16: 0 | AY16: 0 | AZ16: 0 | BA16: 0 | BB16: 0 | BC16: 0 | BD16: 0 | BE16: 0 | BF16: 0 | BG16: 0 | BH16: 0 | BI16: 0 | BJ16: 0 | BK16: 0 | BL16: 0 | BM16: 0 | BN16: 0 | BO16: 0 | BP16: 0 | BQ16: 0 | BR16: 0 | BS16: 0 | BT16: 0 | BU16: 0 | BV16: 0 | BW16: 0 | BX16: 0 | BY16: 0 | BZ16: 0 | CA16: 0 | CB16: 0 | CC16: 0 | CD16: 0 | CE16: 0 | CF16: 0 | CG16: 0 | CH16: 0 | CI16: 0 | CK16: 7642.27 | CL16: 200 | CM16: 2096.02 | CN16: 0 | CO16: 9938.29 | CQ16: 0 | CR16: 0 | CS16: 0 | CU16: 9938.29 | CV16: =S16-CU16 -> -1258.29 | CW16: =IF(S16=0,"n/a",CU16/(S16)) -> 1.1449643 | DD16: 0 | DF16: NEED TO WORK ON THIS
A17: %,V411000 | B17: 411000 | C17: Prop Tax-Mill Levy Override | D17: 0 | E17: 0 | F17: 0 | G17: 911243.48 | H17: 0 | I17: 911243.48 | K17: 0 | L17: 0 | M17: 0 | O17: 911243.48 | Q17: -959696 | R17: 0 | S17: 961827.14 | U17: 0 | V17: 0 | W17: 0 | X17: 0 | Y17: 0 | Z17: 0 | AA17: 0 | AB17: 0 | AC17: 0 | AD17: 0 | AE17: 0 | AF17: 0 | AG17: 0 | AH17: 0 | AI17: 0 | AJ17: 0 | AK17: 0 | AL17: 0 | AM17: 0 | AN17: 0 | AO17: 0 | AP17: 0 | AQ17: 0 | AR17: 0 | AS17: 0 | AT17: 0 | AU17: 0 | AV17: 0 | AW17: 0 | AX17: 0 | AY17: 0 | AZ17: 0 | BA17: 0 | BB17: 0 | BC17: 0 | BD17: 0 | BE17: 0 | BF17: 0 | BG17: 0 | BH17: 0 | BI17: 0 | BJ17: 0 | BK17: 0 | BL17: 0 | BM17: 0 | BN17: 0 | BO17: 0 | BP17: 0 | BQ17: 0 | BR17: 0 | BS17: 0 | BT17: 0 | BU17: 0 | BV17: 0 | BW17: 0 | BX17: 0 | BY17: 0 | BZ17: 0 | CA17: 0 | CB17: 0 | CC17: 0 | CD17: 0 | CE17: 0 | CF17: 0 | CG17: 0 | CH17: 0 | CI17: 0 | CK17: 0 | CL17: 0 | CM17: 721370.37 | CN17: 0 | CO17: 721370.37 | CQ17: 0 | CR17: 0 | CS17: 0 | CU17: 721370.37 | CV17: =S17-CU17 -> 240456.77 | CW17: =IF(S17=0,"n/a",CU17/(S17)) -> 0.75000002 | DD17: =CV17 -> 240456.77
A18: %,V415000 | B18: 415000 | C18: Earnings On Investments | D18: 0 | E18: 0 | F18: 0 | G18: 0.06 | H18: 0 | I18: 0.06 | K18: 0 | L18: 686.83 | M18: 686.83 | O18: 686.89 | Q18: -3800 | R18: 0 | S18: =-1*(Q18+R18) -> 3800 | U18: 0 | V18: 0 | W18: 0 | X18: 0 | Y18: 0 | Z18: 0 | AA18: 0 | AB18: 0 | AC18: 0 | AD18: 0 | AE18: 0 | AF18: 0 | AG18: 0 | AH18: 0 | AI18: 0 | AJ18: 0 | AK18: 0 | AL18: 0 | AM18: 0 | AN18: 0 | AO18: 0 | AP18: 0 | AQ18: 0 | AR18: 0 | AS18: 0 | AT18: 0 | AU18: 0 | AV18: 0 | AW18: 0 | AX18: 0 | AY18: 0 | AZ18: 0 | BA18: 0 | BB18: 0 | BC18: 0 | BD18: 0 | BE18: 0 | BF18: 0 | BG18: 0 | BH18: 0 | BI18: 0 | BJ18: 0 | BK18: 0 | BL18: 0 | BM18: 0 | BN18: 0 | BO18: 0 | BP18: 0 | BQ18: 0 | BR18: 0 | BS18: 0 | BT18: 0 | BU18: 0 | BV18: 0 | BW18: 0 | BX18: 0 | BY18: 0 | BZ18: 0 | CA18: 0 | CB18: 0 | CC18: 0 | CD18: 0 | CE18: 0 | CF18: 0 | CG18: 0 | CH18: 0 | CI18: 0 | CK18: 0 | CL18: 0 | CM18: 0 | CN18: 0 | CO18: 0 | CQ18: 0 | CR18: 3268.92 | CS18: 3268.92 | CU18: 3268.92 | CV18: =S18-CU18 -> 531.08 | CW18: =IF(S18=0,"n/a",CU18/(S18)) -> 0.86024211 | DD18: =CV18 -> 531.08
A19: %,V416000 | B19: 416000 | C19: Proceeds Lease/Purchase | D19: 0 | E19: 0 | F19: 0 | G19: 0 | H19: 0 | I19: 0 | K19: 0 | L19: 0 | M19: 0 | O19: 0 | Q19: 0 | R19: 0 | S19: =-1*(Q19+R19) -> 0 | U19: 0 | V19: 0 | W19: 0 | X19: 0 | Y19: 0 | Z19: 0 | AA19: 0 | AB19: 0 | AC19: 0 | AD19: 0 | AE19: 0 | AF19: 0 | AG19: 0 | AH19: 0 | AI19: 0 | AJ19: 0 | AK19: 0 | AL19: 0 | AM19: 0 | AN19: 0 | AO19: 0 | AP19: 0 | AQ19: 0 | AR19: 0 | AS19: 0 | AT19: 0 | AU19: 0 | AV19: 0 | AW19: 0 | AX19: 0 | AY19: 0 | AZ19: 0 | BA19: 0 | BB19: 0 | BC19: 0 | BD19: 0 | BE19: 0 | BF19: 0 | BG19: 0 | BH19: 0 | BI19: 0 | BJ19: 0 | BK19: 0 | BL19: 0 | BM19: 0 | BN19: 0 | BO19: 0 | BP19: 0 | BQ19: 0 | BR19: 0 | BS19: 0 | BT19: 0 | BU19: 0 | BV19: 0 | BW19: 0 | BX19: 0 | BY19: 0 | BZ19: 0 | CA19: 0 | CB19: 0 | CC19: 0 | CD19: 0 | CE19: 0 | CF19: 0 | CG19: 0 | CH19: 0 | CI19: 0 | CK19: 0 | CL19: 0 | CM19: 0 | CN19: 0 | CO19: 0 | CQ19: 0 | CR19: 0 | CS19: 0 | CU19: 0 | CV19: =S19-CU19 -> 0 | CW19: =IF(S19=0,"n/a",CU19/(S19)) -> n/a | DD19: 0
A20: %,V419000 | B20: 419000 | C20: Other Revenue | D20: 6755.7 | E20: 400 | F20: 0 | G20: 277224.79 | H20: 500 | I20: 284880.49 | K20: 0 | L20: 0 | M20: 0 | O20: 284880.49 | Q20: -31815 | R20: 0 | S20: =-1*(Q20+R20) -> 31815 | U20: 0 | V20: 0 | W20: 0 | X20: 0 | Y20: 0 | Z20: 0 | AA20: 0 | AB20: 0 | AC20: 0 | AD20: 0 | AE20: 0 | AF20: 0 | AG20: 0 | AH20: 0 | AI20: 0 | AJ20: 0 | AK20: 0 | AL20: 0 | AM20: 0 | AN20: 0 | AO20: 0 | AP20: 0 | AQ20: 0 | AR20: 0 | AS20: 0 | AT20: 0 | AU20: 0 | AV20: 0 | AW20: 0 | AX20: 0 | AY20: 0 | AZ20: 0 | BA20: 0 | BB20: 0 | BC20: 0 | BD20: 0 | BE20: 0 | BF20: 0 | BG20: 0 | BH20: 0 | BI20: 0 | BJ20: 0 | BK20: 0 | BL20: 0 | BM20: 0 | BN20: 0 | BO20: 0 | BP20: 0 | BQ20: 0 | BR20: 0 | BS20: 0 | BT20: 0 | BU20: 0 | BV20: 0 | BW20: 0 | BX20: 0 | BY20: 0 | BZ20: 0 | CA20: 0 | CB20: 0 | CC20: 0 | CD20: 0 | CE20: 0 | CF20: 0 | CG20: 0 | CH20: 0 | CI20: 0 | CK20: 150 | CL20: 0 | CM20: 30261.11 | CN20: 300 | CO20: 30711.11 | CQ20: 0 | CR20: 0 | CS20: 0 | CU20: 30711.11 | CV20: =S20-CU20 -> 1103.89 | CW20: =IF(S20=0,"n/a",CU20/(S20)) -> 0.96530284 | DD20: =CV20 -> 1103.89 | DF20: TOO SOON TO TELL
A21: %,V431100 | B21: 431100 | C21: Capital Lease Proceeds | D21: 0 | E21: 0 | F21: 0 | G21: 16439 | H21: 0 | I21: 16439 | K21: 1333561 | L21: 0 | M21: 1333561 | O21: 1350000 | Q21: 0 | R21: 0 | S21: =-1*(Q21+R21) -> 0 | U21: 0 | V21: 0 | W21: 0 | X21: 0 | Y21: 0 | Z21: 0 | AA21: 0 | AB21: 0 | AC21: 0 | AD21: 0 | AE21: 0 | AF21: 0 | AG21: 0 | AH21: 0 | AI21: 0 | AJ21: 0 | AK21: 0 | AL21: 0 | AM21: 0 | AN21: 0 | AO21: 0 | AP21: 0 | AQ21: 0 | AR21: 0 | AS21: 0 | AT21: 0 | AU21: 0 | AV21: 0 | AW21: 0 | AX21: 0 | AY21: 0 | AZ21: 0 | BA21: 0 | BB21: 0 | BC21: 0 | BD21: 0 | BE21: 0 | BF21: 0 | BG21: 0 | BH21: 0 | BI21: 0 | BJ21: 0 | BK21: 0 | BL21: 0 | BM21: 0 | BN21: 0 | BO21: 0 | BP21: 0 | BQ21: 0 | BR21: 0 | BS21: 0 | BT21: 0 | BU21: 0 | BV21: 0 | BW21: 0 | BX21: 0 | BY21: 0 | BZ21: 0 | CA21: 0 | CB21: 0 | CC21: 0 | CD21: 0 | CE21: 0 | CF21: 0 | CG21: 0 | CH21: 0 | CI21: 0 | CK21: 0 | CL21: 0 | CM21: 0 | CN21: 0 | CO21: 0 | CQ21: 0 | CR21: 0 | CS21: 0 | CU21: 0 | CV21: =S21-CU21 -> 0 | CW21: =IF(S21=0,"n/a",CU21/(S21)) -> n/a | DD21: 0
A22: %,V433000 | B22: 433000 | C22: State Revenue - Other | D22: 0 | E22: 0 | F22: 0 | G22: 1317.87 | H22: 0 | I22: 1317.87 | K22: 181948.64 | L22: 0 | M22: 181948.64 | O22: 183266.51 | Q22: -175378 | R22: 0 | S22: 183695.25 | U22: 0 | V22: 0 | W22: 0 | X22: 0 | Y22: 0 | Z22: 0 | AA22: 0 | AB22: 0 | AC22: 0 | AD22: 0 | AE22: 0 | AF22: 0 | AG22: 0 | AH22: 0 | AI22: 0 | AJ22: 0 | AK22: 0 | AL22: 0 | AM22: 0 | AN22: 0 | AO22: 0 | AP22: 0 | AQ22: 0 | AR22: 0 | AS22: 0 | AT22: 0 | AU22: 0 | AV22: 0 | AW22: 0 | AX22: 0 | AY22: 0 | AZ22: 0 | BA22: 0 | BB22: 0 | BC22: 0 | BD22: 0 | BE22: 0 | BF22: 0 | BG22: 0 | BH22: 0 | BI22: 0 | BJ22: 0 | BK22: 0 | BL22: 0 | BM22: 0 | BN22: 0 | BO22: 0 | BP22: 0 | BQ22: 0 | BR22: 0 | BS22: 0 | BT22: 0 | BU22: 0 | BV22: 0 | BW22: 0 | BX22: 0 | BY22: 0 | BZ22: 0 | CA22: 0 | CB22: 0 | CC22: 0 | CD22: 0 | CE22: 0 | CF22: 0 | CG22: 0 | CH22: 0 | CI22: 0 | CK22: 0 | CL22: 0 | CM22: 1657.17 | CN22: 0 | CO22: 1657.17 | CQ22: 100061.43 | CR22: 0 | CS22: 100061.43 | CU22: 101718.6 | CV22: =S22-CU22 -> 81976.65 | CW22: =IF(S22=0,"n/a",CU22/(S22)) -> 0.5537356 | DD22: 81976.65 | DF22: CAP CONST UP FROM BUDGET PLUS ADDL AT RISK FUNDING
A23: %,V434000 | B23: 434000 | C23: Exceptional Children Revenue | D23: 0 | E23: 0 | F23: 0 | G23: 79798 | H23: 0 | I23: 79798 | K23: 0 | L23: 0 | M23: 0 | O23: 79798 | Q23: -80991 | R23: 0 | S23: =-1*(Q23+R23) -> 80991 | U23: 0 | V23: 0 | W23: 0 | X23: 0 | Y23: 0 | Z23: 0 | AA23: 0 | AB23: 0 | AC23: 0 | AD23: 0 | AE23: 0 | AF23: 0 | AG23: 0 | AH23: 0 | AI23: 0 | AJ23: 0 | AK23: 0 | AL23: 0 | AM23: 0 | AN23: 0 | AO23: 0 | AP23: 0 | AQ23: 0 | AR23: 0 | AS23: 0 | AT23: 0 | AU23: 0 | AV23: 0 | AW23: 0 | AX23: 0 | AY23: 0 | AZ23: 0 | BA23: 0 | BB23: 0 | BC23: 0 | BD23: 0 | BE23: 0 | BF23: 0 | BG23: 0 | BH23: 0 | BI23: 0 | BJ23: 0 | BK23: 0 | BL23: 0 | BM23: 0 | BN23: 0 | BO23: 0 | BP23: 0 | BQ23: 0 | BR23: 0 | BS23: 0 | BT23: 0 | BU23: 0 | BV23: 0 | BW23: 0 | BX23: 0 | BY23: 0 | BZ23: 0 | CA23: 0 | CB23: 0 | CC23: 0 | CD23: 0 | CE23: 0 | CF23: 0 | CG23: 0 | CH23: 0 | CI23: 0 | CK23: 0 | CL23: 0 | CM23: 80991 | CN23: 0 | CO23: 80991 | CQ23: 0 | CR23: 0 | CS23: 0 | CU23: 80991 | CV23: =S23-CU23 -> 0 | CW23: =IF(S23=0,"n/a",CU23/(S23)) -> 1 | DD23: 0
A24: %,V438000 | B24: 438000 | C24: State ELPA Revenue | D24: 0 | E24: 0 | F24: 0 | G24: 9943.89 | H24: 0 | I24: 9943.89 | K24: 0 | L24: 0 | M24: 0 | O24: 9943.89 | Q24: -11827 | R24: 0 | S24: =-1*(Q24+R24) -> 11827 | U24: 0 | V24: 0 | W24: 0 | X24: 0 | Y24: 0 | Z24: 0 | AA24: 0 | AB24: 0 | AC24: 0 | AD24: 0 | AE24: 0 | AF24: 0 | AG24: 0 | AH24: 0 | AI24: 0 | AJ24: 0 | AK24: 0 | AL24: 0 | AM24: 0 | AN24: 0 | AO24: 0 | AP24: 0 | AQ24: 0 | AR24: 0 | AS24: 0 | AT24: 0 | AU24: 0 | AV24: 0 | AW24: 0 | AX24: 0 | AY24: 0 | AZ24: 0 | BA24: 0 | BB24: 0 | BC24: 0 | BD24: 0 | BE24: 0 | BF24: 0 | BG24: 0 | BH24: 0 | BI24: 0 | BJ24: 0 | BK24: 0 | BL24: 0 | BM24: 0 | BN24: 0 | BO24: 0 | BP24: 0 | BQ24: 0 | BR24: 0 | BS24: 0 | BT24: 0 | BU24: 0 | BV24: 0 | BW24: 0 | BX24: 0 | BY24: 0 | BZ24: 0 | CA24: 0 | CB24: 0 | CC24: 0 | CD24: 0 | CE24: 0 | CF24: 0 | CG24: 0 | CH24: 0 | CI24: 0 | CK24: 0 | CL24: 0 | CM24: 11826.86 | CN24: 0 | CO24: 11826.86 | CQ24: 0 | CR24: 0 | CS24: 0 | CU24: 11826.86 | CV24: =S24-CU24 -> 0.14 | CW24: =IF(S24=0,"n/a",CU24/(S24)) -> 0.99998816 | DD24: 0
A25: %,V450000 | B25: 450000 | C25: Funding PPR | D25: 0 | E25: 0 | F25: 0 | G25: 4746830.1 | H25: 0 | I25: 4746830.1 | K25: 0 | L25: 460601.39 | M25: 460601.39 | O25: 4746830.1 | Q25: -5167113 | R25: 0 | S25: 5156921.9 | U25: 0 | V25: 0 | W25: 0 | X25: 0 | Y25: 0 | Z25: 0 | AA25: 0 | AB25: 0 | AC25: 0 | AD25: 0 | AE25: 0 | AF25: 0 | AG25: 0 | AH25: 0 | AI25: 0 | AJ25: 0 | AK25: 0 | AL25: 0 | AM25: 0 | AN25: 0 | AO25: 0 | AP25: 0 | AQ25: 0 | AR25: 0 | AS25: 0 | AT25: 0 | AU25: 0 | AV25: 0 | AW25: 0 | AX25: 0 | AY25: 0 | AZ25: 0 | BA25: 0 | BB25: 0 | BC25: 0 | BD25: 0 | BE25: 0 | BF25: 0 | BG25: 0 | BH25: 0 | BI25: 0 | BJ25: 0 | BK25: 0 | BL25: 0 | BM25: 0 | BN25: 0 | BO25: 0 | BP25: 0 | BQ25: 0 | BR25: 0 | BS25: 0 | BT25: 0 | BU25: 0 | BV25: 0 | BW25: 0 | BX25: 0 | BY25: 0 | BZ25: 0 | CA25: 0 | CB25: 0 | CC25: 0 | CD25: 0 | CE25: 0 | CF25: 0 | CG25: 0 | CH25: 0 | CI25: 0 | CK25: 0 | CL25: 0 | CM25: 3867691.4 | CN25: 0 | CO25: 3867691.4 | CQ25: 0 | CR25: 0 | CS25: 0 | CU25: 3867691.4 | CV25: =S25-CU25 -> 1289230.5 | CW25: =IF(S25=0,"n/a",CU25/(S25)) -> 0.75 | DD25: 1289230.5 | DF25: ADJUSTMENT TO PPR
B26: 450000 | C26: Transfers-Bond | O26: 460601.39 | S26: 465798.32 | CI26: 0 | CK26: 0 | CL26: 0 | CM26: 0 | CN26: 0 | CO26: 0 | CQ26: 0 | CR26: 348591.2 | CS26: 348591.2 | CU26: 348591.2 | CV26: =S26-CU26 -> 117207.12 | CW26: =IF(S26=0,"n/a",CU26/(S26)) -> 0.74837367 | DD26: 117207.12
A27: %,V451000 | B27: 451000 | C27: Fees/Dues | D27: 0 | E27: 0 | F27: 0 | G27: 59578.73 | H27: 0 | I27: 59578.73 | K27: 0 | L27: 0 | M27: 0 | O27: 59578.73 | Q27: -65000 | R27: 0 | S27: =-1*(Q27+R27) -> 65000 | U27: 0 | V27: 0 | W27: 0 | X27: 0 | Y27: 0 | Z27: 0 | AA27: 0 | AB27: 0 | AC27: 0 | AD27: 0 | AE27: 0 | AF27: 0 | AG27: 0 | AH27: 0 | AI27: 0 | AJ27: 0 | AK27: 0 | AL27: 0 | AM27: 0 | AN27: 0 | AO27: 0 | AP27: 0 | AQ27: 0 | AR27: 0 | AS27: 0 | AT27: 0 | AU27: 0 | AV27: 0 | AW27: 0 | AX27: 0 | AY27: 0 | AZ27: 0 | BA27: 0 | BB27: 0 | BC27: 0 | BD27: 0 | BE27: 0 | BF27: 0 | BG27: 0 | BH27: 0 | BI27: 0 | BJ27: 0 | BK27: 0 | BL27: 0 | BM27: 0 | BN27: 0 | BO27: 0 | BP27: 0 | BQ27: 0 | BR27: 0 | BS27: 0 | BT27: 0 | BU27: 0 | BV27: 0 | BW27: 0 | BX27: 0 | BY27: 0 | BZ27: 0 | CA27: 0 | CB27: 0 | CC27: 0 | CD27: 0 | CE27: 0 | CF27: 0 | CG27: 0 | CH27: 0 | CI27: 0 | CK27: 0 | CL27: 0 | CM27: 64349.29 | CN27: 0 | CO27: 64349.29 | CQ27: 0 | CR27: 0 | CS27: 0 | CU27: 64349.29 | CV27: =S27-CU27 -> 650.71 | CW27: =IF(S27=0,"n/a",CU27/(S27)) -> 0.98998908 | DD27: 650.71 | DF27: AT LEAST THIS MUCH AND MAYBE MORE
A28: %,V455000 | B28: 455000 | C28: Tuition from Individuals | D28: 0 | E28: 109564.1 | F28: 0 | G28: 0 | H28: 0 | I28: 109564.1 | K28: 0 | L28: 0 | M28: 0 | O28: 109564.1 | Q28: -125000 | R28: 0 | S28: =-1*(Q28+R28) -> 125000 | U28: 0 | V28: 0 | W28: 0 | X28: 0 | Y28: 0 | Z28: 0 | AA28: 0 | AB28: 0 | AC28: 0 | AD28: 0 | AE28: 0 | AF28: 0 | AG28: 0 | AH28: 0 | AI28: 0 | AJ28: 0 | AK28: 0 | AL28: 0 | AM28: 0 | AN28: 0 | AO28: 0 | AP28: 0 | AQ28: 0 | AR28: 0 | AS28: 0 | AT28: 0 | AU28: 0 | AV28: 0 | AW28: 0 | AX28: 0 | AY28: 0 | AZ28: 0 | BA28: 0 | BB28: 0 | BC28: 0 | BD28: 0 | BE28: 0 | BF28: 0 | BG28: 0 | BH28: 0 | BI28: 0 | BJ28: 0 | BK28: 0 | BL28: 0 | BM28: 0 | BN28: 0 | BO28: 0 | BP28: 0 | BQ28: 0 | BR28: 0 | BS28: 0 | BT28: 0 | BU28: 0 | BV28: 0 | BW28: 0 | BX28: 0 | BY28: 0 | BZ28: 0 | CA28: 0 | CB28: 0 | CC28: 0 | CD28: 0 | CE28: 0 | CF28: 0 | CG28: 0 | CH28: 0 | CI28: 0 | CK28: 0 | CL28: =129974.8-17049.9 -> 112924.9 | CM28: 0 | CN28: 0 | CO28: 112924.9 | CQ28: 0 | CR28: 0 | CS28: 0 | CU28: 112924.9 | CV28: =S28-CU28 -> 12075.1 | CW28: =IF(S28=0,"n/a",CU28/(S28)) -> 0.9033992 | DD28: 9887
B29: 455000 | C29: Tuition from Individuals for 18-19 | O29: 0 | S29: 0 | CI29: 0 | CK29: 0 | CL29: 17049.9 | CM29: 0 | CN29: 0 | CO29: 17049.9 | CS29: 0 | CU29: 17049.9 | CV29: =S29-CU29 -> -17049.9 | CW29: =IF(S29=0,"n/a",CU29/(S29)) -> n/a | DD29: 0
A30: %,V456000 | B30: 456000 | C30: Tuition-Extended Day Kdgn | D30: 0 | E30: 0 | F30: 0 | G30: 122533 | H30: 0 | I30: 122533 | K30: 0 | L30: 0 | M30: 0 | O30: 122533 | Q30: -124000 | R30: 0 | S30: =-1*(Q30+R30) -> 124000 | U30: 0 | V30: 0 | W30: 0 | X30: 0 | Y30: 0 | Z30: 0 | AA30: 0 | AB30: 0 | AC30: 0 | AD30: 0 | AE30: 0 | AF30: 0 | AG30: 0 | AH30: 0 | AI30: 0 | AJ30: 0 | AK30: 0 | AL30: 0 | AM30: 0 | AN30: 0 | AO30: 0 | AP30: 0 | AQ30: 0 | AR30: 0 | AS30: 0 | AT30: 0 | AU30: 0 | AV30: 0 | AW30: 0 | AX30: 0 | AY30: 0 | AZ30: 0 | BA30: 0 | BB30: 0 | BC30: 0 | BD30: 0 | BE30: 0 | BF30: 0 | BG30: 0 | BH30: 0 | BI30: 0 | BJ30: 0 | BK30: 0 | BL30: 0 | BM30: 0 | BN30: 0 | BO30: 0 | BP30: 0 | BQ30: 0 | BR30: 0 | BS30: 0 | BT30: 0 | BU30: 0 | BV30: 0 | BW30: 0 | BX30: 0 | BY30: 0 | BZ30: 0 | CA30: 0 | CB30: 0 | CC30: 0 | CD30: 0 | CE30: 0 | CF30: 0 | CG30: 0 | CH30: 0 | CI30: 0 | CK30: 0 | CL30: 0 | CM30: =133966-19800 -> 114166 | CN30: 0 | CO30: 114166 | CQ30: 0 | CR30: 0 | CS30: 0 | CU30: 114166 | CV30: =S30-CU30 -> 9834 | CW30: =IF(S30=0,"n/a",CU30/(S30)) -> 0.92069355 | DD30: 11915
B31: 456000 | C31: Tuition-Extended Day Kdgn for 18-19 | O31: 0 | S31: 0 | CI31: 0 | CK31: 0 | CL31: 0 | CM31: 19800 | CN31: 0 | CO31: 19800 | CS31: 0 | CU31: 19800 | CV31: =S31-CU31 -> -19800 | CW31: =IF(S31=0,"n/a",CU31/(S31)) -> n/a | DD31: 0
A32: %,V461000 | B32: 461000 | C32: Building Rental | D32: 75 | E32: 0 | F32: 0 | G32: 25057.1 | H32: 0 | I32: 25132.1 | K32: 0 | L32: 0 | M32: 0 | O32: 25132.1 | Q32: -18000 | R32: 0 | S32: =-1*(Q32+R32) -> 18000 | U32: 0 | V32: 0 | W32: 0 | X32: 0 | Y32: 0 | Z32: 0 | AA32: 0 | AB32: 0 | AC32: 0 | AD32: 0 | AE32: 0 | AF32: 0 | AG32: 0 | AH32: 0 | AI32: 0 | AJ32: 0 | AK32: 0 | AL32: 0 | AM32: 0 | AN32: 0 | AO32: 0 | AP32: 0 | AQ32: 0 | AR32: 0 | AS32: 0 | AT32: 0 | AU32: 0 | AV32: 0 | AW32: 0 | AX32: 0 | AY32: 0 | AZ32: 0 | BA32: 0 | BB32: 0 | BC32: 0 | BD32: 0 | BE32: 0 | BF32: 0 | BG32: 0 | BH32: 0 | BI32: 0 | BJ32: 0 | BK32: 0 | BL32: 0 | BM32: 0 | BN32: 0 | BO32: 0 | BP32: 0 | BQ32: 0 | BR32: 0 | BS32: 0 | BT32: 0 | BU32: 0 | BV32: 0 | BW32: 0 | BX32: 0 | BY32: 0 | BZ32: 0 | CA32: 0 | CB32: 0 | CC32: 0 | CD32: 0 | CE32: 0 | CF32: 0 | CG32: 0 | CH32: 0 | CI32: 0 | CK32: 0 | CL32: 0 | CM32: 10618.43 | CN32: 0 | CO32: 10618.43 | CQ32: 0 | CR32: 0 | CS32: 0 | CU32: 10618.43 | CV32: =S32-CU32 -> 7381.57 | CW32: =IF(S32=0,"n/a",CU32/(S32)) -> 0.58991278 | DD32: 1500 | DF32: NOT AS MANY RENTALS THIS YEAR
A33: %,V474000 | B33: 474000 | C33: Transportation - Field Trips | D33: 36007.94 | E33: 366.75 | F33: 0 | G33: 0 | H33: 0 | I33: 36374.69 | K33: 0 | L33: 0 | M33: 0 | O33: 36374.69 | Q33: -43550 | R33: 0 | S33: =-1*(Q33+R33) -> 43550 | U33: 0 | V33: 0 | W33: 0 | X33: 0 | Y33: 0 | Z33: 0 | AA33: 0 | AB33: 0 | AC33: 0 | AD33: 0 | AE33: 0 | AF33: 0 | AG33: 0 | AH33: 0 | AI33: 0 | AJ33: 0 | AK33: 0 | AL33: 0 | AM33: 0 | AN33: 0 | AO33: 0 | AP33: 0 | AQ33: 0 | AR33: 0 | AS33: 0 | AT33: 0 | AU33: 0 | AV33: 0 | AW33: 0 | AX33: 0 | AY33: 0 | AZ33: 0 | BA33: 0 | BB33: 0 | BC33: 0 | BD33: 0 | BE33: 0 | BF33: 0 | BG33: 0 | BH33: 0 | BI33: 0 | BJ33: 0 | BK33: 0 | BL33: 0 | BM33: 0 | BN33: 0 | BO33: 0 | BP33: 0 | BQ33: 0 | BR33: 0 | BS33: 0 | BT33: 0 | BU33: 0 | BV33: 0 | BW33: 0 | BX33: 0 | BY33: 0 | BZ33: 0 | CA33: 0 | CB33: 0 | CC33: 0 | CD33: 0 | CE33: 0 | CF33: 0 | CG33: 0 | CH33: 0 | CI33: 0 | CK33: 42197.64 | CL33: 167.85 | CM33: 0 | CN33: 0 | CO33: 42365.49 | CQ33: 0 | CR33: 0 | CS33: 0 | CU33: 42365.49 | CV33: =S33-CU33 -> 1184.51 | CW33: =IF(S33=0,"n/a",CU33/(S33)) -> 0.97280115 | DD33: 1184.51 | DF33: NEED TO WORK ON THIS
A34: %,V482000 | B34: 482000 | C34: Activity Revenue | D34: 21385.5 | E34: 0 | F34: 0 | G34: 0 | H34: 0 | I34: 21385.5 | K34: 0 | L34: 0 | M34: 0 | O34: 21385.5 | Q34: -23000 | R34: 0 | S34: =-1*(Q34+R34) -> 23000 | U34: 0 | V34: 0 | W34: 0 | X34: 0 | Y34: 0 | Z34: 0 | AA34: 0 | AB34: 0 | AC34: 0 | AD34: 0 | AE34: 0 | AF34: 0 | AG34: 0 | AH34: 0 | AI34: 0 | AJ34: 0 | AK34: 0 | AL34: 0 | AM34: 0 | AN34: 0 | AO34: 0 | AP34: 0 | AQ34: 0 | AR34: 0 | AS34: 0 | AT34: 0 | AU34: 0 | AV34: 0 | AW34: 0 | AX34: 0 | AY34: 0 | AZ34: 0 | BA34: 0 | BB34: 0 | BC34: 0 | BD34: 0 | BE34: 0 | BF34: 0 | BG34: 0 | BH34: 0 | BI34: 0 | BJ34: 0 | BK34: 0 | BL34: 0 | BM34: 0 | BN34: 0 | BO34: 0 | BP34: 0 | BQ34: 0 | BR34: 0 | BS34: 0 | BT34: 0 | BU34: 0 | BV34: 0 | BW34: 0 | BX34: 0 | BY34: 0 | BZ34: 0 | CA34: 0 | CB34: 0 | CC34: 0 | CD34: 0 | CE34: 0 | CF34: 0 | CG34: 0 | CH34: 0 | CI34: 0 | CK34: 12326 | CL34: 0 | CM34: 0 | CN34: 0 | CO34: 12326 | CQ34: 0 | CR34: 0 | CS34: 0 | CU34: 12326 | CV34: =S34-CU34 -> 10674 | CW34: =IF(S34=0,"n/a",CU34/(S34)) -> 0.53591304 | DD34: 10674
A35: %,V498000 | B35: 498000 | C35: Donations | D35: 414.97 | E35: 0 | F35: 0 | G35: 26105.04 | H35: 0 | I35: 26520.01 | K35: 0 | L35: 0 | M35: 0 | O35: 26520.01 | Q35: -5000 | R35: 0 | S35: =-1*(Q35+R35) -> 5000 | U35: 0 | V35: 0 | W35: 0 | X35: 0 | Y35: 0 | Z35: 0 | AA35: 0 | AB35: 0 | AC35: 0 | AD35: 0 | AE35: 0 | AF35: 0 | AG35: 0 | AH35: 0 | AI35: 0 | AJ35: 0 | AK35: 0 | AL35: 0 | AM35: 0 | AN35: 0 | AO35: 0 | AP35: 0 | AQ35: 0 | AR35: 0 | AS35: 0 | AT35: 0 | AU35: 0 | AV35: 0 | AW35: 0 | AX35: 0 | AY35: 0 | AZ35: 0 | BA35: 0 | BB35: 0 | BC35: 0 | BD35: 0 | BE35: 0 | BF35: 0 | BG35: 0 | BH35: 0 | BI35: 0 | BJ35: 0 | BK35: 0 | BL35: 0 | BM35: 0 | BN35: 0 | BO35: 0 | BP35: 0 | BQ35: 0 | BR35: 0 | BS35: 0 | BT35: 0 | BU35: 0 | BV35: 0 | BW35: 0 | BX35: 0 | BY35: 0 | BZ35: 0 | CA35: 0 | CB35: 0 | CC35: 0 | CD35: 0 | CE35: 0 | CF35: 0 | CG35: 0 | CH35: 0 | CI35: 0 | CK35: 0 | CL35: 0 | CM35: 1610.22 | CN35: 0 | CO35: 1610.22 | CQ35: 0 | CR35: 0 | CS35: 0 | CU35: 1610.22 | CV35: =S35-CU35 -> 3389.78 | CW35: =IF(S35=0,"n/a",CU35/(S35)) -> 0.322044 | DD35: 500
A36: %,V499000 | B36: 499000 | C36: Miscellaneous Revenue | D36: 0 | E36: 0 | F36: 0 | G36: 26.5 | H36: 0 | I36: 26.5 | K36: 0 | L36: 0 | M36: 0 | O36: 26.5 | Q36: -600 | R36: 0 | S36: =-1*(Q36+R36) -> 600 | U36: 0 | V36: 0 | W36: 0 | X36: 0 | Y36: 0 | Z36: 0 | AA36: 0 | AB36: 0 | AC36: 0 | AD36: 0 | AE36: 0 | AF36: 0 | AG36: 0 | AH36: 0 | AI36: 0 | AJ36: 0 | AK36: 0 | AL36: 0 | AM36: 0 | AN36: 0 | AO36: 0 | AP36: 0 | AQ36: 0 | AR36: 0 | AS36: 0 | AT36: 0 | AU36: 0 | AV36: 0 | AW36: 0 | AX36: 0 | AY36: 0 | AZ36: 0 | BA36: 0 | BB36: 0 | BC36: 0 | BD36: 0 | BE36: 0 | BF36: 0 | BG36: 0 | BH36: 0 | BI36: 0 | BJ36: 0 | BK36: 0 | BL36: 0 | BM36: 0 | BN36: 0 | BO36: 0 | BP36: 0 | BQ36: 0 | BR36: 0 | BS36: 0 | BT36: 0 | BU36: 0 | BV36: 0 | BW36: 0 | BX36: 0 | BY36: 0 | BZ36: 0 | CA36: 0 | CB36: 0 | CC36: 0 | CD36: 0 | CE36: 0 | CF36: 0 | CG36: 0 | CH36: 0 | CI36: 0 | CK36: 0 | CL36: 0 | CM36: 0 | CN36: 0 | CO36: 0 | CQ36: 0 | CR36: 0 | CS36: 0 | CU36: 0 | CV36: =S36-CU36 -> 600 | CW36: =IF(S36=0,"n/a",CU36/(S36)) -> 0 | DD36: 0
A37: %,V950500 | B37: 950500 | C37: State Intercept Bond Transfer | D37: 0 | E37: 0 | F37: 0 | G37: -278652.75 | H37: 0 | I37: -278652.75 | K37: -181948.64 | L37: 0 | M37: -181948.64 | O37: -446928.85 | Q37: 0 | R37: 0 | S37: -465798.32 | U37: 0 | V37: 0 | W37: 0 | X37: 0 | Y37: 0 | Z37: 0 | AA37: 0 | AB37: 0 | AC37: 0 | AD37: 0 | AE37: 0 | AF37: 0 | AG37: 0 | AH37: 0 | AI37: 0 | AJ37: 0 | AK37: 0 | AL37: 0 | AM37: 0 | AN37: 0 | AO37: 0 | AP37: 0 | AQ37: 0 | AR37: 0 | AS37: 0 | AT37: 0 | AU37: 0 | AV37: 0 | AW37: 0 | AX37: 0 | AY37: 0 | AZ37: 0 | BA37: 0 | BB37: 0 | BC37: 0 | BD37: 0 | BE37: 0 | BF37: 0 | BG37: 0 | BH37: 0 | BI37: 0 | BJ37: 0 | BK37: 0 | BL37: 0 | BM37: 0 | BN37: 0 | BO37: 0 | BP37: 0 | BQ37: 0 | BR37: 0 | BS37: 0 | BT37: 0 | BU37: 0 | BV37: 0 | BW37: 0 | BX37: 0 | BY37: 0 | BZ37: 0 | CA37: 0 | CB37: 0 | CC37: 0 | CD37: 0 | CE37: 0 | CF37: 0 | CG37: 0 | CH37: 0 | CI37: 0 | CK37: 0 | CL37: 0 | CM37: -219940.79 | CN37: 0 | CO37: -219940.79 | CQ37: -128650.41 | CR37: 0 | CS37: -128650.41 | CU37: -348591.2 | CV37: =S37-CU37 -> -117207.12 | CW37: =IF(S37=0,"n/a",CU37/(S37)) -> 0.74837367 | DD37: -117207.12
B38: 950500 | C38: Bond R & R Payments | O38: -13672.54 | S38: 0 | CI38: 0 | CK38: 0 | CL38: 0 | CM38: 0 | CN38: 0 | CO38: 0 | CP38: 0 | CQ38: 0 | CR38: 0 | CS38: 0 | CU38: 0 | CV38: =S38-CU38 -> 0 | CW38: =IF(S38=0,"n/a",CU38/(S38)) -> n/a
A39: %,R,FACCOUNT,TACCOUNT_ROLLUP,X,NREVENUE | C39: Revenues | D39: 83414.34 | E39: 110330.85 | F39: 0 | G39: 5999349.2 | H39: 500 | I39: 6193594.4 | K39: 1333561 | L39: 461288.22 | M39: 1794849.2 | O39: 7988443.6 | Q39: -6881291 | R39: 0 | S39: =-1*(Q39+R39) -> 6881291 | U39: 0 | V39: 0 | W39: 0 | X39: 0 | Y39: 0 | Z39: 0 | AA39: 0 | AB39: 0 | AC39: 0 | AD39: 0 | AE39: 0 | AF39: 0 | AG39: 0 | AH39: 0 | AI39: 0 | AJ39: 0 | AK39: 0 | AL39: 0 | AM39: 0 | AN39: 0 | AO39: 0 | AP39: 0 | AQ39: 0 | AR39: 0 | AS39: 0 | AT39: 0 | AU39: 0 | AV39: 0 | AW39: 0 | AX39: 0 | AY39: 0 | AZ39: 0 | BA39: 0 | BB39: 0 | BC39: 0 | BD39: 0 | BE39: 0 | BF39: 0 | BG39: 0 | BH39: 0 | BI39: 0 | BJ39: 0 | BK39: 0 | BL39: 0 | BM39: 0 | BN39: 0 | BO39: 0 | BP39: 0 | BQ39: 0 | BR39: 0 | BS39: 0 | BT39: 0 | BU39: 0 | BV39: 0 | BW39: 0 | BX39: 0 | BY39: 0 | BZ39: 0 | CA39: 0 | CB39: 0 | CC39: 0 | CD39: 0 | CE39: 0 | CF39: 0 | CG39: 0 | CH39: 0 | CI39: 0 | CK39: 72437.24 | CL39: 130342.65 | CM39: 4715918.4 | CN39: 300 | CO39: 4918998.2 | CQ39: -28588.98 | CR39: 351860.12 | CS39: 323271.14 | CU39: 5242269.4 | CV39: 1639278.9 | CW39: =IF(S39=0,"n/a",CU39/(S39)) -> 0.76181481 | DD39: =SUM(DD13:DD38) -> 1668236.5
A41: %,C | C41: Available | D41: =D11+D39 -> 83414.34 | E41: =E11+E39 -> 110330.85 | F41: =F11+F39 -> 0 | G41: =G11+G39 -> 5999349.2 | H41: =H11+H39 -> 500 | I41: =I11+I39 -> 8768488 | K41: =K11+K39 -> 1333561 | L41: =L11+L39 -> 461288.22 | M41: =M11+M39 -> 1794849.2 | O41: =O11+O39 -> 10563337 | S41: =S11+S39 -> 6881291 | CK41: =CK11+CK39 -> 139146 | CL41: =CL11+CL39 -> 213882.49 | CM41: =CM11+CM39 -> 6429256.3 | CN41: =CN11+CN39 -> 300 | CO41: =CO11+CO39 -> 6782584.8 | CQ41: =CQ11+CQ39 -> -28588.98 | CR41: =CR11+CR39 -> 1133677.2 | CS41: =CS11+CS39 -> 1105088.2 | CU41: =CU11+CU39 -> 7887673 | CV41: =CV11+CV39 -> 1639278.9 | CW41: =IF(S41=0,"n/a",CU41/(S41)) -> 1.146249
A43: %,V512100 | B43: 512100 | C43: Principal | D43: 0 | E43: 0 | F43: 0 | G43: 88666.32 | H43: 0 | I43: 88666.32 | K43: 0 | L43: 0 | M43: 0 | O43: 0 | Q43: 0 | R43: 0 | U43: 111677 | V43: 0 | W43: 0 | X43: 0 | Y43: 0 | Z43: 0 | AA43: 0 | AB43: 0 | AC43: 0 | AD43: 0 | AE43: 0 | AF43: 0 | AG43: 0 | AH43: 0 | AI43: 0 | AJ43: 0 | AK43: 0 | AL43: 0 | AM43: 0 | AN43: 0 | AO43: 0 | AP43: 0 | AQ43: 0 | AR43: 0 | AS43: 0 | AT43: 0 | AU43: 0 | AV43: 0 | AW43: 0 | AX43: 0 | AY43: 0 | AZ43: 0 | BA43: 0 | BB43: 0 | BC43: 0 | BD43: 0 | BE43: 0 | BF43: 0 | BG43: 0 | BH43: 0 | BI43: 0 | BJ43: 0 | BK43: 0 | BL43: 0 | BM43: 0 | BN43: 0 | BO43: 0 | BP43: 0 | BQ43: 0 | BR43: 0 | BS43: 0 | BT43: 0 | BU43: 0 | BV43: 0 | BW43: 0 | BX43: 0 | BY43: 0 | BZ43: 0 | CA43: 0 | CB43: 0 | CC43: 0 | CD43: 0 | CE43: 0 | CF43: 0 | CG43: 0 | CH43: 0 | CI43: 0 | CK43: 0 | CL43: 0 | CM43: 72464.73 | CN43: 0 | CO43: 0 | CQ43: 0 | CR43: 0 | CS43: 0 | CU43: 0 | CV43: =CI43-CU43 -> 0 | CW43: =IF(CI43=0,"n/a",CU43/(CI43)) -> n/a
A44: %,V513100 | B44: 513100 | C44: Assistant Principal | D44: 0 | E44: 0 | F44: 0 | G44: 148310.32 | H44: 0 | I44: 148310.32 | K44: 0 | L44: 0 | M44: 0 | O44: 0 | Q44: 0 | R44: 0 | U44: 0 | V44: 157323 | W44: 0 | X44: 0 | Y44: 0 | Z44: 0 | AA44: 0 | AB44: 0 | AC44: 0 | AD44: 0 | AE44: 0 | AF44: 0 | AG44: 0 | AH44: 0 | AI44: 0 | AJ44: 0 | AK44: 0 | AL44: 0 | AM44: 0 | AN44: 0 | AO44: 0 | AP44: 0 | AQ44: 0 | AR44: 0 | AS44: 0 | AT44: 0 | AU44: 0 | AV44: 0 | AW44: 0 | AX44: 0 | AY44: 0 | AZ44: 0 | BA44: 0 | BB44: 0 | BC44: 0 | BD44: 0 | BE44: 0 | BF44: 0 | BG44: 0 | BH44: 0 | BI44: 0 | BJ44: 0 | BK44: 0 | BL44: 0 | BM44: 0 | BN44: 0 | BO44: 0 | BP44: 0 | BQ44: 0 | BR44: 0 | BS44: 0 | BT44: 0 | BU44: 0 | BV44: 0 | BW44: 0 | BX44: 0 | BY44: 0 | BZ44: 0 | CA44: 0 | CB44: 0 | CC44: 0 | CD44: 0 | CE44: 0 | CF44: 0 | CG44: 0 | CH44: 0 | CI44: 0 | CK44: 0 | CL44: 0 | CM44: 104992.32 | CN44: 0 | CO44: 0 | CQ44: 0 | CR44: 0 | CS44: 0 | CU44: 0 | CV44: =CI44-CU44 -> 0 | CW44: =IF(CI44=0,"n/a",CU44/(CI44)) -> n/a
B45: 512100/513100 | C45: Adminstration | O45: 236976.64 | CI45: 269000 | CK45: 0 | CL45: 0 | CM45: 0 | CN45: 0 | CO45: 177457.05 | CQ45: 0 | CR45: 0 | CS45: 0 | CU45: 177457.05 | CV45: =CI45-CU45 -> 91542.95 | CW45: =IF(CI45=0,"n/a",CU45/(CI45)) -> 0.65969164
A46: %,V521100 | B46: 521100 | C46: Teacher | D46: 0 | E46: 40840.32 | F46: 0 | G46: 1870846.2 | H46: 0 | I46: 1911686.6 | K46: 0 | L46: 0 | M46: 0 | O46: 1911686.6 | Q46: 0 | R46: 0 | U46: 0 | V46: 0 | W46: 1988350 | X46: 0 | Y46: 0 | Z46: 0 | AA46: 0 | AB46: 0 | AC46: 0 | AD46: 0 | AE46: 0 | AF46: 0 | AG46: 0 | AH46: 0 | AI46: 0 | AJ46: 0 | AK46: 0 | AL46: 0 | AM46: 0 | AN46: 0 | AO46: 0 | AP46: 0 | AQ46: 0 | AR46: 0 | AS46: 0 | AT46: 0 | AU46: 0 | AV46: 0 | AW46: 0 | AX46: 0 | AY46: 0 | AZ46: 0 | BA46: 0 | BB46: 0 | BC46: 0 | BD46: 0 | BE46: 0 | BF46: 0 | BG46: 0 | BH46: 0 | BI46: 0 | BJ46: 0 | BK46: 0 | BL46: 0 | BM46: 0 | BN46: 0 | BO46: 0 | BP46: 0 | BQ46: 0 | BR46: 0 | BS46: 0 | BT46: 0 | BU46: 0 | BV46: 0 | BW46: 0 | BX46: 0 | BY46: 0 | BZ46: 0 | CA46: 0 | CB46: 0 | CC46: 0 | CD46: 0 | CE46: 0 | CF46: 0 | CG46: 0 | CH46: 0 | CI46: 1988350 | CK46: 2499.99 | CL46: 27167.85 | CM46: 1274593.3 | CN46: 0 | CO46: 1304261.2 | CQ46: 0 | CR46: 0 | CS46: 0 | CU46: 1304261.1 | CV46: =CI46-CU46 -> 684088.85 | CW46: =IF(CI46=0,"n/a",CU46/(CI46)) -> 0.65595149
A47: %,V521900 | B47: 521900 | C47: Substitute Teacher | D47: 0 | E47: 606.27 | F47: 0 | G47: 39037.5 | H47: 0 | I47: 39643.77 | K47: 0 | L47: 0 | M47: 0 | O47: 39643.77 | Q47: 0 | R47: 0 | U47: 0 | V47: 0 | W47: 0 | X47: 36500 | Y47: 0 | Z47: 0 | AA47: 0 | AB47: 0 | AC47: 0 | AD47: 0 | AE47: 0 | AF47: 0 | AG47: 0 | AH47: 0 | AI47: 0 | AJ47: 0 | AK47: 0 | AL47: 0 | AM47: 0 | AN47: 0 | AO47: 0 | AP47: 0 | AQ47: 0 | AR47: 0 | AS47: 0 | AT47: 0 | AU47: 0 | AV47: 0 | AW47: 0 | AX47: 0 | AY47: 0 | AZ47: 0 | BA47: 0 | BB47: 0 | BC47: 0 | BD47: 0 | BE47: 0 | BF47: 0 | BG47: 0 | BH47: 0 | BI47: 0 | BJ47: 0 | BK47: 0 | BL47: 0 | BM47: 0 | BN47: 0 | BO47: 0 | BP47: 0 | BQ47: 0 | BR47: 0 | BS47: 0 | BT47: 0 | BU47: 0 | BV47: 0 | BW47: 0 | BX47: 0 | BY47: 0 | BZ47: 0 | CA47: 0 | CB47: 0 | CC47: 0 | CD47: 0 | CE47: 0 | CF47: 0 | CG47: 0 | CH47: 0 | CI47: 36500 | CK47: 1850 | CL47: 1940.62 | CM47: 29335 | CN47: 0 | CO47: 33125.62 | CQ47: 0 | CR47: 0 | CS47: 0 | CU47: 33125.62 | CV47: =CI47-CU47 -> 3374.38 | CW47: =IF(CI47=0,"n/a",CU47/(CI47)) -> 0.90755123
A48: %,V522200 | B48: 522200 | C48: Teacher Librarian | D48: 0 | E48: 0 | F48: 0 | G48: 46571 | H48: 0 | I48: 46571 | K48: 0 | L48: 0 | M48: 0 | O48: 46571 | Q48: 0 | R48: 0 | U48: 0 | V48: 0 | W48: 0 | X48: 0 | Y48: 46872 | Z48: 0 | AA48: 0 | AB48: 0 | AC48: 0 | AD48: 0 | AE48: 0 | AF48: 0 | AG48: 0 | AH48: 0 | AI48: 0 | AJ48: 0 | AK48: 0 | AL48: 0 | AM48: 0 | AN48: 0 | AO48: 0 | AP48: 0 | AQ48: 0 | AR48: 0 | AS48: 0 | AT48: 0 | AU48: 0 | AV48: 0 | AW48: 0 | AX48: 0 | AY48: 0 | AZ48: 0 | BA48: 0 | BB48: 0 | BC48: 0 | BD48: 0 | BE48: 0 | BF48: 0 | BG48: 0 | BH48: 0 | BI48: 0 | BJ48: 0 | BK48: 0 | BL48: 0 | BM48: 0 | BN48: 0 | BO48: 0 | BP48: 0 | BQ48: 0 | BR48: 0 | BS48: 0 | BT48: 0 | BU48: 0 | BV48: 0 | BW48: 0 | BX48: 0 | BY48: 0 | BZ48: 0 | CA48: 0 | CB48: 0 | CC48: 0 | CD48: 0 | CE48: 0 | CF48: 0 | CG48: 0 | CH48: 0 | CI48: 46872 | CK48: 0 | CL48: 0 | CM48: 31181.25 | CN48: 0 | CO48: 31181.25 | CQ48: 0 | CR48: 0 | CS48: 0 | CU48: 31181.25 | CV48: =CI48-CU48 -> 15690.75 | CW48: =IF(CI48=0,"n/a",CU48/(CI48)) -> 0.66524258
A49: %,V524200 | B49: 524200 | C49: Coordinator - Classified | D49: 0 | E49: 0 | F49: 0 | G49: 48419 | H49: 0 | I49: 48419 | K49: 0 | L49: 0 | M49: 0 | O49: 48419 | Q49: 0 | R49: 0 | U49: 0 | V49: 0 | W49: 0 | X49: 0 | Y49: 0 | Z49: 46037 | AA49: 0 | AB49: 0 | AC49: 0 | AD49: 0 | AE49: 0 | AF49: 0 | AG49: 0 | AH49: 0 | AI49: 0 | AJ49: 0 | AK49: 0 | AL49: 0 | AM49: 0 | AN49: 0 | AO49: 0 | AP49: 0 | AQ49: 0 | AR49: 0 | AS49: 0 | AT49: 0 | AU49: 0 | AV49: 0 | AW49: 0 | AX49: 0 | AY49: 0 | AZ49: 0 | BA49: 0 | BB49: 0 | BC49: 0 | BD49: 0 | BE49: 0 | BF49: 0 | BG49: 0 | BH49: 0 | BI49: 0 | BJ49: 0 | BK49: 0 | BL49: 0 | BM49: 0 | BN49: 0 | BO49: 0 | BP49: 0 | BQ49: 0 | BR49: 0 | BS49: 0 | BT49: 0 | BU49: 0 | BV49: 0 | BW49: 0 | BX49: 0 | BY49: 0 | BZ49: 0 | CA49: 0 | CB49: 0 | CC49: 0 | CD49: 0 | CE49: 0 | CF49: 0 | CG49: 0 | CH49: 0 | CI49: 46037 | CK49: 0 | CL49: 0 | CM49: 31196.33 | CN49: 0 | CO49: 31196.33 | CQ49: 0 | CR49: 0 | CS49: 0 | CU49: 31196.33 | CV49: =CI49-CU49 -> 14840.67 | CW49: =IF(CI49=0,"n/a",CU49/(CI49)) -> 0.67763603
A50: %,V526200 | B50: 526200 | C50: Instructional Coach | D50: 0 | E50: 0 | F50: 0 | G50: 75717.75 | H50: 0 | I50: 75717.75 | K50: 0 | L50: 0 | M50: 0 | O50: 75717.75 | Q50: 0 | R50: 0 | U50: 0 | V50: 0 | W50: 0 | X50: 0 | Y50: 0 | Z50: 0 | AA50: 65532 | AB50: 0 | AC50: 0 | AD50: 0 | AE50: 0 | AF50: 0 | AG50: 0 | AH50: 0 | AI50: 0 | AJ50: 0 | AK50: 0 | AL50: 0 | AM50: 0 | AN50: 0 | AO50: 0 | AP50: 0 | AQ50: 0 | AR50: 0 | AS50: 0 | AT50: 0 | AU50: 0 | AV50: 0 | AW50: 0 | AX50: 0 | AY50: 0 | AZ50: 0 | BA50: 0 | BB50: 0 | BC50: 0 | BD50: 0 | BE50: 0 | BF50: 0 | BG50: 0 | BH50: 0 | BI50: 0 | BJ50: 0 | BK50: 0 | BL50: 0 | BM50: 0 | BN50: 0 | BO50: 0 | BP50: 0 | BQ50: 0 | BR50: 0 | BS50: 0 | BT50: 0 | BU50: 0 | BV50: 0 | BW50: 0 | BX50: 0 | BY50: 0 | BZ50: 0 | CA50: 0 | CB50: 0 | CC50: 0 | CD50: 0 | CE50: 0 | CF50: 0 | CG50: 0 | CH50: 0 | CI50: 65532 | CK50: 0 | CL50: 0 | CM50: 44411.85 | CN50: 0 | CO50: 44411.85 | CQ50: 0 | CR50: 0 | CS50: 0 | CU50: 44411.85 | CV50: =CI50-CU50 -> 21120.15 | CW50: =IF(CI50=0,"n/a",CU50/(CI50)) -> 0.67771242
A51: %,V529200 | B51: 529200 | C51: Occupational Therapist | D51: 0 | E51: 0 | F51: 0 | G51: 36613.71 | H51: 0 | I51: 36613.71 | K51: 0 | L51: 0 | M51: 0 | O51: 36613.71 | Q51: 0 | R51: 0 | U51: 0 | V51: 0 | W51: 0 | X51: 0 | Y51: 0 | Z51: 0 | AA51: 0 | AB51: 34652 | AC51: 0 | AD51: 0 | AE51: 0 | AF51: 0 | AG51: 0 | AH51: 0 | AI51: 0 | AJ51: 0 | AK51: 0 | AL51: 0 | AM51: 0 | AN51: 0 | AO51: 0 | AP51: 0 | AQ51: 0 | AR51: 0 | AS51: 0 | AT51: 0 | AU51: 0 | AV51: 0 | AW51: 0 | AX51: 0 | AY51: 0 | AZ51: 0 | BA51: 0 | BB51: 0 | BC51: 0 | BD51: 0 | BE51: 0 | BF51: 0 | BG51: 0 | BH51: 0 | BI51: 0 | BJ51: 0 | BK51: 0 | BL51: 0 | BM51: 0 | BN51: 0 | BO51: 0 | BP51: 0 | BQ51: 0 | BR51: 0 | BS51: 0 | BT51: 0 | BU51: 0 | BV51: 0 | BW51: 0 | BX51: 0 | BY51: 0 | BZ51: 0 | CA51: 0 | CB51: 0 | CC51: 0 | CD51: 0 | CE51: 0 | CF51: 0 | CG51: 0 | CH51: 0 | CI51: 34652 | CK51: 0 | CL51: 0 | CM51: 22260.22 | CN51: 0 | CO51: 22260.22 | CQ51: 0 | CR51: 0 | CS51: 0 | CU51: 22260.22 | CV51: =CI51-CU51 -> 12391.78 | CW51: =IF(CI51=0,"n/a",CU51/(CI51)) -> 0.64239351
A52: %,V529400 | B52: 529400 | C52: Nurse | D52: 0 | E52: 0 | F52: 0 | G52: 28423.77 | H52: 0 | I52: 28423.77 | K52: 0 | L52: 0 | M52: 0 | O52: 28423.77 | Q52: 0 | R52: 0 | U52: 0 | V52: 0 | W52: 0 | X52: 0 | Y52: 0 | Z52: 0 | AA52: 0 | AB52: 0 | AC52: 28437 | AD52: 0 | AE52: 0 | AF52: 0 | AG52: 0 | AH52: 0 | AI52: 0 | AJ52: 0 | AK52: 0 | AL52: 0 | AM52: 0 | AN52: 0 | AO52: 0 | AP52: 0 | AQ52: 0 | AR52: 0 | AS52: 0 | AT52: 0 | AU52: 0 | AV52: 0 | AW52: 0 | AX52: 0 | AY52: 0 | AZ52: 0 | BA52: 0 | BB52: 0 | BC52: 0 | BD52: 0 | BE52: 0 | BF52: 0 | BG52: 0 | BH52: 0 | BI52: 0 | BJ52: 0 | BK52: 0 | BL52: 0 | BM52: 0 | BN52: 0 | BO52: 0 | BP52: 0 | BQ52: 0 | BR52: 0 | BS52: 0 | BT52: 0 | BU52: 0 | BV52: 0 | BW52: 0 | BX52: 0 | BY52: 0 | BZ52: 0 | CA52: 0 | CB52: 0 | CC52: 0 | CD52: 0 | CE52: 0 | CF52: 0 | CG52: 0 | CH52: 0 | CI52: 28437 | CK52: 0 | CL52: 0 | CM52: 18912.5 | CN52: 0 | CO52: 18912.5 | CQ52: 0 | CR52: 0 | CS52: 0 | CU52: 18912.5 | CV52: =CI52-CU52 -> 9524.5 | CW52: =IF(CI52=0,"n/a",CU52/(CI52)) -> 0.66506664
A53: %,V529500 | B53: 529500 | C53: Psychologist | D53: 0 | E53: 0 | F53: 0 | G53: 27591.96 | H53: 0 | I53: 27591.96 | K53: 0 | L53: 0 | M53: 0 | O53: 27591.96 | Q53: 0 | R53: 0 | U53: 0 | V53: 0 | W53: 0 | X53: 0 | Y53: 0 | Z53: 0 | AA53: 0 | AB53: 0 | AC53: 0 | AD53: 30420 | AE53: 0 | AF53: 0 | AG53: 0 | AH53: 0 | AI53: 0 | AJ53: 0 | AK53: 0 | AL53: 0 | AM53: 0 | AN53: 0 | AO53: 0 | AP53: 0 | AQ53: 0 | AR53: 0 | AS53: 0 | AT53: 0 | AU53: 0 | AV53: 0 | AW53: 0 | AX53: 0 | AY53: 0 | AZ53: 0 | BA53: 0 | BB53: 0 | BC53: 0 | BD53: 0 | BE53: 0 | BF53: 0 | BG53: 0 | BH53: 0 | BI53: 0 | BJ53: 0 | BK53: 0 | BL53: 0 | BM53: 0 | BN53: 0 | BO53: 0 | BP53: 0 | BQ53: 0 | BR53: 0 | BS53: 0 | BT53: 0 | BU53: 0 | BV53: 0 | BW53: 0 | BX53: 0 | BY53: 0 | BZ53: 0 | CA53: 0 | CB53: 0 | CC53: 0 | CD53: 0 | CE53: 0 | CF53: 0 | CG53: 0 | CH53: 0 | CI53: 30420 | CK53: 0 | CL53: 0 | CM53: 17263.98 | CN53: 0 | CO53: 17263.98 | CQ53: 0 | CR53: 0 | CS53: 0 | CU53: 17263.98 | CV53: =CI53-CU53 -> 13156.02 | CW53: =IF(CI53=0,"n/a",CU53/(CI53)) -> 0.56752071
A54: %,V529600 | B54: 529600 | C54: Social Worker | D54: 0 | E54: 0 | F54: 0 | G54: 54263.32 | H54: 0 | I54: 54263.32 | K54: 0 | L54: 0 | M54: 0 | O54: 54263.32 | Q54: 0 | R54: 0 | U54: 0 | V54: 0 | W54: 0 | X54: 0 | Y54: 0 | Z54: 0 | AA54: 0 | AB54: 0 | AC54: 0 | AD54: 0 | AE54: 52595 | AF54: 0 | AG54: 0 | AH54: 0 | AI54: 0 | AJ54: 0 | AK54: 0 | AL54: 0 | AM54: 0 | AN54: 0 | AO54: 0 | AP54: 0 | AQ54: 0 | AR54: 0 | AS54: 0 | AT54: 0 | AU54: 0 | AV54: 0 | AW54: 0 | AX54: 0 | AY54: 0 | AZ54: 0 | BA54: 0 | BB54: 0 | BC54: 0 | BD54: 0 | BE54: 0 | BF54: 0 | BG54: 0 | BH54: 0 | BI54: 0 | BJ54: 0 | BK54: 0 | BL54: 0 | BM54: 0 | BN54: 0 | BO54: 0 | BP54: 0 | BQ54: 0 | BR54: 0 | BS54: 0 | BT54: 0 | BU54: 0 | BV54: 0 | BW54: 0 | BX54: 0 | BY54: 0 | BZ54: 0 | CA54: 0 | CB54: 0 | CC54: 0 | CD54: 0 | CE54: 0 | CF54: 0 | CG54: 0 | CH54: 0 | CI54: 52595 | CK54: 0 | CL54: 0 | CM54: 35154.15 | CN54: 0 | CO54: 35154.15 | CQ54: 0 | CR54: 0 | CS54: 0 | CU54: 35154.15 | CV54: =CI54-CU54 -> 17440.85 | CW54: =IF(CI54=0,"n/a",CU54/(CI54)) -> 0.66839338
A55: %,V529800 | B55: 529800 | C55: Speech Therapist | D55: 0 | E55: 0 | F55: 0 | G55: 55420.07 | H55: 0 | I55: 55420.07 | K55: 0 | L55: 0 | M55: 0 | O55: 55420.07 | Q55: 0 | R55: 0 | U55: 0 | V55: 0 | W55: 0 | X55: 0 | Y55: 0 | Z55: 0 | AA55: 0 | AB55: 0 | AC55: 0 | AD55: 0 | AE55: 0 | AF55: 57842 | AG55: 0 | AH55: 0 | AI55: 0 | AJ55: 0 | AK55: 0 | AL55: 0 | AM55: 0 | AN55: 0 | AO55: 0 | AP55: 0 | AQ55: 0 | AR55: 0 | AS55: 0 | AT55: 0 | AU55: 0 | AV55: 0 | AW55: 0 | AX55: 0 | AY55: 0 | AZ55: 0 | BA55: 0 | BB55: 0 | BC55: 0 | BD55: 0 | BE55: 0 | BF55: 0 | BG55: 0 | BH55: 0 | BI55: 0 | BJ55: 0 | BK55: 0 | BL55: 0 | BM55: 0 | BN55: 0 | BO55: 0 | BP55: 0 | BQ55: 0 | BR55: 0 | BS55: 0 | BT55: 0 | BU55: 0 | BV55: 0 | BW55: 0 | BX55: 0 | BY55: 0 | BZ55: 0 | CA55: 0 | CB55: 0 | CC55: 0 | CD55: 0 | CE55: 0 | CF55: 0 | CG55: 0 | CH55: 0 | CI55: 57842 | CK55: 0 | CL55: 0 | CM55: 35540.39 | CN55: 0 | CO55: 35540.39 | CQ55: 0 | CR55: 0 | CS55: 0 | CU55: 35540.39 | CV55: =CI55-CU55 -> 22301.61 | CW55: =IF(CI55=0,"n/a",CU55/(CI55)) -> 0.61443916
A56: %,V552100 | B56: 552100 | C56: School Secretary | D56: 0 | E56: 0 | F56: 0 | G56: 134645.2 | H56: 0 | I56: 134645.2 | K56: 0 | L56: 0 | M56: 0 | O56: 134645.2 | Q56: 0 | R56: 0 | U56: 0 | V56: 0 | W56: 0 | X56: 0 | Y56: 0 | Z56: 0 | AA56: 0 | AB56: 0 | AC56: 0 | AD56: 0 | AE56: 0 | AF56: 0 | AG56: 145703 | AH56: 0 | AI56: 0 | AJ56: 0 | AK56: 0 | AL56: 0 | AM56: 0 | AN56: 0 | AO56: 0 | AP56: 0 | AQ56: 0 | AR56: 0 | AS56: 0 | AT56: 0 | AU56: 0 | AV56: 0 | AW56: 0 | AX56: 0 | AY56: 0 | AZ56: 0 | BA56: 0 | BB56: 0 | BC56: 0 | BD56: 0 | BE56: 0 | BF56: 0 | BG56: 0 | BH56: 0 | BI56: 0 | BJ56: 0 | BK56: 0 | BL56: 0 | BM56: 0 | BN56: 0 | BO56: 0 | BP56: 0 | BQ56: 0 | BR56: 0 | BS56: 0 | BT56: 0 | BU56: 0 | BV56: 0 | BW56: 0 | BX56: 0 | BY56: 0 | BZ56: 0 | CA56: 0 | CB56: 0 | CC56: 0 | CD56: 0 | CE56: 0 | CF56: 0 | CG56: 0 | CH56: 0 | CI56: 145703 | CK56: 0 | CL56: 0 | CM56: 97217.45 | CN56: 0 | CO56: 97217.45 | CQ56: 0 | CR56: 0 | CS56: 0 | CU56: 97217.45 | CV56: =CI56-CU56 -> 48485.55 | CW56: =IF(CI56=0,"n/a",CU56/(CI56)) -> 0.66723026
A57: %,V557100 | B57: 557100 | C57: Paraprofessional | D57: 0 | E57: 24381.04 | F57: 0 | G57: 348242.41 | H57: 0 | I57: 372623.45 | K57: 0 | L57: 0 | M57: 0 | O57: 372623.45 | Q57: 0 | R57: 0 | U57: 0 | V57: 0 | W57: 0 | X57: 0 | Y57: 0 | Z57: 0 | AA57: 0 | AB57: 0 | AC57: 0 | AD57: 0 | AE57: 0 | AF57: 0 | AG57: 0 | AH57: 453201 | AI57: 0 | AJ57: 0 | AK57: 0 | AL57: 0 | AM57: 0 | AN57: 0 | AO57: 0 | AP57: 0 | AQ57: 0 | AR57: 0 | AS57: 0 | AT57: 0 | AU57: 0 | AV57: 0 | AW57: 0 | AX57: 0 | AY57: 0 | AZ57: 0 | BA57: 0 | BB57: 0 | BC57: 0 | BD57: 0 | BE57: 0 | BF57: 0 | BG57: 0 | BH57: 0 | BI57: 0 | BJ57: 0 | BK57: 0 | BL57: 0 | BM57: 0 | BN57: 0 | BO57: 0 | BP57: 0 | BQ57: 0 | BR57: 0 | BS57: 0 | BT57: 0 | BU57: 0 | BV57: 0 | BW57: 0 | BX57: 0 | BY57: 0 | BZ57: 0 | CA57: 0 | CB57: 0 | CC57: 0 | CD57: 0 | CE57: 0 | CF57: 0 | CG57: 0 | CH57: 0 | CI57: 453201 | CK57: 0 | CL57: 18050.52 | CM57: 263862.77 | CN57: 0 | CO57: 281913.29 | CQ57: 0 | CR57: 0 | CS57: 0 | CU57: 281913.29 | CV57: =CI57-CU57 -> 171287.71 | CW57: =IF(CI57=0,"n/a",CU57/(CI57)) -> 0.62204913
... A64: %,V599830 | B64: 599830 | C64: Additional Pay-Administrative | D64: 0 | E64: 0 | F64: 0 | G64: 0 | H64: 0 | I64: 0 | K64: 0 | L64: 0 | M64: 0 | O64: 0 | Q64: 0 | R64: 0 | U64: 0 | V64: 0 | W64: 0 | X64: 0 | Y64: 0 | Z64: 0 | AA64: 0 | AB64: 0 | AC64: 0 | AD64: 0 | AE64: 0 | AF64: 0 | AG64: 0 | AH64: 0 | AI64: 0 | AJ64: 0 | AK64: 0 | AL64: 0 | AM64: 0 | AN64: 1750 | AO64: 0 | AP64: 0 | AQ64: 0 | AR64: 0 | AS64: 0 | AT64: 0 | AU64: 0 | AV64: 0 | AW64: 0 | AX64: 0 | AY64: 0 | AZ64: 0 | BA64: 0 | BB64: 0 | BC64: 0 | BD64: 0 | BE64: 0 | BF64: 0 | BG64: 0 | BH64: 0 | BI64: 0 | BJ64: 0 | BK64: 0 | BL64: 0 | BM64: 0 | BN64: 0 | BO64: 0 | BP64: 0 | BQ64: 0 | BR64: 0 | BS64: 0 | BT64: 0 | BU64: 0 | BV64: 0 | BW64: 0 | BX64: 0 | BY64: 0 | BZ64: 0 | CA64: 0 | CB64: 0 | CC64: 0 | CD64: 0 | CE64: 0 | CF64: 0 | CG64: 0 | CH64: 0 | CI64: 1750 | CK64: 0 | CL64: 0 | CM64: 0 | CN64: 0 | CO64: 0 | CQ64: 0 | CR64: 0 | CS64: 0 | CU64: 0 | CV64: =CI64-CU64 -> 1750 | CW64: =IF(CI64=0,"n/a",CU64/(CI64)) -> 0
A65: %,FACCOUNT,TACCOUNT_ROLLUP,X,NSALARIES | C65: Salaries | D65: 7882 | E65: 66730.88 | F65: 0 | G65: 3174827 | H65: 0 | I65: 3249439.9 | K65: 0 | L65: 0 | M65: 0 | O65: 3249439.9 | Q65: 0 | R65: 0 | U65: 111677 | V65: 157323 | W65: 1988350 | X65: 36500 | Y65: 46872 | Z65: 46037 | AA65: 65532 | AB65: 34652 | AC65: 28437 | AD65: 30420 | AE65: 52595 | AF65: 57842 | AG65: 145703 | AH65: 453201 | AI65: 22008 | AJ65: 128876 | AK65: 22000 | AL65: 15000 | AM65: 1750 | AN65: 1750 | AO65: 0 | AP65: 0 | AQ65: 0 | AR65: 0 | AS65: 0 | AT65: 0 | AU65: 0 | AV65: 0 | AW65: 0 | AX65: 0 | AY65: 0 | AZ65: 0 | BA65: 0 | BB65: 0 | BC65: 0 | BD65: 0 | BE65: 0 | BF65: 0 | BG65: 0 | BH65: 0 | BI65: 0 | BJ65: 0 | BK65: 0 | BL65: 0 | BM65: 0 | BN65: 0 | BO65: 0 | BP65: 0 | BQ65: 0 | BR65: 0 | BS65: 0 | BT65: 0 | BU65: 0 | BV65: 0 | BW65: 0 | BX65: 0 | BY65: 0 | BZ65: 0 | CA65: 0 | CB65: 0 | CC65: 0 | CD65: 0 | CE65: 0 | CF65: 0 | CG65: 0 | CH65: 0 | CI65: 3446525 | CK65: 6916.23 | CL65: 47158.99 | CM65: 2178980.7 | CN65: 0 | CO65: 2233055.9 | CQ65: 0 | CR65: 0 | CS65: 0 | CU65: 2233055.9 | CV65: =CI65-CU65 -> 1213469.1 | CW65: =IF(CI65=0,"n/a",CU65/(CI65)) -> 0.6479152
A67: %,V699000 | B67: 699000 | C67: Employee Benefits | D67: 1911.16 | E67: 15733.68 | F67: 0 | G67: 741833.7 | H67: 0 | I67: 759478.54 | K67: 0 | L67: 0 | M67: 0 | O67: 759478.54 | Q67: 0 | R67: 0 | U67: 0 | V67: 0 | W67: 0 | X67: 0 | Y67: 0 | Z67: 0 | AA67: 0 | AB67: 0 | AC67: 0 | AD67: 0 | AE67: 0 | AF67: 0 | AG67: 0 | AH67: 0 | AI67: 0 | AJ67: 0 | AK67: 0 | AL67: 0 | AM67: 0 | AN67: 0 | AO67: 879436 | AP67: 0 | AQ67: 0 | AR67: 0 | AS67: 0 | AT67: 0 | AU67: 0 | AV67: 0 | AW67: 0 | AX67: 0 | AY67: 0 | AZ67: 0 | BA67: 0 | BB67: 0 | BC67: 0 | BD67: 0 | BE67: 0 | BF67: 0 | BG67: 0 | BH67: 0 | BI67: 0 | BJ67: 0 | BK67: 0 | BL67: 0 | BM67: 0 | BN67: 0 | BO67: 0 | BP67: 0 | BQ67: 0 | BR67: 0 | BS67: 0 | BT67: 0 | BU67: 0 | BV67: 0 | BW67: 0 | BX67: 0 | BY67: 0 | BZ67: 0 | CA67: 0 | CB67: 0 | CC67: 0 | CD67: 0 | CE67: 0 | CF67: 0 | CG67: 0 | CH67: 0 | CI67: 879436 | CK67: 1728.52 | CL67: 11250.25 | CM67: 545861.27 | CN67: 0 | CO67: 558840.04 | CQ67: 0 | CR67: 0 | CS67: 0 | CU67: 558840.04 | CV67: =CI67-CU67 -> 320595.96 | CW67: =IF(CI67=0,"n/a",CU67/(CI67)) -> 0.63545277
A68: %,FACCOUNT,TACCOUNT_ROLLUP,X,NBENEFITS | C68: Benefits | D68: 1911.16 | E68: 15733.68 | F68: 0 | G68: 741833.7 | H68: 0 | I68: 759478.54 | K68: 0 | L68: 0 | M68: 0 | O68: 759478.54 | Q68: 0 | R68: 0 | U68: 0 | V68: 0 | W68: 0 | X68: 0 | Y68: 0 | Z68: 0 | AA68: 0 | AB68: 0 | AC68: 0 | AD68: 0 | AE68: 0 | AF68: 0 | AG68: 0 | AH68: 0 | AI68: 0 | AJ68: 0 | AK68: 0 | AL68: 0 | AM68: 0 | AN68: 0 | AO68: 879436 | AP68: 0 | AQ68: 0 | AR68: 0 | AS68: 0 | AT68: 0 | AU68: 0 | AV68: 0 | AW68: 0 | AX68: 0 | AY68: 0 | AZ68: 0 | BA68: 0 | BB68: 0 | BC68: 0 | BD68: 0 | BE68: 0 | BF68: 0 | BG68: 0 | BH68: 0 | BI68: 0 | BJ68: 0 | BK68: 0 | BL68: 0 | BM68: 0 | BN68: 0 | BO68: 0 | BP68: 0 | BQ68: 0 | BR68: 0 | BS68: 0 | BT68: 0 | BU68: 0 | BV68: 0 | BW68: 0 | BX68: 0 | BY68: 0 | BZ68: 0 | CA68: 0 | CB68: 0 | CC68: 0 | CD68: 0 | CE68: 0 | CF68: 0 | CG68: 0 | CH68: 0 | CI68: 879436 | CK68: 1728.52 | CL68: 11250.25 | CM68: 545861.27 | CN68: 0 | CO68: 558840.04 | CQ68: 0 | CR68: 0 | CS68: 0 | CU68: 558840.04 | CV68: =CI68-CU68 -> 320595.96 | CW68: =IF(CI68=0,"n/a",CU68/(CI68)) -> 0.63545277
A70: %,C | C70: Total Salaries and Benefits | D70: =D65+D68 -> 9793.16 | E70: =E65+E68 -> 82464.56 | F70: =F65+F68 -> 0 | G70: =G65+G68 -> 3916660.7 | H70: =H65+H68 -> 0 | I70: =I65+I68 -> 4008918.4 | K70: =K65+K68 -> 0 | L70: =L65+L68 -> 0 | M70: =M65+M68 -> 0 | O70: =O65+O68 -> 4008918.4 | U70: =U65+U68 -> 111677 | V70: =V65+V68 -> 157323 | W70: =W65+W68 -> 1988350 | X70: =X65+X68 -> 36500 | Y70: =Y65+Y68 -> 46872 | Z70: =Z65+Z68 -> 46037 | AA70: =AA65+AA68 -> 65532 | AB70: =AB65+AB68 -> 34652 | ... CI70: =CI65+CI68 -> 4325961 | CK70: =CK65+CK68 -> 8644.75 | CL70: =CL65+CL68 -> 58409.24 | CM70: =CM65+CM68 -> 2724842 | CN70: =CN65+CN68 -> 0 | CO70: =CO65+CO68 -> 2791896 | CQ70: =CQ65+CQ68 -> 0 | CR70: =CR65+CR68 -> 0 | CS70: =CS65+CS68 -> 0 | CU70: =CU65+CU68 -> 2791896 | CV70: =CV65+CV68 -> 1534065 | CW70: =IF(CI70=0,"n/a",CU70/(CI70)) -> 0.64538168
A72: %,V701000 | B72: 701000 | C72: Mileage And Travel | D72: 0 | E72: 0 | F72: 0 | G72: 573.52 | H72: 0 | I72: 573.52 | K72: 0 | L72: 0 | M72: 0 | O72: 573.52 | Q72: 0 | R72: 0 | U72: 0 | V72: 0 | W72: 0 | X72: 0 | Y72: 0 | Z72: 0 | AA72: 0 | AB72: 0 | AC72: 0 | AD72: 0 | AE72: 0 | AF72: 0 | AG72: 0 | AH72: 0 | AI72: 0 | AJ72: 0 | AK72: 0 | AL72: 0 | AM72: 0 | AN72: 0 | AO72: 0 | AP72: 1428 | AQ72: 0 | AR72: 0 | AS72: 0 | AT72: 0 | AU72: 0 | AV72: 0 | AW72: 0 | AX72: 0 | AY72: 0 | AZ72: 0 | BA72: 0 | BB72: 0 | BC72: 0 | BD72: 0 | BE72: 0 | BF72: 0 | BG72: 0 | BH72: 0 | BI72: 0 | BJ72: 0 | BK72: 0 | BL72: 0 | BM72: 0 | BN72: 0 | BO72: 0 | BP72: 0 | BQ72: 0 | BR72: 0 | BS72: 0 | BT72: 0 | BU72: 0 | BV72: 0 | BW72: 0 | BX72: 0 | BY72: 0 | BZ72: 0 | CA72: 0 | CB72: 0 | CC72: 0 | CD72: 0 | CE72: 0 | CF72: 0 | CG72: 0 | CH72: 0 | CI72: 1428 | CK72: 0 | CL72: 0 | CM72: 453.08 | CN72: 0 | CO72: 453.08 | CQ72: 0 | CR72: 0 | CS72: 0 | CU72: 453.08 | CV72: =CI72-CU72 -> 974.92 | CW72: =IF(CI72=0,"n/a",CU72/(CI72)) -> 0.31728291
A73: %,V702000 | B73: 702000 | C73: Employee Training & Conf | D73: 0 | E73: 84.99 | F73: 0 | G73: 19399.45 | H73: 0 | I73: 19484.44 | K73: 0 | L73: 0 | M73: 0 | O73: 19484.44 | Q73: 0 | R73: 0 | U73: 0 | V73: 0 | W73: 0 | X73: 0 | Y73: 0 | Z73: 0 | AA73: 0 | AB73: 0 | AC73: 0 | AD73: 0 | AE73: 0 | AF73: 0 | AG73: 0 | AH73: 0 | AI73: 0 | AJ73: 0 | AK73: 0 | AL73: 0 | AM73: 0 | AN73: 0 | AO73: 0 | AP73: 0 | AQ73: 20750 | AR73: 0 | AS73: 0 | AT73: 0 | AU73: 0 | AV73: 0 | AW73: 0 | AX73: 0 | AY73: 0 | AZ73: 0 | BA73: 0 | BB73: 0 | BC73: 0 | BD73: 0 | BE73: 0 | BF73: 0 | BG73: 0 | BH73: 0 | BI73: 0 | BJ73: 0 | BK73: 0 | BL73: 0 | BM73: 0 | BN73: 0 | BO73: 0 | BP73: 0 | BQ73: 0 | BR73: 0 | BS73: 0 | BT73: 0 | BU73: 0 | BV73: 0 | BW73: 0 | BX73: 0 | BY73: 0 | BZ73: 0 | CA73: 0 | CB73: 0 | CC73: 0 | CD73: 0 | CE73: 0 | CF73: 0 | CG73: 0 | CH73: 0 | CI73: 20750 | CK73: 0 | CL73: 22 | CM73: 14876.97 | CN73: 0 | CO73: 14898.97 | CQ73: 0 | CR73: 0 | CS73: 0 | CU73: 14898.97 | CV73: =CI73-CU73 -> 5851.03 | CW73: =IF(CI73=0,"n/a",CU73/(CI73)) -> 0.71802265
A74: %,V708000 | B74: 708000 | C74: Employee Background Verificatn | D74: 0 | E74: 67.5 | F74: 0 | G74: 978 | H74: 0 | I74: 1045.5 | K74: 0 | L74: 0 | M74: 0 | O74: 1045.5 | Q74: 0 | R74: 0 | U74: 0 | V74: 0 | W74: 0 | X74: 0 | Y74: 0 | Z74: 0 | AA74: 0 | AB74: 0 | AC74: 0 | AD74: 0 | AE74: 0 | AF74: 0 | AG74: 0 | AH74: 0 | AI74: 0 | AJ74: 0 | AK74: 0 | AL74: 0 | AM74: 0 | AN74: 0 | AO74: 0 | AP74: 0 | AQ74: 0 | AR74: 1025 | AS74: 0 | AT74: 0 | AU74: 0 | AV74: 0 | AW74: 0 | AX74: 0 | AY74: 0 | AZ74: 0 | BA74: 0 | BB74: 0 | BC74: 0 | BD74: 0 | BE74: 0 | BF74: 0 | BG74: 0 | BH74: 0 | BI74: 0 | BJ74: 0 | BK74: 0 | BL74: 0 | BM74: 0 | BN74: 0 | BO74: 0 | BP74: 0 | BQ74: 0 | BR74: 0 | BS74: 0 | BT74: 0 | BU74: 0 | BV74: 0 | BW74: 0 | BX74: 0 | BY74: 0 | BZ74: 0 | CA74: 0 | CB74: 0 | CC74: 0 | CD74: 0 | CE74: 0 | CF74: 0 | CG74: 0 | CH74: 0 | CI74: 1025 | CK74: 17 | CL74: 0 | CM74: 474 | CN74: 0 | CO74: 491 | CQ74: 0 | CR74: 0 | CS74: 0 | CU74: 491 | CV74: =CI74-CU74 -> 534 | CW74: =IF(CI74=0,"n/a",CU74/(CI74)) -> 0.47902439
A75: %,V710000 | B75: 710000 | C75: Meals/Refreshments | D75: 5378.54 | E75: 366.67 | F75: 0 | G75: 440.77 | H75: 0 | I75: 6185.98 | K75: 0 | L75: 0 | M75: 0 | O75: 6185.98 | Q75: 0 | R75: 0 | U75: 0 | V75: 0 | W75: 0 | X75: 0 | Y75: 0 | Z75: 0 | AA75: 0 | AB75: 0 | AC75: 0 | AD75: 0 | AE75: 0 | AF75: 0 | AG75: 0 | AH75: 0 | AI75: 0 | AJ75: 0 | AK75: 0 | AL75: 0 | AM75: 0 | AN75: 0 | AO75: 0 | AP75: 0 | AQ75: 0 | AR75: 0 | AS75: 7311 | AT75: 0 | AU75: 0 | AV75: 0 | AW75: 0 | AX75: 0 | AY75: 0 | AZ75: 0 | BA75: 0 | BB75: 0 | BC75: 0 | BD75: 0 | BE75: 0 | BF75: 0 | BG75: 0 | BH75: 0 | BI75: 0 | BJ75: 0 | BK75: 0 | BL75: 0 | BM75: 0 | BN75: 0 | BO75: 0 | BP75: 0 | BQ75: 0 | BR75: 0 | BS75: 0 | BT75: 0 | BU75: 0 | BV75: 0 | BW75: 0 | BX75: 0 | BY75: 0 | BZ75: 0 | CA75: 0 | CB75: 0 | CC75: 0 | CD75: 0 | CE75: 0 | CF75: 0 | CG75: 0 | CH75: 0 | CI75: 7311 | CK75: 3647.09 | CL75: 0 | CM75: 31.98 | CN75: 0 | CO75: 3679.07 | CQ75: 0 | CR75: 0 | CS75: 0 | CU75: 3679.07 | CV75: =CI75-CU75 -> 3631.93 | CW75: =IF(CI75=0,"n/a",CU75/(CI75)) -> 0.50322391
A76: %,V713000 | B76: 713000 | C76: Student Transportation | D76: 8541.46 | E76: 0 | F76: 0 | G76: 0 | H76: 0 | I76: 8541.46 | K76: 0 | L76: 0 | M76: 0 | O76: 8541.46 | Q76: 0 | R76: 0 | U76: 0 | V76: 0 | W76: 0 | X76: 0 | Y76: 0 | Z76: 0 | AA76: 0 | AB76: 0 | AC76: 0 | AD76: 0 | AE76: 0 | AF76: 0 | AG76: 0 | AH76: 0 | AI76: 0 | AJ76: 0 | AK76: 0 | AL76: 0 | AM76: 0 | AN76: 0 | AO76: 0 | AP76: 0 | AQ76: 0 | AR76: 0 | AS76: 0 | AT76: 10250 | AU76: 0 | AV76: 0 | AW76: 0 | AX76: 0 | AY76: 0 | AZ76: 0 | BA76: 0 | BB76: 0 | BC76: 0 | BD76: 0 | BE76: 0 | BF76: 0 | BG76: 0 | BH76: 0 | BI76: 0 | BJ76: 0 | BK76: 0 | BL76: 0 | BM76: 0 | BN76: 0 | BO76: 0 | BP76: 0 | BQ76: 0 | BR76: 0 | BS76: 0 | BT76: 0 | BU76: 0 | BV76: 0 | BW76: 0 | BX76: 0 | BY76: 0 | BZ76: 0 | CA76: 0 | CB76: 0 | CC76: 0 | CD76: 0 | CE76: 0 | CF76: 0 | CG76: 0 | CH76: 0 | CI76: 10250 | CK76: 5682.01 | CL76: 0 | CM76: 0 | CN76: 0 | CO76: 5682.01 | CQ76: 0 | CR76: 0 | CS76: 0 | CU76: 5682.01 | CV76: =CI76-CU76 -> 4567.99 | CW76: =IF(CI76=0,"n/a",CU76/(CI76)) -> 0.55434244
A77: %,V715000 | B77: 715000 | C77: Student Admission/Entry Fees | D77: 33091.64 | E77: 400 | F77: 0 | G77: 1151 | H77: 0 | I77: 34642.64 | K77: 0 | L77: 0 | M77: 0 | O77: 34642.64 | Q77: 0 | R77: 0 | U77: 0 | V77: 0 | W77: 0 | X77: 0 | Y77: 0 | Z77: 0 | AA77: 0 | AB77: 0 | AC77: 0 | AD77: 0 | AE77: 0 | AF77: 0 | AG77: 0 | AH77: 0 | AI77: 0 | AJ77: 0 | AK77: 0 | AL77: 0 | AM77: 0 | AN77: 0 | AO77: 0 | AP77: 0 | AQ77: 0 | AR77: 0 | AS77: 0 | AT77: 0 | AU77: 48250 | AV77: 0 | AW77: 0 | AX77: 0 | AY77: 0 | AZ77: 0 | BA77: 0 | BB77: 0 | BC77: 0 | BD77: 0 | BE77: 0 | BF77: 0 | BG77: 0 | BH77: 0 | BI77: 0 | BJ77: 0 | BK77: 0 | BL77: 0 | BM77: 0 | BN77: 0 | BO77: 0 | BP77: 0 | BQ77: 0 | BR77: 0 | BS77: 0 | BT77: 0 | BU77: 0 | BV77: 0 | BW77: 0 | BX77: 0 | BY77: 0 | BZ77: 0 | CA77: 0 | CB77: 0 | CC77: 0 | CD77: 0 | CE77: 0 | CF77: 0 | CG77: 0 | CH77: 0 | CI77: 48250 | CK77: 31668.33 | CL77: 175 | CM77: 0 | CN77: 0 | CO77: 31843.33 | CQ77: 0 | CR77: 0 | CS77: 0 | CU77: 31843.33 | CV77: =CI77-CU77 -> 16406.67 | CW77: =IF(CI77=0,"n/a",CU77/(CI77)) -> 0.65996539
A78: %,V721000 | B78: 721000 | C78: Legal Fees | D78: 0 | E78: 0 | F78: 0 | G78: 0 | H78: 0 | I78: 0 | K78: 0 | L78: 0 | M78: 0 | O78: 0 | Q78: 0 | R78: 0 | U78: 0 | V78: 0 | W78: 0 | X78: 0 | Y78: 0 | Z78: 0 | AA78: 0 | AB78: 0 | AC78: 0 | AD78: 0 | AE78: 0 | AF78: 0 | AG78: 0 | AH78: 0 | AI78: 0 | AJ78: 0 | AK78: 0 | AL78: 0 | AM78: 0 | AN78: 0 | AO78: 0 | AP78: 0 | AQ78: 0 | AR78: 0 | AS78: 0 | AT78: 0 | AU78: 0 | AV78: 5221 | AW78: 0 | AX78: 0 | AY78: 0 | AZ78: 0 | BA78: 0 | BB78: 0 | BC78: 0 | BD78: 0 | BE78: 0 | BF78: 0 | BG78: 0 | BH78: 0 | BI78: 0 | BJ78: 0 | BK78: 0 | BL78: 0 | BM78: 0 | BN78: 0 | BO78: 0 | BP78: 0 | BQ78: 0 | BR78: 0 | BS78: 0 | BT78: 0 | BU78: 0 | BV78: 0 | BW78: 0 | BX78: 0 | BY78: 0 | BZ78: 0 | CA78: 0 | CB78: 0 | CC78: 0 | CD78: 0 | CE78: 0 | CF78: 0 | CG78: 0 | CH78: 0 | CI78: 5221 | CK78: 0 | CL78: 0 | CM78: 0 | CN78: 0 | CO78: 0 | CQ78: 0 | CR78: 0 | CS78: 0 | CU78: 0 | CV78: =CI78-CU78 -> 5221 | CW78: =IF(CI78=0,"n/a",CU78/(CI78)) -> 0
A79: %,V723000 | B79: 723000 | C79: Printing | D79: 0 | E79: 0 | F79: 0 | G79: 1050 | H79: 0 | I79: 1050 | K79: 0 | L79: 0 | M79: 0 | O79: 1050 | Q79: 0 | R79: 0 | U79: 0 | V79: 0 | W79: 0 | X79: 0 | Y79: 0 | Z79: 0 | AA79: 0 | AB79: 0 | AC79: 0 | AD79: 0 | AE79: 0 | AF79: 0 | AG79: 0 | AH79: 0 | AI79: 0 | AJ79: 0 | AK79: 0 | AL79: 0 | AM79: 0 | AN79: 0 | AO79: 0 | AP79: 0 | AQ79: 0 | AR79: 0 | AS79: 0 | AT79: 0 | AU79: 0 | AV79: 0 | AW79: 1224 | AX79: 0 | AY79: 0 | AZ79: 0 | BA79: 0 | BB79: 0 | BC79: 0 | BD79: 0 | BE79: 0 | BF79: 0 | BG79: 0 | BH79: 0 | BI79: 0 | BJ79: 0 | BK79: 0 | BL79: 0 | BM79: 0 | BN79: 0 | BO79: 0 | BP79: 0 | BQ79: 0 | BR79: 0 | BS79: 0 | BT79: 0 | BU79: 0 | BV79: 0 | BW79: 0 | BX79: 0 | BY79: 0 | BZ79: 0 | CA79: 0 | CB79: 0 | CC79: 0 | CD79: 0 | CE79: 0 | CF79: 0 | CG79: 0 | CH79: 0 | CI79: 1224 | CK79: 0 | CL79: 0 | CM79: 915 | CN79: 0 | CO79: 915 | CQ79: 0 | CR79: 0 | CS79: 0 | CU79: 915 | CV79: =CI79-CU79 -> 309 | CW79: =IF(CI79=0,"n/a",CU79/(CI79)) -> 0.74754902
A80: %,V731000 | B80: 731000 | C80: Contracted Services | D80: 748 | E80: 0 | F80: 0 | G80: 100381.89 | H80: 0 | I80: 101129.89 | K80: 0 | L80: 0 | M80: 0 | O80: 101129.89 | Q80: 0 | R80: 0 | U80: 0 | V80: 0 | W80: 0 | X80: 0 | Y80: 0 | Z80: 0 | AA80: 0 | AB80: 0 | AC80: 0 | AD80: 0 | AE80: 0 | AF80: 0 | AG80: 0 | AH80: 0 | AI80: 0 | AJ80: 0 | AK80: 0 | AL80: 0 | AM80: 0 | AN80: 0 | AO80: 0 | AP80: 0 | AQ80: 0 | AR80: 0 | AS80: 0 | AT80: 0 | AU80: 0 | AV80: 0 | AW80: 0 | AX80: 132617 | AY80: 0 | AZ80: 0 | BA80: 0 | BB80: 0 | BC80: 0 | BD80: 0 | BE80: 0 | BF80: 0 | BG80: 0 | BH80: 0 | BI80: 0 | BJ80: 0 | BK80: 0 | BL80: 0 | BM80: 0 | BN80: 0 | BO80: 0 | BP80: 0 | BQ80: 0 | BR80: 0 | BS80: 0 | BT80: 0 | BU80: 0 | BV80: 0 | BW80: 0 | BX80: 0 | BY80: 0 | BZ80: 0 | CA80: 0 | CB80: 0 | CC80: 0 | CD80: 0 | CE80: 0 | CF80: 0 | CG80: 0 | CH80: 0 | CI80: 116052 | CK80: 0 | CL80: 0 | CM80: 56067.22 | CN80: 0 | CO80: 56067.22 | CQ80: 0 | CR80: 0 | CS80: 0 | CU80: 56067.22 | CV80: =CI80-CU80 -> 59984.78 | CW80: =IF(CI80=0,"n/a",CU80/(CI80)) -> 0.48312153 | DD80: MOVED $14565 TO CAPOUTLAY FENCING
A81: %,V735000 | B81: 735000 | C81: Bank Fees & Other Expense | D81: 0 | E81: 0 | F81: 0 | G81: 0 | H81: 0 | I81: 0 | K81: 0 | L81: 0 | M81: 0 | O81: 0 | Q81: 0 | R81: 0 | U81: 0 | V81: 0 | W81: 0 | X81: 0 | Y81: 0 | Z81: 0 | AA81: 0 | AB81: 0 | AC81: 0 | AD81: 0 | AE81: 0 | AF81: 0 | AG81: 0 | AH81: 0 | AI81: 0 | AJ81: 0 | AK81: 0 | AL81: 0 | AM81: 0 | AN81: 0 | AO81: 0 | AP81: 0 | AQ81: 0 | AR81: 0 | AS81: 0 | AT81: 0 | AU81: 0 | AV81: 0 | AW81: 0 | AX81: 0 | AY81: 0 | AZ81: 0 | BA81: 0 | BB81: 0 | BC81: 0 | BD81: 0 | BE81: 0 | BF81: 0 | BG81: 0 | BH81: 0 | BI81: 0 | BJ81: 0 | BK81: 0 | BL81: 0 | BM81: 0 | BN81: 0 | BO81: 0 | BP81: 0 | BQ81: 0 | BR81: 0 | BS81: 0 | BT81: 0 | BU81: 0 | BV81: 0 | BW81: 0 | BX81: 0 | BY81: 0 | BZ81: 0 | CA81: 0 | CB81: 0 | CC81: 0 | CD81: 0 | CE81: 0 | CF81: 0 | CG81: 0 | CH81: 0 | CI81: 0 | CK81: 0 | CL81: 0 | CM81: 0 | CN81: 0 | CO81: 0 | CQ81: 0 | CR81: 0 | CS81: 0 | CU81: 0 | CV81: =CI81-CU81 -> 0 | CW81: =IF(CI81=0,"n/a",CU81/(CI81)) -> n/a
A82: %,V743000 | B82: 743000 | C82: Equipment Rental | D82: 30.4 | E82: 0 | F82: 0 | G82: 1128.69 | H82: 0 | I82: 1159.09 | K82: 0 | L82: 0 | M82: 0 | O82: 1159.09 | Q82: 0 | R82: 0 | U82: 0 | V82: 0 | W82: 0 | X82: 0 | Y82: 0 | Z82: 0 | AA82: 0 | AB82: 0 | AC82: 0 | AD82: 0 | AE82: 0 | AF82: 0 | AG82: 0 | AH82: 0 | AI82: 0 | AJ82: 0 | AK82: 0 | AL82: 0 | AM82: 0 | AN82: 0 | AO82: 0 | AP82: 0 | AQ82: 0 | AR82: 0 | AS82: 0 | AT82: 0 | AU82: 0 | AV82: 0 | AW82: 0 | AX82: 0 | AY82: 1619 | AZ82: 0 | BA82: 0 | BB82: 0 | BC82: 0 | BD82: 0 | BE82: 0 | BF82: 0 | BG82: 0 | BH82: 0 | BI82: 0 | BJ82: 0 | BK82: 0 | BL82: 0 | BM82: 0 | BN82: 0 | BO82: 0 | BP82: 0 | BQ82: 0 | BR82: 0 | BS82: 0 | BT82: 0 | BU82: 0 | BV82: 0 | BW82: 0 | BX82: 0 | BY82: 0 | BZ82: 0 | CA82: 0 | CB82: 0 | CC82: 0 | CD82: 0 | CE82: 0 | CF82: 0 | CG82: 0 | CH82: 0 | CI82: 1619 | CK82: 0 | CL82: 0 | CM82: 696 | CN82: 0 | CO82: 696 | CQ82: 0 | CR82: 0 | CS82: 0 | CU82: 696 | CV82: =CI82-CU82 -> 923 | CW82: =IF(CI82=0,"n/a",CU82/(CI82)) -> 0.429895
A83: %,V745000 | B83: 745000 | C83: Contract Maint/Eq Repair | D83: 0 | E83: 0 | F83: 689.37 | G83: 8732.14 | H83: 0 | I83: 9421.51 | K83: 0 | L83: 0 | M83: 0 | O83: 9421.51 | Q83: 0 | R83: 0 | U83: 0 | V83: 0 | W83: 0 | X83: 0 | Y83: 0 | Z83: 0 | AA83: 0 | AB83: 0 | AC83: 0 | AD83: 0 | AE83: 0 | AF83: 0 | AG83: 0 | AH83: 0 | AI83: 0 | AJ83: 0 | AK83: 0 | AL83: 0 | AM83: 0 | AN83: 0 | AO83: 0 | AP83: 0 | AQ83: 0 | AR83: 0 | AS83: 0 | AT83: 0 | AU83: 0 | AV83: 0 | AW83: 0 | AX83: 0 | AY83: 0 | AZ83: 9956 | BA83: 0 | BB83: 0 | BC83: 0 | BD83: 0 | BE83: 0 | BF83: 0 | BG83: 0 | BH83: 0 | BI83: 0 | BJ83: 0 | BK83: 0 | BL83: 0 | BM83: 0 | BN83: 0 | BO83: 0 | BP83: 0 | BQ83: 0 | BR83: 0 | BS83: 0 | BT83: 0 | BU83: 0 | BV83: 0 | BW83: 0 | BX83: 0 | BY83: 0 | BZ83: 0 | CA83: 0 | CB83: 0 | CC83: 0 | CD83: 0 | CE83: 0 | CF83: 0 | CG83: 0 | CH83: 0 | CI83: 9956 | CK83: 0 | CL83: 0 | CM83: 5657.17 | CN83: 0 | CO83: 5657.17 | CQ83: 0 | CR83: 0 | CS83: 0 | CU83: 5657.17 | CV83: =CI83-CU83 -> 4298.83 | CW83: =IF(CI83=0,"n/a",CU83/(CI83)) -> 0.56821716
A84: %,V745500 | B84: 745500 | C84: Technology Services | D84: 0 | E84: 199 | F84: 0 | G84: 21553.63 | H84: 0 | I84: 21752.63 | K84: 0 | L84: 0 | M84: 0 | O84: 21752.63 | Q84: 0 | R84: 0 | U84: 0 | V84: 0 | W84: 0 | X84: 0 | Y84: 0 | Z84: 0 | AA84: 0 | AB84: 0 | AC84: 0 | AD84: 0 | AE84: 0 | AF84: 0 | AG84: 0 | AH84: 0 | AI84: 0 | AJ84: 0 | AK84: 0 | AL84: 0 | AM84: 0 | AN84: 0 | AO84: 0 | AP84: 0 | AQ84: 0 | AR84: 0 | AS84: 0 | AT84: 0 | AU84: 0 | AV84: 0 | AW84: 0 | AX84: 0 | AY84: 0 | AZ84: 0 | BA84: 33045 | BB84: 0 | BC84: 0 | BD84: 0 | BE84: 0 | BF84: 0 | BG84: 0 | BH84: 0 | BI84: 0 | BJ84: 0 | BK84: 0 | BL84: 0 | BM84: 0 | BN84: 0 | BO84: 0 | BP84: 0 | BQ84: 0 | BR84: 0 | BS84: 0 | BT84: 0 | BU84: 0 | BV84: 0 | BW84: 0 | BX84: 0 | BY84: 0 | BZ84: 0 | CA84: 0 | CB84: 0 | CC84: 0 | CD84: 0 | CE84: 0 | CF84: 0 | CG84: 0 | CH84: 0 | CI84: 33045 | CK84: 0 | CL84: 199 | CM84: 28010.33 | CN84: 0 | CO84: 28209.33 | CQ84: 0 | CR84: 0 | CS84: 0 | CU84: 28209.33 | CV84: =CI84-CU84 -> 4835.67 | CW84: =IF(CI84=0,"n/a",CU84/(CI84)) -> 0.85366409
A85: %,V746000 | B85: 746000 | C85: Const Maint/Repair-Bldg | D85: 0 | E85: 0 | F85: 0 | G85: 57669.03 | H85: 0 | I85: 57669.03 | K85: 0 | L85: 0 | M85: 0 | O85: 57669.03 | Q85: 0 | R85: 0 | U85: 0 | V85: 0 | W85: 0 | X85: 0 | Y85: 0 | Z85: 0 | AA85: 0 | AB85: 0 | AC85: 0 | AD85: 0 | AE85: 0 | AF85: 0 | AG85: 0 | AH85: 0 | AI85: 0 | AJ85: 0 | AK85: 0 | AL85: 0 | AM85: 0 | AN85: 0 | AO85: 0 | AP85: 0 | AQ85: 0 | AR85: 0 | AS85: 0 | AT85: 0 | AU85: 0 | AV85: 0 | AW85: 0 | AX85: 0 | AY85: 0 | AZ85: 0 | BA85: 0 | BB85: 78319 | BC85: 0 | BD85: 0 | BE85: 0 | BF85: 0 | BG85: 0 | BH85: 0 | BI85: 0 | BJ85: 0 | BK85: 0 | BL85: 0 | BM85: 0 | BN85: 0 | BO85: 0 | BP85: 0 | BQ85: 0 | BR85: 0 | BS85: 0 | BT85: 0 | BU85: 0 | BV85: 0 | BW85: 0 | BX85: 0 | BY85: 0 | BZ85: 0 | CA85: 0 | CB85: 0 | CC85: 0 | CD85: 0 | CE85: 0 | CF85: 0 | CG85: 0 | CH85: 0 | CI85: 78319 | CK85: 0 | CL85: 0 | CM85: 12962.15 | CN85: 0 | CO85: 12962.15 | CQ85: 0 | CR85: 0 | CS85: 0 | CU85: 12962.15 | CV85: =CI85-CU85 -> 65356.85 | CW85: =IF(CI85=0,"n/a",CU85/(CI85)) -> 0.16550454
A86: %,V747000 | B86: 747000 | C86: Software Purch/Lease | D86: 0 | E86: 0 | F86: 0 | G86: 4717.5 | H86: 0 | I86: 4717.5 | K86: 0 | L86: 0 | M86: 0 | O86: 4717.5 | Q86: 0 | R86: 0 | U86: 0 | V86: 0 | W86: 0 | X86: 0 | Y86: 0 | Z86: 0 | AA86: 0 | AB86: 0 | AC86: 0 | AD86: 0 | AE86: 0 | AF86: 0 | AG86: 0 | AH86: 0 | AI86: 0 | AJ86: 0 | AK86: 0 | AL86: 0 | AM86: 0 | AN86: 0 | AO86: 0 | AP86: 0 | AQ86: 0 | AR86: 0 | AS86: 0 | AT86: 0 | AU86: 0 | AV86: 0 | AW86: 0 | AX86: 0 | AY86: 0 | AZ86: 0 | BA86: 0 | BB86: 0 | BC86: 0 | BD86: 0 | BE86: 0 | BF86: 0 | BG86: 0 | BH86: 0 | BI86: 0 | BJ86: 0 | BK86: 0 | BL86: 0 | BM86: 0 | BN86: 0 | BO86: 0 | BP86: 0 | BQ86: 0 | BR86: 0 | BS86: 0 | BT86: 0 | BU86: 0 | BV86: 0 | BW86: 0 | BX86: 0 | BY86: 0 | BZ86: 0 | CA86: 0 | CB86: 0 | CC86: 0 | CD86: 0 | CE86: 0 | CF86: 0 | CG86: 0 | CH86: 0 | CI86: 0 | CK86: 0 | CL86: 0 | CM86: 0 | CN86: 0 | CO86: 0 | CQ86: 0 | CR86: 0 | CS86: 0 | CU86: 0 | CV86: =CI86-CU86 -> 0 | CW86: =IF(CI86=0,"n/a",CU86/(CI86)) -> n/a
A87: %,V752000 | B87: 752000 | C87: Marketing - Advertising | D87: 0 | E87: 0 | F87: 0 | G87: 390 | H87: 0 | I87: 390 | K87: 0 | L87: 0 | M87: 0 | O87: 390 | Q87: 0 | R87: 0 | U87: 0 | V87: 0 | W87: 0 | X87: 0 | Y87: 0 | Z87: 0 | AA87: 0 | AB87: 0 | AC87: 0 | AD87: 0 | AE87: 0 | AF87: 0 | AG87: 0 | AH87: 0 | AI87: 0 | AJ87: 0 | AK87: 0 | AL87: 0 | AM87: 0 | AN87: 0 | AO87: 0 | AP87: 0 | AQ87: 0 | AR87: 0 | AS87: 0 | AT87: 0 | AU87: 0 | AV87: 0 | AW87: 0 | AX87: 0 | AY87: 0 | AZ87: 0 | BA87: 0 | BB87: 0 | BC87: 1020 | BD87: 0 | BE87: 0 | BF87: 0 | BG87: 0 | BH87: 0 | BI87: 0 | BJ87: 0 | BK87: 0 | BL87: 0 | BM87: 0 | BN87: 0 | BO87: 0 | BP87: 0 | BQ87: 0 | BR87: 0 | BS87: 0 | BT87: 0 | BU87: 0 | BV87: 0 | BW87: 0 | BX87: 0 | BY87: 0 | BZ87: 0 | CA87: 0 | CB87: 0 | CC87: 0 | CD87: 0 | CE87: 0 | CF87: 0 | CG87: 0 | CH87: 0 | CI87: 1020 | CK87: 0 | CL87: 0 | CM87: 414 | CN87: 0 | CO87: 414 | CQ87: 0 | CR87: 0 | CS87: 0 | CU87: 414 | CV87: =CI87-CU87 -> 606 | CW87: =IF(CI87=0,"n/a",CU87/(CI87)) -> 0.40588235
A88: %,V761000 | B88: 761000 | C88: Natural Gas | D88: 0 | E88: 0 | F88: 0 | G88: 15546.5 | H88: 0 | I88: 15546.5 | K88: 0 | L88: 0 | M88: 0 | O88: 15546.5 | Q88: 0 | R88: 0 | U88: 0 | V88: 0 | W88: 0 | X88: 0 | Y88: 0 | Z88: 0 | AA88: 0 | AB88: 0 | AC88: 0 | AD88: 0 | AE88: 0 | AF88: 0 | AG88: 0 | AH88: 0 | AI88: 0 | AJ88: 0 | AK88: 0 | AL88: 0 | AM88: 0 | AN88: 0 | AO88: 0 | AP88: 0 | AQ88: 0 | AR88: 0 | AS88: 0 | AT88: 0 | AU88: 0 | AV88: 0 | AW88: 0 | AX88: 0 | AY88: 0 | AZ88: 0 | BA88: 0 | BB88: 0 | BC88: 0 | BD88: 21420 | BE88: 0 | BF88: 0 | BG88: 0 | BH88: 0 | BI88: 0 | BJ88: 0 | BK88: 0 | BL88: 0 | BM88: 0 | BN88: 0 | BO88: 0 | BP88: 0 | BQ88: 0 | BR88: 0 | BS88: 0 | BT88: 0 | BU88: 0 | BV88: 0 | BW88: 0 | BX88: 0 | BY88: 0 | BZ88: 0 | CA88: 0 | CB88: 0 | CC88: 0 | CD88: 0 | CE88: 0 | CF88: 0 | CG88: 0 | CH88: 0 | CI88: 21420 | CK88: 0 | CL88: 0 | CM88: 12274.63 | CN88: 0 | CO88: 12274.63 | CQ88: 0 | CR88: 0 | CS88: 0 | CU88: 12274.63 | CV88: =CI88-CU88 -> 9145.37 | CW88: =IF(CI88=0,"n/a",CU88/(CI88)) -> 0.57304528
A89: %,V764000 | B89: 764000 | C89: Electricity | D89: 0 | E89: 0 | F89: 0 | G89: 47167.72 | H89: 0 | I89: 47167.72 | K89: 0 | L89: 0 | M89: 0 | O89: 47167.72 | Q89: 0 | R89: 0 | U89: 0 | V89: 0 | W89: 0 | X89: 0 | Y89: 0 | Z89: 0 | AA89: 0 | AB89: 0 | AC89: 0 | AD89: 0 | AE89: 0 | AF89: 0 | AG89: 0 | AH89: 0 | AI89: 0 | AJ89: 0 | AK89: 0 | AL89: 0 | AM89: 0 | AN89: 0 | AO89: 0 | AP89: 0 | AQ89: 0 | AR89: 0 | AS89: 0 | AT89: 0 | AU89: 0 | AV89: 0 | AW89: 0 | AX89: 0 | AY89: 0 | AZ89: 0 | BA89: 0 | BB89: 0 | BC89: 0 | BD89: 0 | BE89: 50778 | BF89: 0 | BG89: 0 | BH89: 0 | BI89: 0 | BJ89: 0 | BK89: 0 | BL89: 0 | BM89: 0 | BN89: 0 | BO89: 0 | BP89: 0 | BQ89: 0 | BR89: 0 | BS89: 0 | BT89: 0 | BU89: 0 | BV89: 0 | BW89: 0 | BX89: 0 | BY89: 0 | BZ89: 0 | CA89: 0 | CB89: 0 | CC89: 0 | CD89: 0 | CE89: 0 | CF89: 0 | CG89: 0 | CH89: 0 | CI89: 50778 | CK89: 0 | CL89: 0 | CM89: 38313.33 | CN89: 0 | CO89: 38313.33 | CQ89: 0 | CR89: 0 | CS89: 0 | CU89: 38313.33 | CV89: =CI89-CU89 -> 12464.67 | CW89: =IF(CI89=0,"n/a",CU89/(CI89)) -> 0.75452617
A90: %,V765000 | B90: 765000 | C90: Voice Communication Line | D90: 0 | E90: 0 | F90: 0 | G90: 10885.37 | H90: 0 | I90: 10885.37 | K90: 0 | L90: 0 | M90: 0 | O90: 10885.37 | Q90: 0 | R90: 0 | U90: 0 | V90: 0 | W90: 0 | X90: 0 | Y90: 0 | Z90: 0 | AA90: 0 | AB90: 0 | AC90: 0 | AD90: 0 | AE90: 0 | AF90: 0 | AG90: 0 | AH90: 0 | AI90: 0 | AJ90: 0 | AK90: 0 | AL90: 0 | AM90: 0 | AN90: 0 | AO90: 0 | AP90: 0 | AQ90: 0 | AR90: 0 | AS90: 0 | AT90: 0 | AU90: 0 | AV90: 0 | AW90: 0 | AX90: 0 | AY90: 0 | AZ90: 0 | BA90: 0 | BB90: 0 | BC90: 0 | BD90: 0 | BE90: 0 | BF90: 14097 | BG90: 0 | BH90: 0 | BI90: 0 | BJ90: 0 | BK90: 0 | BL90: 0 | BM90: 0 | BN90: 0 | BO90: 0 | BP90: 0 | BQ90: 0 | BR90: 0 | BS90: 0 | BT90: 0 | BU90: 0 | BV90: 0 | BW90: 0 | BX90: 0 | BY90: 0 | BZ90: 0 | CA90: 0 | CB90: 0 | CC90: 0 | CD90: 0 | CE90: 0 | CF90: 0 | CG90: 0 | CH90: 0 | CI90: 14097 | CK90: 0 | CL90: 0 | CM90: 9470.27 | CN90: 0 | CO90: 9470.27 | CQ90: 0 | CR90: 0 | CS90: 0 | CU90: 9470.27 | CV90: =CI90-CU90 -> 4626.73 | CW90: =IF(CI90=0,"n/a",CU90/(CI90)) -> 0.67179329
A91: %,V766000 | B91: 766000 | C91: Water & Sanitation | D91: 0 | E91: 0 | F91: 0 | G91: 18325.42 | H91: 0 | I91: 18325.42 | K91: 0 | L91: 0 | M91: 0 | O91: 18325.42 | Q91: 0 | R91: 0 | U91: 0 | V91: 0 | W91: 0 | X91: 0 | Y91: 0 | Z91: 0 | AA91: 0 | AB91: 0 | AC91: 0 | AD91: 0 | AE91: 0 | AF91: 0 | AG91: 0 | AH91: 0 | AI91: 0 | AJ91: 0 | AK91: 0 | AL91: 0 | AM91: 0 | AN91: 0 | AO91: 0 | AP91: 0 | AQ91: 0 | AR91: 0 | AS91: 0 | AT91: 0 | AU91: 0 | AV91: 0 | AW91: 0 | AX91: 0 | AY91: 0 | AZ91: 0 | BA91: 0 | BB91: 0 | BC91: 0 | BD91: 0 | BE91: 0 | BF91: 0 | BG91: 17111 | BH91: 0 | BI91: 0 | BJ91: 0 | BK91: 0 | BL91: 0 | BM91: 0 | BN91: 0 | BO91: 0 | BP91: 0 | BQ91: 0 | BR91: 0 | BS91: 0 | BT91: 0 | BU91: 0 | BV91: 0 | BW91: 0 | BX91: 0 | BY91: 0 | BZ91: 0 | CA91: 0 | CB91: 0 | CC91: 0 | CD91: 0 | CE91: 0 | CF91: 0 | CG91: 0 | CH91: 0 | CI91: 17111 | CK91: 0 | CL91: 0 | CM91: 10852.8 | CN91: 0 | CO91: 10852.8 | CQ91: 0 | CR91: 0 | CS91: 0 | CU91: 10852.8 | CV91: =CI91-CU91 -> 6258.2 | CW91: =IF(CI91=0,"n/a",CU91/(CI91)) -> 0.63425866
A92: %,V768000 | B92: 768000 | C92: Postage | D92: 0 | E92: 0 | F92: 0 | G92: 306.78 | H92: 0 | I92: 306.78 | K92: 0 | L92: 0 | M92: 0 | O92: 306.78 | Q92: 0 | R92: 0 | U92: 0 | V92: 0 | W92: 0 | X92: 0 | Y92: 0 | Z92: 0 | AA92: 0 | AB92: 0 | AC92: 0 | AD92: 0 | AE92: 0 | AF92: 0 | AG92: 0 | AH92: 0 | AI92: 0 | AJ92: 0 | AK92: 0 | AL92: 0 | AM92: 0 | AN92: 0 | AO92: 0 | AP92: 0 | AQ92: 0 | AR92: 0 | AS92: 0 | AT92: 0 | AU92: 0 | AV92: 0 | AW92: 0 | AX92: 0 | AY92: 0 | AZ92: 0 | BA92: 0 | BB92: 0 | BC92: 0 | BD92: 0 | BE92: 0 | BF92: 0 | BG92: 0 | BH92: 520 | BI92: 0 | BJ92: 0 | BK92: 0 | BL92: 0 | BM92: 0 | BN92: 0 | BO92: 0 | BP92: 0 | BQ92: 0 | BR92: 0 | BS92: 0 | BT92: 0 | BU92: 0 | BV92: 0 | BW92: 0 | BX92: 0 | BY92: 0 | BZ92: 0 | CA92: 0 | CB92: 0 | CC92: 0 | CD92: 0 | CE92: 0 | CF92: 0 | CG92: 0 | CH92: 0 | CI92: 520 | CK92: 0 | CL92: 0 | CM92: 404.78 | CN92: 0 | CO92: 404.78 | CQ92: 0 | CR92: 0 | CS92: 0 | CU92: 404.78 | CV92: =CI92-CU92 -> 115.22 | CW92: =IF(CI92=0,"n/a",CU92/(CI92)) -> 0.77842308
... A97: %,V781000 | B97: 781000 | C97: Lease Purch-Other-Principal Bond | D97: 0 | E97: 0 | F97: 0 | G97: 264718.4 | H97: 0 | I97: 264718.4 | K97: 0 | L97: 145000 | M97: 145000 | O97: 145000 | Q97: 0 | R97: 0 | U97: 0 | V97: 0 | W97: 0 | X97: 0 | Y97: 0 | Z97: 0 | AA97: 0 | AB97: 0 | AC97: 0 | AD97: 0 | AE97: 0 | AF97: 0 | AG97: 0 | AH97: 0 | AI97: 0 | AJ97: 0 | AK97: 0 | AL97: 0 | AM97: 0 | AN97: 0 | AO97: 0 | AP97: 0 | AQ97: 0 | AR97: 0 | AS97: 0 | AT97: 0 | AU97: 0 | AV97: 0 | AW97: 0 | AX97: 0 | AY97: 0 | AZ97: 0 | BA97: 0 | BB97: 0 | BC97: 0 | BD97: 0 | BE97: 0 | BF97: 0 | BG97: 0 | BH97: 0 | BI97: 0 | BJ97: 0 | BK97: 0 | BL97: 0 | BM97: 402736 | BN97: 0 | BO97: 0 | BP97: 0 | BQ97: 0 | BR97: 0 | BS97: 0 | BT97: 0 | BU97: 0 | BV97: 0 | BW97: 0 | BX97: 0 | BY97: 0 | BZ97: 0 | CA97: 0 | CB97: 0 | CC97: 0 | CD97: 0 | CE97: 0 | CF97: 0 | CG97: 0 | CH97: 0 | CI97: 150000 | CK97: 0 | CL97: 0 | CM97: 0 | CN97: 0 | CO97: 0 | CQ97: 0 | CR97: 0 | CS97: 0 | CU97: 0 | CV97: =CI97-CU97 -> 150000 | CW97: =IF(CI97=0,"n/a",CU97/(CI97)) -> 0
B98: 781000 | C98: Lease Purch-Other-Principal Loan | O98: 264718.4 | CI98: 252736 | CK98: 0 | CL98: 0 | CM98: 55672.77 | CN98: 0 | CO98: 55672.77 | CQ98: 0 | CR98: 0 | CS98: 0 | CT98: 0 | CU98: 55672.77 | CV98: =CI98-CU98 -> 197063.23 | CW98: =IF(CI98=0,"n/a",CU98/(CI98)) -> 0.22028033
A99: %,V781500 | B99: 781500 | C99: Lease Purch-Other-Interest Bond | D99: 0 | E99: 0 | F99: 0 | G99: 33851.49 | H99: 0 | I99: 33851.49 | K99: 0 | L99: 318901 | M99: 318901 | O99: 318901 | Q99: 0 | R99: 0 | U99: 0 | V99: 0 | W99: 0 | X99: 0 | Y99: 0 | Z99: 0 | AA99: 0 | AB99: 0 | AC99: 0 | AD99: 0 | AE99: 0 | AF99: 0 | AG99: 0 | AH99: 0 | AI99: 0 | AJ99: 0 | AK99: 0 | AL99: 0 | AM99: 0 | AN99: 0 | AO99: 0 | AP99: 0 | AQ99: 0 | AR99: 0 | AS99: 0 | AT99: 0 | AU99: 0 | AV99: 0 | AW99: 0 | AX99: 0 | AY99: 0 | AZ99: 0 | BA99: 0 | BB99: 0 | BC99: 0 | BD99: 0 | BE99: 0 | BF99: 0 | BG99: 0 | BH99: 0 | BI99: 0 | BJ99: 0 | BK99: 0 | BL99: 0 | BM99: 0 | BN99: 371514 | BO99: 0 | BP99: 0 | BQ99: 0 | BR99: 0 | BS99: 0 | BT99: 0 | BU99: 0 | BV99: 0 | BW99: 0 | BX99: 0 | BY99: 0 | BZ99: 0 | CA99: 0 | CB99: 0 | CC99: 0 | CD99: 0 | CE99: 0 | CF99: 0 | CG99: 0 | CH99: 0 | CI99: 314740 | CK99: 0 | CL99: 0 | CM99: 0 | CN99: 0 | CO99: 0 | CQ99: 0 | CR99: 157370 | CS99: 157370 | CU99: 157370 | CV99: =CI99-CU99 -> 157370 | CW99: =IF(CI99=0,"n/a",CU99/(CI99)) -> 0.5
B100: 781500 | C100: Lease Purch-Other-Interest Loan | O100: 33851.49 | CI100: 56774 | CK100: 0 | CL100: 0 | CM100: 42959.31 | CN100: 0 | CO100: 42959.31 | CQ100: 0 | CR100: 0 | CS100: 0 | CU100: 42959.31 | CV100: =CI100-CU100 -> 13814.69 | CW100: =IF(CI100=0,"n/a",CU100/(CI100)) -> 0.75667224
A101: %,V950000 | B101: 950000 | C101: District Fees | D101: 0 | E101: 0 | F101: 0 | G101: 628510.26 | H101: 0 | I101: 628510.26 | K101: 0 | L101: 0 | M101: 0 | O101: 628510.26 | Q101: 0 | R101: 0 | U101: 0 | V101: 0 | W101: 0 | X101: 0 | Y101: 0 | Z101: 0 | AA101: 0 | AB101: 0 | AC101: 0 | AD101: 0 | AE101: 0 | AF101: 0 | AG101: 0 | AH101: 0 | AI101: 0 | AJ101: 0 | AK101: 0 | AL101: 0 | AM101: 0 | AN101: 0 | AO101: 0 | AP101: 0 | AQ101: 0 | AR101: 0 | AS101: 0 | AT101: 0 | AU101: 0 | AV101: 0 | AW101: 0 | AX101: 0 | AY101: 0 | AZ101: 0 | BA101: 0 | BB101: 0 | BC101: 0 | BD101: 0 | BE101: 0 | BF101: 0 | BG101: 0 | BH101: 0 | BI101: 0 | BJ101: 0 | BK101: 0 | BL101: 0 | BM101: 0 | BN101: 0 | BO101: 0 | BP101: 0 | BQ101: 0 | BR101: 0 | BS101: 0 | BT101: 0 | BU101: 0 | BV101: 0 | BW101: 0 | BX101: 0 | BY101: 0 | BZ101: 0 | CA101: 0 | CB101: 0 | CC101: 0 | CD101: 0 | CE101: 0 | CF101: 0 | CG101: 0 | CH101: 718618 | CI101: 718050.5 | CK101: 0 | CL101: 0 | CM101: 538562.86 | CN101: 0 | CO101: 538562.86 | CQ101: 0 | CR101: 0 | CS101: 0 | CU101: 538562.86 | CV101: =CI101-CU101 -> 179487.64 | CW101: =IF(CI101=0,"n/a",CU101/(CI101)) -> 0.7500348
A102: %,FACCOUNT,TACCOUNT_ROLLUP,X,NPURCHASED SERVICES | C102: Purchased Services | D102: 50767.54 | E102: 1928.83 | F102: 689.37 | G102: 1313869.6 | H102: 0 | I102: 1367255.3 | K102: 80279.54 | L102: 463901 | M102: 544180.54 | O102: 1911435.8 | Q102: 0 | R102: 0 | U102: 0 | V102: 0 | W102: 0 | X102: 0 | Y102: 0 | Z102: 0 | AA102: 0 | AB102: 0 | AC102: 0 | AD102: 0 | AE102: 0 | AF102: 0 | AG102: 0 | AH102: 0 | AI102: 0 | AJ102: 0 | AK102: 0 | AL102: 0 | AM102: 0 | AN102: 0 | AO102: 0 | AP102: 1428 | AQ102: 20750 | AR102: 1025 | AS102: 7311 | AT102: 10250 | AU102: 48250 | AV102: 5221 | AW102: 1224 | AX102: 132617 | AY102: 1619 | AZ102: 9956 | BA102: 33045 | BB102: 78319 | BC102: 1020 | BD102: 21420 | BE102: 50778 | BF102: 14097 | BG102: 17111 | BH102: 520 | BI102: 36096 | BJ102: 28000 | BK102: 10200 | BL102: 510 | BM102: 402736 | BN102: 371514 | BO102: 0 | BP102: 0 | BQ102: 0 | BR102: 0 | BS102: 0 | BT102: 0 | BU102: 0 | BV102: 0 | BW102: 0 | BX102: 0 | BY102: 0 | BZ102: 0 | CA102: 0 | CB102: 0 | CC102: 0 | CD102: 0 | CE102: 0 | CF102: 0 | CG102: 0 | CH102: 718618 | CI102: =SUM(CI72:CI101) -> 2006502.5 | CK102: 42602.93 | CL102: 487.18 | CM102: 877655.32 | CN102: 0 | CO102: 920745.43 | CQ102: 0 | CR102: 157370 | CS102: 157370 | CU102: 1078115.4 | CV102: =CI102-CU102 -> 928387.07 | CW102: =IF(CI102=0,"n/a",CU102/(CI102)) -> 0.53731078
A104: %,V804000 | B104: 804000 | C104: Fund Raising | D104: 0 | E104: 0 | F104: 0 | G104: 0 | H104: 0 | I104: 0 | K104: 0 | L104: 0 | M104: 0 | O104: 0 | Q104: 0 | R104: 0 | U104: 0 | V104: 0 | W104: 0 | X104: 0 | Y104: 0 | Z104: 0 | AA104: 0 | AB104: 0 | AC104: 0 | AD104: 0 | AE104: 0 | AF104: 0 | AG104: 0 | AH104: 0 | AI104: 0 | AJ104: 0 | AK104: 0 | AL104: 0 | AM104: 0 | AN104: 0 | AO104: 0 | AP104: 0 | AQ104: 0 | AR104: 0 | AS104: 0 | AT104: 0 | AU104: 0 | AV104: 0 | AW104: 0 | AX104: 0 | AY104: 0 | AZ104: 0 | BA104: 0 | BB104: 0 | BC104: 0 | BD104: 0 | BE104: 0 | BF104: 0 | BG104: 0 | BH104: 0 | BI104: 0 | BJ104: 0 | BK104: 0 | BL104: 0 | BM104: 0 | BN104: 0 | BO104: 1530 | BP104: 0 | BQ104: 0 | BR104: 0 | BS104: 0 | BT104: 0 | BU104: 0 | BV104: 0 | BW104: 0 | BX104: 0 | BY104: 0 | BZ104: 0 | CA104: 0 | CB104: 0 | CC104: 0 | CD104: 0 | CE104: 0 | CF104: 0 | CG104: 0 | CH104: 0 | CI104: 1530 | CK104: 0 | CL104: 0 | CM104: 0 | CN104: 0 | CO104: 0 | CQ104: 0 | CR104: 0 | CS104: 0 | CU104: 0 | CV104: =CI104-CU104 -> 1530 | CW104: =IF(CI104=0,"n/a",CU104/(CI104)) -> 0
A105: %,V805000 | B105: 805000 | C105: Materials/Supplies-Other | D105: 3443.62 | E105: 0 | F105: 0 | G105: 7847.82 | H105: 0 | I105: 11291.44 | K105: 0 | L105: 0 | M105: 0 | O105: 11291.44 | Q105: 0 | R105: 0 | U105: 0 | V105: 0 | W105: 0 | X105: 0 | Y105: 0 | Z105: 0 | AA105: 0 | AB105: 0 | AC105: 0 | AD105: 0 | AE105: 0 | AF105: 0 | AG105: 0 | AH105: 0 | AI105: 0 | AJ105: 0 | AK105: 0 | AL105: 0 | AM105: 0 | AN105: 0 | AO105: 0 | AP105: 0 | AQ105: 0 | AR105: 0 | AS105: 0 | AT105: 0 | AU105: 0 | AV105: 0 | AW105: 0 | AX105: 0 | AY105: 0 | AZ105: 0 | BA105: 0 | BB105: 0 | BC105: 0 | BD105: 0 | BE105: 0 | BF105: 0 | BG105: 0 | BH105: 0 | BI105: 0 | BJ105: 0 | BK105: 0 | BL105: 0 | BM105: 0 | BN105: 0 | BO105: 0 | BP105: 13770 | BQ105: 0 | BR105: 0 | BS105: 0 | BT105: 0 | BU105: 0 | BV105: 0 | BW105: 0 | BX105: 0 | BY105: 0 | BZ105: 0 | CA105: 0 | CB105: 0 | CC105: 0 | CD105: 0 | CE105: 0 | CF105: 0 | CG105: 0 | CH105: 0 | CI105: 13770 | CK105: 3245.03 | CL105: 115.45 | CM105: 4517.13 | CN105: 0 | CO105: 7877.61 | CQ105: 0 | CR105: 0 | CS105: 0 | CU105: 7877.61 | CV105: =CI105-CU105 -> 5892.39 | CW105: =IF(CI105=0,"n/a",CU105/(CI105)) -> 0.57208497
A106: %,V806000 | B106: 806000 | C106: Materials/Supplies Resale | D106: 11414.16 | E106: 0 | F106: 0 | G106: 0 | H106: 0 | I106: 11414.16 | K106: 0 | L106: 0 | M106: 0 | O106: 11414.16 | Q106: 0 | R106: 0 | U106: 0 | V106: 0 | W106: 0 | X106: 0 | Y106: 0 | Z106: 0 | AA106: 0 | AB106: 0 | AC106: 0 | AD106: 0 | AE106: 0 | AF106: 0 | AG106: 0 | AH106: 0 | AI106: 0 | AJ106: 0 | AK106: 0 | AL106: 0 | AM106: 0 | AN106: 0 | AO106: 0 | AP106: 0 | AQ106: 0 | AR106: 0 | AS106: 0 | AT106: 0 | AU106: 0 | AV106: 0 | AW106: 0 | AX106: 0 | AY106: 0 | AZ106: 0 | BA106: 0 | BB106: 0 | BC106: 0 | BD106: 0 | BE106: 0 | BF106: 0 | BG106: 0 | BH106: 0 | BI106: 0 | BJ106: 0 | BK106: 0 | BL106: 0 | BM106: 0 | BN106: 0 | BO106: 0 | BP106: 0 | BQ106: 18797 | BR106: 0 | BS106: 0 | BT106: 0 | BU106: 0 | BV106: 0 | BW106: 0 | BX106: 0 | BY106: 0 | BZ106: 0 | CA106: 0 | CB106: 0 | CC106: 0 | CD106: 0 | CE106: 0 | CF106: 0 | CG106: 0 | CH106: 0 | CI106: 18797 | CK106: 12284.87 | CL106: 0 | CM106: 0 | CN106: 0 | CO106: 12284.87 | CQ106: 0 | CR106: 0 | CS106: 0 | CU106: 12284.87 | CV106: =CI106-CU106 -> 6512.13 | CW106: =IF(CI106=0,"n/a",CU106/(CI106)) -> 0.65355482
A107: %,V810000 | B107: 810000 | C107: Office Material/Supplies | D107: 0 | E107: 0 | F107: 0 | G107: 1401.22 | H107: 0 | I107: 1401.22 | K107: 0 | L107: 0 | M107: 0 | O107: 1401.22 | Q107: 0 | R107: 0 | U107: 0 | V107: 0 | W107: 0 | X107: 0 | Y107: 0 | Z107: 0 | AA107: 0 | AB107: 0 | AC107: 0 | AD107: 0 | AE107: 0 | AF107: 0 | AG107: 0 | AH107: 0 | AI107: 0 | AJ107: 0 | AK107: 0 | AL107: 0 | AM107: 0 | AN107: 0 | AO107: 0 | AP107: 0 | AQ107: 0 | AR107: 0 | AS107: 0 | AT107: 0 | AU107: 0 | AV107: 0 | AW107: 0 | AX107: 0 | AY107: 0 | AZ107: 0 | BA107: 0 | BB107: 0 | BC107: 0 | BD107: 0 | BE107: 0 | BF107: 0 | BG107: 0 | BH107: 0 | BI107: 0 | BJ107: 0 | BK107: 0 | BL107: 0 | BM107: 0 | BN107: 0 | BO107: 0 | BP107: 0 | BQ107: 0 | BR107: 3121 | BS107: 0 | BT107: 0 | BU107: 0 | BV107: 0 | BW107: 0 | BX107: 0 | BY107: 0 | BZ107: 0 | CA107: 0 | CB107: 0 | CC107: 0 | CD107: 0 | CE107: 0 | CF107: 0 | CG107: 0 | CH107: 0 | CI107: 3121 | CK107: 0 | CL107: 0 | CM107: 1298.58 | CN107: 0 | CO107: 1298.58 | CQ107: 0 | CR107: 0 | CS107: 0 | CU107: 1298.58 | CV107: =CI107-CU107 -> 1822.42 | CW107: =IF(CI107=0,"n/a",CU107/(CI107)) -> 0.41607818
A108: %,V810001 | B108: 810001 | C108: Office Equipment - Under $5K | D108: 0 | E108: 0 | F108: 0 | G108: 11719.51 | H108: 0 | I108: 11719.51 | K108: 0 | L108: 0 | M108: 0 | O108: 11719.51 | Q108: 0 | R108: 0 | U108: 0 | V108: 0 | W108: 0 | X108: 0 | Y108: 0 | Z108: 0 | AA108: 0 | AB108: 0 | AC108: 0 | AD108: 0 | AE108: 0 | AF108: 0 | AG108: 0 | AH108: 0 | AI108: 0 | AJ108: 0 | AK108: 0 | AL108: 0 | AM108: 0 | AN108: 0 | AO108: 0 | AP108: 0 | AQ108: 0 | AR108: 0 | AS108: 0 | AT108: 0 | AU108: 0 | AV108: 0 | AW108: 0 | AX108: 0 | AY108: 0 | AZ108: 0 | BA108: 0 | BB108: 0 | BC108: 0 | BD108: 0 | BE108: 0 | BF108: 0 | BG108: 0 | BH108: 0 | BI108: 0 | BJ108: 0 | BK108: 0 | BL108: 0 | BM108: 0 | BN108: 0 | BO108: 0 | BP108: 0 | BQ108: 0 | BR108: 0 | BS108: 9843 | BT108: 0 | BU108: 0 | BV108: 0 | BW108: 0 | BX108: 0 | BY108: 0 | BZ108: 0 | CA108: 0 | CB108: 0 | CC108: 0 | CD108: 0 | CE108: 0 | CF108: 0 | CG108: 0 | CH108: 0 | CI108: 9843 | CK108: 0 | CL108: 0 | CM108: 6983.12 | CN108: 0 | CO108: 6983.12 | CQ108: 0 | CR108: 0 | CS108: 0 | CU108: 6983.12 | CV108: =CI108-CU108 -> 2859.88 | CW108: =IF(CI108=0,"n/a",CU108/(CI108)) -> 0.70945037
A109: %,V811000 | B109: 811000 | C109: Curriculum Dev/Staff Training | D109: 0 | E109: 0 | F109: 0 | G109: 143.13 | H109: 0 | I109: 143.13 | K109: 0 | L109: 0 | M109: 0 | O109: 143.13 | Q109: 0 | R109: 0 | U109: 0 | V109: 0 | W109: 0 | X109: 0 | Y109: 0 | Z109: 0 | AA109: 0 | AB109: 0 | AC109: 0 | AD109: 0 | AE109: 0 | AF109: 0 | AG109: 0 | AH109: 0 | AI109: 0 | AJ109: 0 | AK109: 0 | AL109: 0 | AM109: 0 | AN109: 0 | AO109: 0 | AP109: 0 | AQ109: 0 | AR109: 0 | AS109: 0 | AT109: 0 | AU109: 0 | AV109: 0 | AW109: 0 | AX109: 0 | AY109: 0 | AZ109: 0 | BA109: 0 | BB109: 0 | BC109: 0 | BD109: 0 | BE109: 0 | BF109: 0 | BG109: 0 | BH109: 0 | BI109: 0 | BJ109: 0 | BK109: 0 | BL109: 0 | BM109: 0 | BN109: 0 | BO109: 0 | BP109: 0 | BQ109: 0 | BR109: 0 | BS109: 0 | BT109: 0 | BU109: 0 | BV109: 0 | BW109: 0 | BX109: 0 | BY109: 0 | BZ109: 0 | CA109: 0 | CB109: 0 | CC109: 0 | CD109: 0 | CE109: 0 | CF109: 0 | CG109: 0 | CH109: 0 | CI109: 0 | CK109: 0 | CL109: 0 | CM109: 0 | CN109: 0 | CO109: 0 | CQ109: 0 | CR109: 0 | CS109: 0 | CU109: 0 | CV109: =CI109-CU109 -> 0 | CW109: =IF(CI109=0,"n/a",CU109/(CI109)) -> n/a
A110: %,V812000 | B110: 812000 | C110: Clinic Supplies/Materials | D110: 0 | E110: 0 | F110: 0 | G110: 781.89 | H110: 0 | I110: 781.89 | K110: 0 | L110: 0 | M110: 0 | O110: 781.89 | Q110: 0 | R110: 0 | U110: 0 | V110: 0 | W110: 0 | X110: 0 | Y110: 0 | Z110: 0 | AA110: 0 | AB110: 0 | AC110: 0 | AD110: 0 | AE110: 0 | AF110: 0 | AG110: 0 | AH110: 0 | AI110: 0 | AJ110: 0 | AK110: 0 | AL110: 0 | AM110: 0 | AN110: 0 | AO110: 0 | AP110: 0 | AQ110: 0 | AR110: 0 | AS110: 0 | AT110: 0 | AU110: 0 | AV110: 0 | AW110: 0 | AX110: 0 | AY110: 0 | AZ110: 0 | BA110: 0 | BB110: 0 | BC110: 0 | BD110: 0 | BE110: 0 | BF110: 0 | BG110: 0 | BH110: 0 | BI110: 0 | BJ110: 0 | BK110: 0 | BL110: 0 | BM110: 0 | BN110: 0 | BO110: 0 | BP110: 0 | BQ110: 0 | BR110: 0 | BS110: 0 | BT110: 1148 | BU110: 0 | BV110: 0 | BW110: 0 | BX110: 0 | BY110: 0 | BZ110: 0 | CA110: 0 | CB110: 0 | CC110: 0 | CD110: 0 | CE110: 0 | CF110: 0 | CG110: 0 | CH110: 0 | CI110: 1148 | CK110: 0 | CL110: 0 | CM110: 171.68 | CN110: 0 | CO110: 171.68 | CQ110: 0 | CR110: 0 | CS110: 0 | CU110: 171.68 | CV110: =CI110-CU110 -> 976.32 | CW110: =IF(CI110=0,"n/a",CU110/(CI110)) -> 0.14954704
A111: %,V814000 | B111: 814000 | C111: Custodial Supplies | D111: 0 | E111: 0 | F111: 0 | G111: 16990.19 | H111: 0 | I111: 16990.19 | K111: 0 | L111: 0 | M111: 0 | O111: 16990.19 | Q111: 0 | R111: 0 | U111: 0 | V111: 0 | W111: 0 | X111: 0 | Y111: 0 | Z111: 0 | AA111: 0 | AB111: 0 | AC111: 0 | AD111: 0 | AE111: 0 | AF111: 0 | AG111: 0 | AH111: 0 | AI111: 0 | AJ111: 0 | AK111: 0 | AL111: 0 | AM111: 0 | AN111: 0 | AO111: 0 | AP111: 0 | AQ111: 0 | AR111: 0 | AS111: 0 | AT111: 0 | AU111: 0 | AV111: 0 | AW111: 0 | AX111: 0 | AY111: 0 | AZ111: 0 | BA111: 0 | BB111: 0 | BC111: 0 | BD111: 0 | BE111: 0 | BF111: 0 | BG111: 0 | BH111: 0 | BI111: 0 | BJ111: 0 | BK111: 0 | BL111: 0 | BM111: 0 | BN111: 0 | BO111: 0 | BP111: 0 | BQ111: 0 | BR111: 0 | BS111: 0 | BT111: 0 | BU111: 20400 | BV111: 0 | BW111: 0 | BX111: 0 | BY111: 0 | BZ111: 0 | CA111: 0 | CB111: 0 | CC111: 0 | CD111: 0 | CE111: 0 | CF111: 0 | CG111: 0 | CH111: 0 | CI111: 20400 | CK111: 0 | CL111: 0 | CM111: 10897.8 | CN111: 0 | CO111: 10897.8 | CQ111: 0 | CR111: 0 | CS111: 0 | CU111: 10897.8 | CV111: =CI111-CU111 -> 9502.2 | CW111: =IF(CI111=0,"n/a",CU111/(CI111)) -> 0.53420588
A112: %,V820000 | B112: 820000 | C112: Instructional Material/Supply | D112: 861.65 | E112: 1202.06 | F112: 0 | G112: 79659.11 | H112: 472.05 | I112: 82194.87 | K112: 0 | L112: 0 | M112: 0 | O112: 82194.87 | Q112: 0 | R112: 0 | U112: 0 | V112: 0 | W112: 0 | X112: 0 | Y112: 0 | Z112: 0 | AA112: 0 | AB112: 0 | AC112: 0 | AD112: 0 | AE112: 0 | AF112: 0 | AG112: 0 | AH112: 0 | AI112: 0 | AJ112: 0 | AK112: 0 | AL112: 0 | AM112: 0 | AN112: 0 | AO112: 0 | AP112: 0 | AQ112: 0 | AR112: 0 | AS112: 0 | AT112: 0 | AU112: 0 | AV112: 0 | AW112: 0 | AX112: 0 | AY112: 0 | AZ112: 0 | BA112: 0 | BB112: 0 | BC112: 0 | BD112: 0 | BE112: 0 | BF112: 0 | BG112: 0 | BH112: 0 | BI112: 0 | BJ112: 0 | BK112: 0 | BL112: 0 | BM112: 0 | BN112: 0 | BO112: 0 | BP112: 0 | BQ112: 0 | BR112: 0 | BS112: 0 | BT112: 0 | BU112: 0 | BV112: 95093 | BW112: 0 | BX112: 0 | BY112: 0 | BZ112: 0 | CA112: 0 | CB112: 0 | CC112: 0 | CD112: 0 | CE112: 0 | CF112: 0 | CG112: 0 | CH112: 0 | CI112: 95093 | CK112: 0 | CL112: 247.57 | CM112: 48316.15 | CN112: 0 | CO112: 48563.72 | CQ112: 0 | CR112: 0 | CS112: 0 | CU112: 48563.72 | CV112: =CI112-CU112 -> 46529.28 | CW112: =IF(CI112=0,"n/a",CU112/(CI112)) -> 0.51069711
A113: %,V820001 | B113: 820001 | C113: Instructional Equip-Under $5K | D113: 0 | E113: 0 | F113: 0 | G113: 63781.27 | H113: 0 | I113: 63781.27 | K113: 0 | L113: 0 | M113: 0 | O113: 63781.27 | Q113: 0 | R113: 0 | U113: 0 | V113: 0 | W113: 0 | X113: 0 | Y113: 0 | Z113: 0 | AA113: 0 | AB113: 0 | AC113: 0 | AD113: 0 | AE113: 0 | AF113: 0 | AG113: 0 | AH113: 0 | AI113: 0 | AJ113: 0 | AK113: 0 | AL113: 0 | AM113: 0 | AN113: 0 | AO113: 0 | AP113: 0 | AQ113: 0 | AR113: 0 | AS113: 0 | AT113: 0 | AU113: 0 | AV113: 0 | AW113: 0 | AX113: 0 | AY113: 0 | AZ113: 0 | BA113: 0 | BB113: 0 | BC113: 0 | BD113: 0 | BE113: 0 | BF113: 0 | BG113: 0 | BH113: 0 | BI113: 0 | BJ113: 0 | BK113: 0 | BL113: 0 | BM113: 0 | BN113: 0 | BO113: 0 | BP113: 0 | BQ113: 0 | BR113: 0 | BS113: 0 | BT113: 0 | BU113: 0 | BV113: 0 | BW113: 48296 | BX113: 0 | BY113: 0 | BZ113: 0 | CA113: 0 | CB113: 0 | CC113: 0 | CD113: 0 | CE113: 0 | CF113: 0 | CG113: 0 | CH113: 0 | CI113: 48296 | CK113: 0 | CL113: 0 | CM113: 39720.51 | CN113: 0 | CO113: 39720.51 | CQ113: 0 | CR113: 0 | CS113: 0 | CU113: 39720.51 | CV113: =CI113-CU113 -> 8575.49 | CW113: =IF(CI113=0,"n/a",CU113/(CI113)) -> 0.82243892
A114: %,V822000 | B114: 822000 | C114: Textbooks | D114: 0 | E114: 0 | F114: 0 | G114: 36080.3 | H114: 27.95 | I114: 36108.25 | K114: 0 | L114: 0 | M114: 0 | O114: 36108.25 | Q114: 0 | R114: 0 | U114: 0 | V114: 0 | W114: 0 | X114: 0 | Y114: 0 | Z114: 0 | AA114: 0 | AB114: 0 | AC114: 0 | AD114: 0 | AE114: 0 | AF114: 0 | AG114: 0 | AH114: 0 | AI114: 0 | AJ114: 0 | AK114: 0 | AL114: 0 | AM114: 0 | AN114: 0 | AO114: 0 | AP114: 0 | AQ114: 0 | AR114: 0 | AS114: 0 | AT114: 0 | AU114: 0 | AV114: 0 | AW114: 0 | AX114: 0 | AY114: 0 | AZ114: 0 | BA114: 0 | BB114: 0 | BC114: 0 | BD114: 0 | BE114: 0 | BF114: 0 | BG114: 0 | BH114: 0 | BI114: 0 | BJ114: 0 | BK114: 0 | BL114: 0 | BM114: 0 | BN114: 0 | BO114: 0 | BP114: 0 | BQ114: 0 | BR114: 0 | BS114: 0 | BT114: 0 | BU114: 0 | BV114: 0 | BW114: 0 | BX114: 25495 | BY114: 0 | BZ114: 0 | CA114: 0 | CB114: 0 | CC114: 0 | CD114: 0 | CE114: 0 | CF114: 0 | CG114: 0 | CH114: 0 | CI114: 25495 | CK114: 0 | CL114: 20.11 | CM114: 19910.22 | CN114: 123.6 | CO114: 20053.93 | CQ114: 0 | CR114: 0 | CS114: 0 | CU114: 20053.93 | CV114: =CI114-CU114 -> 5441.07 | CW114: =IF(CI114=0,"n/a",CU114/(CI114)) -> 0.78658286
A115: %,V823000 | B115: 823000 | C115: Copier Usage | D115: 0 | E115: 0 | F115: 0 | G115: 21965.29 | H115: 0 | I115: 21965.29 | K115: 0 | L115: 0 | M115: 0 | O115: 21965.29 | Q115: 0 | R115: 0 | U115: 0 | V115: 0 | W115: 0 | X115: 0 | Y115: 0 | Z115: 0 | AA115: 0 | AB115: 0 | AC115: 0 | AD115: 0 | AE115: 0 | AF115: 0 | AG115: 0 | AH115: 0 | AI115: 0 | AJ115: 0 | AK115: 0 | AL115: 0 | AM115: 0 | AN115: 0 | AO115: 0 | AP115: 0 | AQ115: 0 | AR115: 0 | AS115: 0 | AT115: 0 | AU115: 0 | AV115: 0 | AW115: 0 | AX115: 0 | AY115: 0 | AZ115: 0 | BA115: 0 | BB115: 0 | BC115: 0 | BD115: 0 | BE115: 0 | BF115: 0 | BG115: 0 | BH115: 0 | BI115: 0 | BJ115: 0 | BK115: 0 | BL115: 0 | BM115: 0 | BN115: 0 | BO115: 0 | BP115: 0 | BQ115: 0 | BR115: 0 | BS115: 0 | BT115: 0 | BU115: 0 | BV115: 0 | BW115: 0 | BX115: 0 | BY115: 25011 | BZ115: 0 | CA115: 0 | CB115: 0 | CC115: 0 | CD115: 0 | CE115: 0 | CF115: 0 | CG115: 0 | CH115: 0 | CI115: 25011 | CK115: 0 | CL115: 0 | CM115: 15057.64 | CN115: 0 | CO115: 15057.64 | CQ115: 0 | CR115: 0 | CS115: 0 | CU115: 15057.64 | CV115: =CI115-CU115 -> 9953.36 | CW115: =IF(CI115=0,"n/a",CU115/(CI115)) -> 0.6020407
... A121: %,V889000 | B121: 889000 | C121: Consumable Supplies | D121: 0 | E121: 0 | F121: 0 | G121: 29.72 | H121: 0 | I121: 29.72 | K121: 0 | L121: 0 | M121: 0 | O121: 29.72 | Q121: 0 | R121: 0 | U121: 0 | V121: 0 | W121: 0 | X121: 0 | Y121: 0 | Z121: 0 | AA121: 0 | AB121: 0 | AC121: 0 | AD121: 0 | AE121: 0 | AF121: 0 | AG121: 0 | AH121: 0 | AI121: 0 | AJ121: 0 | AK121: 0 | AL121: 0 | AM121: 0 | AN121: 0 | AO121: 0 | AP121: 0 | AQ121: 0 | AR121: 0 | AS121: 0 | AT121: 0 | AU121: 0 | AV121: 0 | AW121: 0 | AX121: 0 | AY121: 0 | AZ121: 0 | BA121: 0 | BB121: 0 | BC121: 0 | BD121: 0 | BE121: 0 | BF121: 0 | BG121: 0 | BH121: 0 | BI121: 0 | BJ121: 0 | BK121: 0 | BL121: 0 | BM121: 0 | BN121: 0 | BO121: 0 | BP121: 0 | BQ121: 0 | BR121: 0 | BS121: 0 | BT121: 0 | BU121: 0 | BV121: 0 | BW121: 0 | BX121: 0 | BY121: 0 | BZ121: 0 | CA121: 0 | CB121: 0 | CC121: 0 | CD121: 0 | CE121: 510 | CF121: 0 | CG121: 0 | CH121: 0 | CI121: 510 | CK121: 0 | CL121: 7.28 | CM121: 287.02 | CN121: 0 | CO121: 294.3 | CQ121: 0 | CR121: 0 | CS121: 0 | CU121: 294.3 | CV121: =CI121-CU121 -> 215.7 | CW121: =IF(CI121=0,"n/a",CU121/(CI121)) -> 0.57705882
A122: %,FACCOUNT,TACCOUNT_ROLLUP,X,NSUPPLIES | C122: Materials and Supplies | D122: 16735.59 | E122: 1202.06 | F122: 0 | G122: 264757.74 | H122: 500 | I122: 283195.39 | K122: 0 | L122: 0 | M122: 0 | O122: 283195.39 | Q122: 0 | R122: 0 | U122: 0 | V122: 0 | W122: 0 | X122: 0 | Y122: 0 | Z122: 0 | AA122: 0 | AB122: 0 | AC122: 0 | AD122: 0 | AE122: 0 | AF122: 0 | AG122: 0 | AH122: 0 | AI122: 0 | AJ122: 0 | AK122: 0 | AL122: 0 | AM122: 0 | AN122: 0 | AO122: 0 | AP122: 0 | AQ122: 0 | AR122: 0 | AS122: 0 | AT122: 0 | AU122: 0 | AV122: 0 | AW122: 0 | AX122: 0 | AY122: 0 | AZ122: 0 | BA122: 0 | BB122: 0 | BC122: 0 | BD122: 0 | BE122: 0 | BF122: 0 | BG122: 0 | BH122: 0 | BI122: 0 | BJ122: 0 | BK122: 0 | BL122: 0 | BM122: 0 | BN122: 0 | BO122: 1530 | BP122: 13770 | BQ122: 18797 | BR122: 3121 | BS122: 9843 | BT122: 1148 | BU122: 20400 | BV122: 95093 | BW122: 48296 | BX122: 25495 | BY122: 25011 | BZ122: 3368 | CA122: 522 | CB122: 19736 | CC122: 3000 | CD122: 510 | CE122: 510 | CF122: 0 | CG122: 0 | CH122: 0 | CI122: 290150 | CK122: 15629.82 | CL122: 660.81 | CM122: 159968.95 | CN122: 123.6 | CO122: 176383.18 | CQ122: 0 | CR122: 0 | CS122: 0 | CU122: 176383.18 | CV122: =CI122-CU122 -> 113766.82 | CW122: =IF(CI122=0,"n/a",CU122/(CI122)) -> 0.60790343
A124: %,V914000 | B124: 914000 | C124: Vehicles - Utility Fleet | D124: 0 | E124: 0 | F124: 0 | G124: 0 | H124: 0 | I124: 0 | K124: 0 | L124: 0 | M124: 0 | O124: 0 | Q124: 0 | R124: 0 | U124: 0 | V124: 0 | W124: 0 | X124: 0 | Y124: 0 | Z124: 0 | AA124: 0 | AB124: 0 | AC124: 0 | AD124: 0 | AE124: 0 | AF124: 0 | AG124: 0 | AH124: 0 | AI124: 0 | AJ124: 0 | AK124: 0 | AL124: 0 | AM124: 0 | AN124: 0 | AO124: 0 | AP124: 0 | AQ124: 0 | AR124: 0 | AS124: 0 | AT124: 0 | AU124: 0 | AV124: 0 | AW124: 0 | AX124: 0 | AY124: 0 | AZ124: 0 | BA124: 0 | BB124: 0 | BC124: 0 | BD124: 0 | BE124: 0 | BF124: 0 | BG124: 0 | BH124: 0 | BI124: 0 | BJ124: 0 | BK124: 0 | BL124: 0 | BM124: 0 | BN124: 0 | BO124: 0 | BP124: 0 | BQ124: 0 | BR124: 0 | BS124: 0 | BT124: 0 | BU124: 0 | BV124: 0 | BW124: 0 | BX124: 0 | BY124: 0 | BZ124: 0 | CA124: 0 | CB124: 0 | CC124: 0 | CD124: 0 | CE124: 0 | CF124: 12500 | CG124: 0 | CH124: 0 | CI124: 12500 | CK124: 0 | CL124: 0 | CM124: 12500 | CN124: 0 | CO124: 12500 | CQ124: 0 | CR124: 0 | CS124: 0 | CU124: 12500 | CV124: =CI124-CU124 -> 0 | CW124: =IF(CI124=0,"n/a",CU124/(CI124)) -> 1
...
